Workbook
Name mil: [1]RAW!$A$1

Sheet Home الرئيسية
A2: التجارة الدولية السلعية للمملكة العربية السعودية لشهر أكتوبر 2025م (بيانات أولية)
A3: International trade in goods for Saudi Arabia in October 2025 (preliminary data)
A4: 상품 국제무역 (잠정치)
A5: رقم الجدول | B5: العنوان | C5: Subject | D5: 주제 | E5: Table no.
A6: 1.1 | B6: الصادرات والواردات وحجم التجارة والميزان التجاري، شهري | C6: Exports, imports, trade volume and trade balance, monthly | D6: 무역량과 무역수지, 월간 | E6: 1.1
A7: 1.2 | B7: الصادرات السلعية، شهري | C7: Goods exports, monthly | D7: 상품 수출, 월간 | E7: 1.2
A8: 2 | B8: الصادرات والواردات حسب الأقسام | C8: Exports by section | D8: 부문별 수출 | E8: 2
A9: 3 | B9: الصادرات والواردات حسب مجموعات الدول | C9: Exports by group of countries | D9: 세부지역별 수출 | E9: 3
A10: 4 | B10: الصادرات والواردات حسب الدول | C10: Exports by country | D10: 국가별 수출 | E10: 4
A11: 5 | B11: الصادرات غير البترولية والواردات حسب وسيلة النقل والمنافذ الجمركية | C11: Non-oil exports by mode of transport and customs port | D11: 운송수단별 및 세관항구별 비유류 수출 | E11: 5
A12: 6.1 | B12: الصادرات غير البترولية حسب الدول والأقسام الرئيسة في أكتوبر 2025م | C12: Non-oil exports by country and main section in October 2025 | D12: 국가별 및 주부문별 비유류 수출 | E12: 6.1
A13: 6.2 | B13: الواردات حسب الدول والأقسام الرئيسة في أكتوبر 2025م | C13: Imports by country and main section in October 2025 | D13: 국가별 및 주부문별 수입 | E13: 6.2
A14: 7 | B14: الواردات حسب استخدام المواد وحسب طبيعة المواد | C14: Imports utilization of items and by nature of items | D14: 품목활용별 및 품목성격별 수입 | E14: 7
A15: 8 | B15: نسبة الصادرات غير البترولية للواردات، شهري | C15: Ratio of non-oil exports to imports, monthly | D15: 수입 대비 비유류 수출 비율, 월간 | E15: 8
A16: 9 | B16: التبادل التجاري غير البترولي مع دول مجلس التعاون الخليجي | C16: Non-oil trade with the GCC countries | D16: GCC 국가들과의 비유류 무역 | E16: 9
A17: 10 | B17: كميات الصادرات والواردات بألف طن | C17: Export and import quantities in thousand tons | D17: 수출입 물량, 천톤 | E17: 10
... A24: 15.2 | B24: السلاسل الزمنية للأرقام القياسية لمتوسط كمية الواردات حسب الأقسام الرئيسية | C24: Time series of import average quantity indices by main sections | D24: 주요 부문별 수입 평균 수량 지수 시계열 | E24: 15.1
B25: تقرير المنهجية والجودة لإحصاءات التجارة الدولية | C25: Methodology and quality report of international | D25: 국제 방법론 및 품질 보고서

Sheet 1.1
A2: حجم التجارة والميزان التجاري، شهري، القيمة بالمليون ريال
A3: Trade volume and trade balance, monthly, value in SAR million
A4: 무역량과 무역수지, 월간
A5: 단위: 백만 사우디리얄
A6: السنة | B6: الشهر | C6: Month | D6: الصادرات السلعية Goods exports (A) | E6: التغير على أساس: Change based on: | G6: الواردات السلعية Goods imports (B) | H6: التغير على أساس: Change based on: | J6: حجم التجارة Trade volume (C) = (A + B) | K6: التغير على أساس: Change based on: | M6: الميزان التجاري Trade balance (D) = (A - B) | N6: التغير على أساس: Change based on:
A7: Year | E7: شهري Monthly | F7: سنوي Yearly | H7: شهري Monthly | I7: سنوي Yearly | K7: شهري Monthly | L7: سنوي Yearly | N7: شهري Monthly | O7: سنوي Yearly
D8: 상품 수출 | E8: 전월대비 백분율 변화 | F8: 전년동월대비 백분율 변화 | G8: 상품 수입 | H8: 전월대비 백분율 변화 | I8: 전년동월대비 백분율 변화 | J8: 무역량 | K8: 전월대비 백분율 변화 | L8: 전년동월대비 백분율 변화 | M8: 무역수지 | N8: 전월대비 백분율 변화 | O8: 전년동월대비 백분율 변화
A9: 2017 | B9: يناير | C9: January | D9: 69719.941 | E9: 2.4692511 | F9: 65.101178 | G9: 45353.096 | H9: 12.213847 | I9: -8.2147671 | J9: 115073.04 | K9: 6.1006052 | L9: 25.569645 | M9: 24366.845 | N9: -11.788477 | O9: 439.20212
B10: فبراير | C10: February | D10: 66377.752 | E10: -4.7937353 | F10: 49.65635 | G10: 38864.131 | H10: -14.307656 | I10: -14.248407 | J10: 105241.88 | K10: -8.5434039 | L10: 17.35895 | M10: 27513.621 | N10: 12.914168 | O10: 2941.4025
B11: مارس | C11: March | D11: 71276.077 | E11: 7.3794678 | F11: 32.968891 | G11: 41503.249 | H11: 6.7906266 | I11: -14.189413 | J11: 112779.33 | K11: 7.1620182 | L11: 10.600832 | M11: 29772.828 | N11: 8.2112304 | O11: 468.45971
B12: أبريل | C12: April | D12: 67148.298 | E12: -5.7912534 | F12: 27.547314 | G12: 44124.793 | H12: 6.3164795 | I12: -0.2485862 | J12: 111273.09 | K12: -1.3355586 | L12: 14.855966 | M12: 23023.505 | N12: -22.669403 | O12: 173.72956
B13: مايو | C13: May | D13: 63727.453 | E13: -5.0944632 | F13: 0.84308467 | G13: 47263.031 | H13: 7.1121871 | I13: -3.9615325 | J13: 110990.48 | K13: -0.25397652 | L13: -1.2604067 | M13: 16464.422 | N13: -28.488638 | O13: 17.753873
B14: يونيو | C14: June | D14: 58852.532 | E14: -7.6496412 | F14: -2.0764686 | G14: 35322.48 | H14: -25.264039 | I14: -23.509657 | J14: 94175.012 | K14: -15.150373 | L14: -11.389302 | M14: 23530.051 | N14: 42.914527 | O14: 69.019594
B15: يوليو | C15: July | D15: 64155.732 | E15: 9.0109979 | F15: 11.461633 | G15: 44894.211 | H15: 27.098128 | I15: 20.532609 | J15: 109049.94 | K15: 15.794988 | L15: 15.02539 | M15: 19261.52 | N15: -18.140762 | O15: -5.1719569
B16: أغسطس | C16: August | D16: 68118.803 | E16: 6.1772679 | F16: 12.714838 | G16: 43538.375 | H16: -3.0200693 | I16: -3.4581189 | J16: 111657.18 | K16: 2.3908634 | L16: 5.8035429 | M16: 24580.428 | N16: 27.614163 | O16: 60.271717
B17: سبتمبر | C17: September | D17: 64013.944 | E17: -6.0260295 | F17: 11.404192 | G17: 35420.926 | H17: -18.644355 | I17: 1.3498772 | J17: 99434.87 | K17: -10.946281 | L17: 7.6016891 | M17: 28593.018 | N17: 16.324329 | O17: 27.013311
B18: أكتوبر | C18: October | D18: 76862.456 | E18: 20.071427 | F18: 14.152238 | G18: 44668.278 | H18: 26.107029 | I18: 4.1759355 | J18: 121530.73 | K18: 22.221444 | L18: 10.270946 | M18: 32194.179 | N18: 12.594545 | O18: 31.643609
B19: نوفمبر | C19: November | D19: 80685.506 | E19: 4.9738844 | F19: 31.26197 | G19: 40691.838 | H19: -8.9021553 | I19: -3.8507487 | J19: 121377.34 | K19: -0.12621479 | L19: 16.944449 | M19: 39993.668 | N19: 24.226396 | O19: 108.87115
B20: ديسمبر | C20: December | D20: 80942.794 | E20: 0.31887725 | F20: 18.963776 | G20: 42802.209 | H20: 5.1862261 | I20: 5.902374 | J20: 123745 | K20: 1.9506593 | L20: 14.096404 | M20: 38140.585 | N20: -4.633441 | O20: 38.074462
A21: 2018 | B21: يناير | C21: January | D21: 84238.517 | E21: 4.0716697 | F21: 20.824137 | G21: 42205.096 | H21: -1.3950515 | I21: -6.9410912 | J21: 126443.61 | K21: 2.1807833 | L21: 9.8811818 | M21: 42033.421 | N21: 10.206545 | O21: 72.502514
B22: فبراير | C22: February | D22: 77549.697 | E22: -7.9403348 | F22: 16.830858 | G22: 42044.502 | H22: -0.38050789 | I22: 8.1833078 | J22: 119594.2 | K22: -5.4169711 | L22: 13.637457 | M22: 35505.194 | N22: -15.531038 | O22: 29.045881
B23: مارس | C23: March | D23: 82446.778 | E23: 6.3147656 | F23: 15.672442 | G23: 41806.037 | H23: -0.56717263 | I23: 0.72955377 | J23: 124252.82 | K23: 3.8953534 | L23: 10.173399 | M23: 40640.741 | N23: 14.464212 | O23: 36.502791
B24: أبريل | C24: April | D24: 89650.312 | E24: 8.7371929 | F24: 33.510922 | G24: 47224.032 | H24: 12.959839 | I24: 7.0238051 | J24: 136874.34 | K24: 10.157942 | L24: 23.007587 | M24: 42426.28 | N24: 4.3934705 | O24: 84.273764
B25: مايو | C25: May | D25: 96399.469 | E25: 7.5283137 | F25: 51.268354 | G25: 48527.66 | H25: 2.760517 | I25: 2.6757257 | J25: 144927.13 | K25: 5.8833408 | L25: 30.576176 | M25: 47871.809 | N25: 12.835274 | O25: 190.75912
B26: يونيو | C26: June | D26: 95044.246 | E26: -1.4058411 | F26: 61.495595 | G26: 37268.086 | H26: -23.202383 | I26: 5.508124 | J26: 132312.33 | K26: -8.7042342 | L26: 40.49622 | M26: 57776.159 | N26: 20.689317 | O26: 145.54201
B27: يوليو | C27: July | D27: 98596.849 | E27: 3.7378417 | F27: 53.683617 | G27: 48363.986 | H27: 29.773193 | I27: 7.7287792 | J27: 146960.84 | K27: 11.071155 | L27: 34.764706 | M27: 50232.863 | N27: -13.05607 | O27: 160.79386
B28: أغسطس | C28: August | D28: 92557.858 | E28: -6.1249334 | F28: 35.877105 | G28: 37265.705 | H28: -22.947408 | I28: -14.407222 | J28: 129823.56 | K28: -11.661115 | L28: 16.269786 | M28: 55292.153 | N28: 10.071673 | O28: 124.94382
B29: سبتمبر | C29: September | D29: 97276.933 | E29: 5.0985133 | F29: 51.962098 | G29: 42391.673 | H29: 13.75519 | I29: 19.679743 | J29: 139668.61 | K29: 7.5834024 | L29: 40.462401 | M29: 54885.259 | N29: -0.73589786 | O29: 91.95336
B30: أكتوبر | C30: October | D30: 105900.01 | E30: 8.8644616 | F30: 37.778591 | G30: 46086.49 | H30: 8.7159007 | I30: 3.174987 | J30: 151986.5 | K30: 8.819371 | L30: 25.060134 | M30: 59813.519 | N30: 8.9792055 | O30: 85.789859
B31: نوفمبر | C31: November | D31: 93856.725 | E31: -11.372317 | F31: 16.324145 | G31: 38908.824 | H31: -15.574337 | I31: -4.381748 | J31: 132765.55 | K31: -12.646485 | L31: 9.3824799 | M31: 54947.9 | N31: -8.1346477 | O31: 37.3915
B32: ديسمبر | C32: December | D32: 90383.093 | E32: -3.7009939 | F32: 11.662927 | G32: 41900.598 | H32: 7.6891899 | I32: -2.1064593 | J32: 132283.69 | K32: -0.36293923 | L32: 6.9002287 | M32: 48482.495 | N32: -11.766428 | O32: 27.115238
A33: 2019 | B33: يناير | C33: January | D33: 82804.226 | E33: -8.3852707 | F33: -1.7026545 | G33: 46104.348 | H33: 10.032673 | I33: 9.2388171 | J33: 128908.57 | K33: -2.5514235 | L33: 1.9494545 | M33: 36699.878 | N33: -24.302827 | O33: -12.688814
B34: فبراير | C34: February | D34: 78259.627 | E34: -5.4883663 | F34: 0.91545187 | G34: 41087.701 | H34: -10.881071 | I34: -2.2756874 | J34: 119347.33 | K34: -7.4170753 | L34: -0.20642415 | M34: 37171.926 | N34: 1.2862374 | O34: 4.6943317
B35: مارس | C35: March | D35: 88023.424 | E35: 12.476161 | F35: 6.7639337 | G35: 44999.794 | H35: 9.5213232 | I35: 7.6394618 | J35: 133023.22 | K35: 11.458899 | L35: 7.0585134 | M35: 43023.63 | N35: 15.742268 | O35: 5.8633014
B36: أبريل | C36: April | D36: 88736.283 | E36: 0.80985167 | F36: -1.0195497 | G36: 54200.396 | H36: 20.445877 | I36: 14.77291 | J36: 142936.68 | K36: 7.4524298 | L36: 4.4291239 | M36: 34535.887 | N36: -19.728097 | O36: -18.597891
B37: مايو | C37: May | D37: 86707.674 | E37: -2.28611 | F37: -10.053785 | G37: 54376.124 | H37: 0.32421907 | I37: 12.051816 | J37: 141083.8 | K37: -1.296295 | L37: -2.6519058 | M37: 32331.55 | N37: -6.3827436 | O37: -32.462236
B38: يونيو | C38: June | D38: 77173.053 | E38: -10.996282 | F38: -18.803024 | G38: 43242.092 | H38: -20.475958 | I38: 16.029815 | J38: 120415.14 | K38: -14.649913 | L38: -8.9917448 | M38: 33930.961 | N38: 4.9469078 | O38: -41.271691
B39: يوليو | C39: July | D39: 81901.041 | E39: 6.1264756 | F39: -16.933409 | G39: 54181.396 | H39: 25.297816 | I39: 12.028393 | J39: 136082.44 | K39: 13.011065 | L39: -7.4022425 | M39: 27719.645 | N39: -18.305748 | O39: -44.817709
B40: أغسطس | C40: August | D40: 76642.848 | E40: -6.4201785 | F40: -17.194661 | G40: 47158.918 | H40: -12.961052 | I40: 26.547767 | J40: 123801.77 | K40: -9.0244355 | L40: -4.6384468 | M40: 29483.931 | N40: 6.3647487 | O40: -46.676103
B41: سبتمبر | C41: September | D41: 77329.836 | E41: 0.8963488 | F41: -20.505475 | G41: 44111.172 | H41: -6.4627133 | I41: 4.0562177 | J41: 121441.01 | K41: -1.9068859 | L41: -13.050605 | M41: 33218.664 | N41: 12.667011 | O41: -39.476165
B42: أكتوبر | C42: October | D42: 76761.817 | E42: -0.73453986 | F42: -27.514815 | G42: 49799.586 | H42: 12.895632 | I42: 8.0568008 | J42: 126561.4 | K42: 4.2163647 | L42: -16.728522 | M42: 26962.231 | N42: -18.834089 | O42: -54.922848
B43: نوفمبر | C43: November | D43: 80833.792 | E43: 5.3046874 | F43: -13.875333 | G43: 44078.893 | H43: -11.487432 | I43: 13.287649 | J43: 124912.68 | K43: -1.302703 | L43: -5.9148362 | M43: 36754.899 | N43: 36.319948 | O43: -33.109548
B44: ديسمبر | C44: December | D44: 85838.742 | E44: 6.1916564 | F44: -5.027877 | G44: 51021.036 | H44: 15.749359 | I44: 21.766844 | J44: 136859.78 | K44: 9.564356 | L44: 3.4592981 | M44: 34817.707 | N44: -5.2705695 | O44: -28.184995
A45: 2020 | B45: يناير | C45: January | D45: 82274.713 | E45: -4.1520057 | F45: -0.6394761 | G45: 46017.675 | H45: -9.8064661 | I45: -0.187992 | J45: 128292.39 | K45: -6.2599766 | L45: -0.47800212 | M45: 36257.038 | N45: 4.1339054 | O45: -1.2066545
B46: فبراير | C46: February | D46: 63846.116 | E46: -22.398859 | F46: -18.417556 | G46: 43044.387 | H46: -6.4611879 | I46: 4.7622179 | J46: 106890.5 | K46: -16.682116 | L46: -10.437456 | M46: 20801.729 | N46: -42.627058 | O46: -44.03914
B47: مارس | C47: March | D47: 45552.345 | E47: -28.652911 | F47: -48.249746 | G47: 43318.699 | H47: 0.63727844 | I47: -3.7357824 | J47: 88871.044 | K47: -16.857867 | L47: -33.191328 | M47: 2233.6459 | N47: -89.262211 | O47: -94.808328
B48: أبريل | C48: April | D48: 38138.518 | E48: -16.275401 | F48: -57.020379 | G48: 41789.809 | H48: -3.5293999 | I48: -22.897595 | J48: 79928.327 | K48: -10.062577 | L48: -44.081304 | M48: -3651.2907 | N48: -263.46775 | O48: -110.57245
B49: مايو | C49: May | D49: 37335.255 | E49: -2.1061728 | F49: -56.941233 | G49: 36915.969 | H49: -11.662749 | I49: -32.109967 | J49: 74251.224 | K49: -7.102743 | L49: -47.370836 | M49: 419.28669 | N49: 111.48325 | O49: -98.703165
B50: يونيو | C50: June | D50: 44182.149 | E50: 18.338951 | F50: -42.749253 | G50: 46143.006 | H50: 24.994704 | I50: 6.7085419 | J50: 90325.155 | K50: 21.648035 | L50: -24.988543 | M50: -1960.8562 | N50: -567.66478 | O50: -105.77896
B51: يوليو | C51: July | D51: 51084.553 | E51: 15.622607 | F51: -37.626492 | G51: 40298.209 | H51: -12.666701 | I51: -25.623532 | J51: 91382.762 | K51: 1.1708886 | L51: -32.847498 | M51: 10786.344 | N51: 650.08338 | O51: -61.087727
B52: أغسطس | C52: August | D52: 56119.72 | E52: 9.8565359 | F52: -26.777617 | G52: 40739.298 | H52: 1.0945627 | I52: -13.612737 | J52: 96859.018 | K52: 5.9926581 | L52: -21.762814 | M52: 15380.422 | N52: 42.591615 | O52: -47.834561
B53: سبتمبر | C53: September | D53: 53374.907 | E53: -4.8909959 | F53: -30.977602 | G53: 41995.056 | H53: 3.0824231 | I53: -4.7972342 | J53: 95369.963 | K53: -1.5373433 | L53: -21.468074 | M53: 11379.851 | N53: -26.010799 | O53: -65.742598
B54: أكتوبر | C54: October | D54: 55901.984 | E54: 4.7345782 | F54: -27.174752 | G54: 43035.318 | H54: 2.477107 | I54: -13.58298 | J54: 98937.302 | K54: 3.740527 | L54: -21.82664 | M54: 12866.666 | N54: 13.065322 | O54: -52.278928
B55: نوفمبر | C55: November | D55: 58806.316 | E55: 5.1954015 | F55: -27.250331 | G55: 48714.608 | H55: 13.196812 | I55: 10.516861 | J55: 107520.92 | K55: 8.6758204 | L55: -13.923133 | M55: 10091.708 | N55: -21.56703 | O55: -72.543231
B56: ديسمبر | C56: December | D56: 65335.386 | E56: 11.102667 | F56: -23.885901 | G56: 45478.561 | H56: -6.6428692 | I56: -10.863117 | J56: 110813.95 | K56: 3.0626798 | L56: -19.031035 | M56: 19856.825 | N56: 96.763771 | O56: -42.969176
A57: 2021 | B57: يناير | C57: January | D57: 69862.597 | E57: 6.9291868 | F57: -15.086186 | G57: 48050.632 | H57: 5.6555681 | I57: 4.4177731 | J57: 117913.23 | K57: 6.4064878 | L57: -8.0902382 | M57: 21811.965 | N57: 9.8461862 | O57: -39.840742
B58: فبراير | C58: February | D58: 64584.613 | E58: -7.5548065 | F58: 1.1566821 | G58: 41041.416 | H58: -14.587146 | I58: -4.6532688 | J58: 105626.03 | K58: -10.420544 | L58: -1.1829624 | M58: 23543.197 | N58: 7.9370748 | O58: 13.179037
B59: مارس | C59: March | D59: 73584.383 | E59: 13.934853 | F59: 61.538079 | G59: 50300.032 | H59: 22.559202 | I59: 16.11621 | J59: 123884.41 | K59: 17.285878 | L59: 39.397951 | M59: 23284.352 | N59: -1.0994477 | O59: 942.43704
B60: أبريل | C60: April | D60: 69252.138 | E60: -5.8874516 | F60: 81.580569 | G60: 49702.66 | H60: -1.1876165 | I60: 18.934882 | J60: 118954.8 | K60: -3.9792063 | L60: 48.826833 | M60: 19549.478 | N60: -16.040272 | O60: 635.41281
B61: مايو | C61: May | D61: 78583.371 | E61: 13.474289 | F61: 110.48034 | G61: 44214.152 | H61: -11.042686 | I61: 19.769718 | J61: 122797.52 | K61: 3.2304073 | L61: 65.381144 | M61: 34369.22 | N61: 75.806327 | O61: 8097.0692
B62: يونيو | C62: June | D62: 84343.024 | E62: 7.3293527 | F62: 90.898417 | G62: 46506.782 | H62: 5.1852874 | I62: 0.78836822 | J62: 130849.81 | K62: 6.5573662 | L62: 44.8653 | M62: 37836.242 | N62: 10.087577 | O62: 2029.5776
B63: يوليو | C63: July | D63: 88674.265 | E63: 5.1352687 | F63: 73.583324 | G63: 46599.588 | H63: 0.19955283 | I63: 15.636871 | J63: 135273.85 | K63: 3.3810111 | L63: 48.029946 | M63: 42074.677 | N63: 11.202052 | O63: 290.07357
B64: أغسطس | C64: August | D64: 89714.184 | E64: 1.1727407 | F64: 59.862137 | G64: 50829.81 | H64: 9.0778096 | I64: 24.768497 | J64: 140543.99 | K64: 3.8959052 | L64: 45.101609 | M64: 38884.374 | N64: -7.582477 | O64: 152.81734
B65: سبتمبر | C65: September | D65: 95204.871 | E65: 6.1201996 | F65: 78.370093 | G65: 47326.976 | H65: -6.8912985 | I65: 12.696543 | J65: 142531.85 | K65: 1.4143993 | L65: 49.451508 | M65: 47877.895 | N65: 23.128882 | O65: 320.72514
B66: أكتوبر | C66: October | D66: 106009.42 | E66: 11.348731 | F66: 89.634443 | G66: 45851.977 | H66: -3.1166132 | I66: 6.5449939 | J66: 151861.39 | K66: 6.5455868 | L66: 53.492555 | M66: 60157.439 | N66: 25.647626 | O66: 367.5449
B67: نوفمبر | C67: November | D67: 108814.38 | E67: 2.6459551 | F67: 85.038588 | G67: 49558.592 | H67: 8.0838723 | I67: 1.7325072 | J67: 158372.97 | K67: 4.2878421 | L67: 47.295022 | M67: 59255.785 | N67: -1.4988233 | O67: 487.17301
B68: ديسمبر | C68: December | D68: 107044.36 | E68: -1.6266379 | F68: 63.838264 | G68: 53202.531 | H68: 7.3527892 | I68: 16.983762 | J68: 160246.89 | K68: 1.183234 | L68: 44.608958 | M68: 53841.83 | N68: -9.1365844 | O68: 171.15025
A69: 2022 | B69: يناير | C69: January | D69: 109228.96 | E69: 2.0408349 | F69: 56.348268 | G69: 52350.524 | H69: -1.6014408 | I69: 8.9486704 | J69: 161579.48 | K69: 0.8315866 | L69: 37.032534 | M69: 56878.436 | N69: 5.6398635 | O69: 160.76713
B70: فبراير | C70: February | D70: 115872.42 | E70: 6.0821421 | F70: 79.411807 | G70: 49266.231 | H70: -5.8916185 | I70: 20.040282 | J70: 165138.65 | K70: 2.2027347 | L70: 56.342764 | M70: 66606.19 | N70: 17.10271 | O70: 182.91056
B71: مارس | C71: March | D71: 142002.4 | E71: 22.550642 | F71: 92.978984 | G71: 56287.947 | H71: 14.252594 | I71: 11.904396 | J71: 198290.34 | K71: 20.075064 | L71: 60.060765 | M71: 85714.449 | N71: 28.688413 | O71: 268.1204
B72: أبريل | C72: April | D72: 137701.71 | E72: -3.0286038 | F72: 98.841087 | G72: 57324.396 | H72: 1.8413348 | I72: 15.334665 | J72: 195026.1 | K72: -1.6461923 | L72: 63.949756 | M72: 80377.309 | N72: -6.226651 | O72: 311.1481
B73: مايو | C73: May | D73: 143003.62 | E73: 3.8502862 | F73: 81.97694 | G73: 55958.987 | H73: -2.3818992 | I73: 26.563521 | J73: 198962.6 | K73: 2.018448 | L73: 62.024931 | M73: 87044.628 | N73: 8.2950266 | O73: 153.26332
B74: يونيو | C74: June | D74: 147098.1 | E74: 2.8632052 | F74: 74.404586 | G74: 62070.883 | H74: 10.922099 | I74: 33.466302 | J74: 209168.98 | K74: 5.1297996 | L74: 59.854256 | M74: 85027.219 | N74: -2.3176719 | O74: 124.72427
B75: يوليو | C75: July | D75: 140148.34 | E75: -4.7245774 | F75: 58.048492 | G75: 57555.576 | H75: -7.2744356 | I75: 23.510913 | J75: 197703.91 | K75: -5.4812476 | L75: 46.150872 | M75: 82592.762 | N75: -2.8631505 | O75: 96.300407
B76: أغسطس | C76: August | D76: 133603.68 | E76: -4.6698045 | F76: 48.921474 | G76: 63796.635 | H76: 10.843535 | I76: 25.510277 | J76: 197400.32 | K76: -0.15356017 | L76: 40.454469 | M76: 69807.05 | N76: -15.480427 | O76: 79.524683
B77: سبتمبر | C77: September | D77: 125303.93 | E77: -6.2122194 | F77: 31.615042 | G77: 61458.586 | H77: -3.6648478 | I77: 29.859524 | J77: 186762.52 | K77: -5.3889495 | L77: 31.032131 | M77: 63845.345 | N77: -8.5402613 | O77: 33.350359
B78: أكتوبر | C78: October | D78: 126247 | E78: 0.75262551 | F78: 19.090365 | G78: 66275.154 | H78: 7.8370956 | I78: 44.54154 | J78: 192522.15 | K78: 3.0839365 | L78: 26.774917 | M78: 59971.846 | N78: -6.0670026 | O78: -0.30851079
B79: نوفمبر | C79: November | D79: 112597.79 | E79: -10.81151 | F79: 3.4769445 | G79: 64754.098 | H79: -2.295062 | I79: 30.661697 | J79: 177351.89 | K79: -7.8797495 | L79: 11.983687 | M79: 47843.695 | N79: -20.223075 | O79: -19.259031
B80: ديسمبر | C80: December | D80: 109132.92 | E80: -3.0772143 | F80: 1.9511127 | G80: 64938.981 | H80: 0.28551549 | I80: 22.059946 | J80: 174071.9 | K80: -1.8494262 | L80: 8.6273161 | M80: 44193.936 | N80: -7.6285043 | O80: -17.918956
A81: 2023 | B81: يناير | C81: January | D81: 105467.52 | E81: -3.358651 | F81: -3.4436256 | G81: 66071.6 | H81: 1.7441287 | I81: 26.210007 | J81: 171539.12 | K81: -1.4550162 | L81: 6.163926 | M81: 39395.923 | N81: -10.856723 | O81: -30.736627
B82: فبراير | C82: February | D82: 96972.197 | E82: -8.0549216 | F82: -16.311235 | G82: 56195.934 | H82: -14.946916 | I82: 14.065828 | J82: 153168.13 | K82: -10.709506 | L82: -7.2487695 | M82: 40776.263 | N82: 3.5037634 | O82: -38.780069
B83: مارس | C83: March | D83: 107020.05 | E83: 10.361578 | F83: -24.635041 | G83: 66686.295 | H83: 18.667473 | I83: 18.47349 | J83: 173706.34 | K83: 13.408932 | L83: -12.397981 | M83: 40333.753 | N83: -1.0852161 | O83: -52.944045
B84: أبريل | C84: April | D84: 102742.25 | E84: -3.9971939 | F84: -25.387817 | G84: 61116.955 | H84: -8.3515508 | I84: 6.6159596 | J84: 163859.2 | K84: -5.6688423 | L84: -15.980885 | M84: 41625.294 | N84: 3.2021345 | O84: -48.212631
B85: مايو | C85: May | D85: 99038.574 | E85: -3.6048217 | F85: -30.744007 | G85: 68437.407 | H85: 11.977776 | I85: 22.299225 | J85: 167475.98 | K85: 2.2072469 | L85: -15.825397 | M85: 30601.167 | N85: -26.484202 | O85: -64.844279
B86: يونيو | C86: June | D86: 93273.326 | E86: -5.8212141 | F86: -36.591074 | G86: 60800.478 | H86: -11.158998 | I86: -2.0466998 | J86: 154073.8 | K86: -8.0024469 | L86: -26.340033 | M86: 32472.848 | N86: 6.1163738 | O86: -61.808879
B87: يوليو | C87: July | D87: 92644.128 | E87: -0.67457464 | F87: -33.895664 | G87: 66794.126 | H87: 9.8578954 | I87: 16.051528 | J87: 159438.25 | K87: 3.48174 | L87: -19.355034 | M87: 25850.003 | N87: -20.395026 | O87: -68.701855
B88: أغسطس | C88: August | D88: 102876.8 | E88: 11.045141 | F88: -22.998529 | G88: 67436.825 | H88: 0.96220979 | I88: 5.7059278 | J88: 170313.63 | K88: 6.8210568 | L88: -13.721706 | M88: 35439.977 | N88: 37.098544 | O88: -49.231521
B89: سبتمبر | C89: September | D89: 104094.88 | E89: 1.1840114 | F89: -16.92609 | G89: 60754.794 | H89: -9.9085799 | I89: -1.1451487 | J89: 164849.67 | K89: -3.2081747 | L89: -11.733001 | M89: 43340.082 | N89: 22.291506 | O89: -32.117084
B90: أكتوبر | C90: October | D90: 103945.3 | E90: -0.14369339 | F90: -17.665134 | G90: 74866.784 | H90: 23.227781 | I90: 12.963576 | J90: 178812.08 | K90: 8.4697851 | L90: -7.121296 | M90: 29078.514 | N90: -32.906185 | O90: -51.513058
B91: نوفمبر | C91: November | D91: 95007.923 | E91: -8.5981526 | F91: -15.62186 | G91: 64663.488 | H91: -13.628602 | I91: -0.13992972 | J91: 159671.41 | K91: -10.70435 | L91: -9.9691524 | M91: 30344.435 | N91: 4.3534572 | O91: -36.575896
B92: ديسمبر | C92: December | D92: 96986.186 | E92: 2.0822086 | F92: -11.130218 | G92: 62199.572 | H92: -3.8103667 | I92: -4.2184358 | J92: 159185.76 | K92: -0.3041577 | L92: -8.5517197 | M92: 34786.614 | N92: 14.639189 | O92: -21.286455
A93: 2024 | B93: يناير | C93: January | D93: 94925.569 | E93: -2.1246496 | F93: -9.9954507 | G93: 66831.902 | H93: 7.4475268 | I93: 1.1507231 | J93: 161757.47 | K93: 1.6155423 | L93: -5.702287 | M93: 28093.668 | N93: -19.240005 | O93: -28.688896
B94: فبراير | C94: February | D94: 96284.032 | E94: 1.4310819 | F94: -0.70965226 | G94: 66899.471 | H94: 0.10110369 | I94: 19.046817 | J94: 163183.5 | K94: 0.88158656 | L94: 6.538809 | M94: 29384.561 | N94: 4.594961 | O94: -27.937093
B95: مارس | C95: March | D95: 103954.54 | E95: 7.9665381 | F95: -2.8644274 | G95: 73883.478 | H95: 10.439555 | I95: 10.792597 | J95: 177838.01 | K95: 8.9803878 | L95: 2.3785383 | M95: 30071.058 | N95: 2.3362502 | O95: -25.444434
B96: أبريل | C96: April | D96: 101376.4 | E96: -2.4800647 | F96: -1.329397 | G96: 64363.523 | H96: -12.885094 | I96: 5.3120569 | J96: 165739.92 | K96: -6.8028737 | L96: 1.1477628 | M96: 37012.874 | N96: 23.084709 | O96: -11.08081
B97: مايو | C97: May | D97: 105218.17 | E97: 3.7896171 | F97: 6.2395887 | G97: 75099.337 | H97: 16.679968 | I97: 9.7343402 | J97: 180317.51 | K97: 8.7954622 | L97: 7.6676844 | M97: 30118.836 | N97: -18.626053 | O97: -1.5761829
B98: يونيو | C98: June | D98: 88815.643 | E98: -15.589066 | F98: -4.7791616 | G98: 68834.009 | H98: -8.3427208 | I98: 13.212941 | J98: 157649.65 | K98: -12.57108 | L98: 2.320867 | M98: 19981.634 | N98: -33.65735 | O98: -38.466642
B99: يوليو | C99: July | D99: 94993.831 | E99: 6.9561935 | F99: 2.5362678 | G99: 77487.681 | H99: 12.571797 | I99: 16.009725 | J99: 172481.51 | K99: 9.4081147 | L99: 8.1807587 | M99: 17506.15 | N99: -12.388797 | O99: -32.277956
B100: أغسطس | C100: August | D100: 93003.985 | E100: -2.0947109 | F100: -9.5967379 | G100: 69725.233 | H100: -10.017654 | I100: 3.3934102 | J100: 162729.22 | K100: -5.6541098 | L100: -4.4532015 | M100: 23278.752 | N100: 32.974708 | O100: -34.314992
B101: سبتمبر | C101: September | D101: 88959.809 | E101: -4.3483902 | F101: -14.539684 | G101: 73325.747 | H101: 5.1638598 | I101: 20.691294 | J101: 162285.56 | K101: -0.27263873 | L101: -1.5554252 | M101: 15634.062 | N101: -32.839774 | O101: -63.927012
...

Sheet 1.2
A2: الصادرات السلعية، شهري، القيمة بالمليون ريال
A3: Goods exports, monthly, value in SAR million
A4: 상품 수출, 월간
A5: 단위: 백만 사우디리얄
A6: السنة Year | B6: الشهر | C6: Month | D6: الصادرات الوطنية National exports | L6: إعادة تصدير Re-exports | P6: إجمالي الصادرات Total exports
D7: الصادرات غير بترولية Non-oil exports | F7: التغير على أساس: Change based on: | H7: الصادرات البترولية Oil exports | J7: التغير على أساس: Change based on: | N7: التغير على أساس: Change based on: | Q7: التغير على أساس: Change based on:
D8: القيمة Value | E8: إجمالي (%) (%) total | F8: شهري Monthly | G8: سنوي Yearly | H8: القيمة Value | I8: إجمالي (%) (%) total | J8: شهري Monthly | K8: سنوي Yearly | L8: القيمة Value | M8: إجمالي (%) (%) total | N8: شهري Monthly | O8: سنوي Yearly | P8: القيمة Value | Q8: شهري Monthly | R8: سنوي Yearly
D9: 국내생산품 수출 | L9: 재수출 | P9: 수출
D10: 비유류 수출 | H10: 유류 수출
D11: 금액 | E11: 전체수출에서의 비율 | F11: 전월대비 백분율 변화 | G11: 전년동월대비 백분율 변화 | H11: 금액 | I11: 전체수출에서의 비율 | J11: 전월대비 백분율 변화 | K11: 전년동월대비 백분율 변화 | L11: 금액 | M11: 전체수출에서의 비율 | N11: 전월대비 백분율 변화 | O11: 전년동월대비 백분율 변화 | P11: 금액 | Q11: 전월대비 백분율 변화 | R11: 전년동월대비 백분율 변화
A12: 2017 | B12: يناير | C12: January | D12: 12610.247 | E12: 18.087002 | F12: -5.2119142 | G12: 20.666916 | H12: 54917.527 | I12: 78.768752 | J12: 5.3152486 | K12: 87.876096 | L12: 2192.1663 | M12: 3.1442457 | N12: -15.373419 | O12: -13.946299 | P12: 69719.941 | Q12: 2.4692511 | R12: 65.101178
B13: فبراير | C13: February | D13: 11374.134 | E13: 17.135462 | F13: =(D13/D12-1)*100 -> -9.8024499 | G13: 0.60735686 | H13: 53000.595 | I13: 79.846927 | J13: =(H13/H12-1)*100 -> -3.4905658 | K13: 74.800056 | L13: 2003.0224 | M13: 3.0176112 | N13: =(L13/L12-1)*100 -> -8.6281698 | O13: -26.55609 | P13: 66377.752 | Q13: =(P13/P12-1)*100 -> -4.7937353 | R13: 49.65635
B14: مارس | C14: March | D14: 14047.815 | E14: 19.709019 | F14: =(D14/D13-1)*100 -> 23.506676 | G14: 7.459634 | H14: 53953.651 | I14: 75.696719 | J14: =(H14/H13-1)*100 -> 1.7981992 | K14: 43.473507 | L14: 3274.6101 | M14: 4.5942625 | N14: =(L14/L13-1)*100 -> 63.483444 | O14: 11.928633 | P14: 71276.077 | Q14: =(P14/P13-1)*100 -> 7.3794678 | R14: 32.968891
B15: أبريل | C15: April | D15: 12749.741 | E15: 18.987438 | F15: =(D15/D14-1)*100 -> -9.2403971 | G15: 7.9231833 | H15: 51688.394 | I15: 76.976476 | J15: =(H15/H14-1)*100 -> -4.198525 | K15: 34.42474 | L15: 2710.1634 | M15: 4.0360864 | N15: =(L15/L14-1)*100 -> -17.237067 | O15: 13.84712 | P15: 67148.298 | Q15: =(P15/P14-1)*100 -> -5.7912534 | R15: 27.547314
B16: مايو | C16: May | D16: 13449.753 | E16: 21.105116 | F16: =(D16/D15-1)*100 -> 5.4903997 | G16: 0.87395773 | H16: 47075.39 | I16: 73.869875 | J16: =(H16/H15-1)*100 -> -8.9246411 | K16: 0.97289926 | L16: 3202.3099 | M16: 5.0250084 | N16: =(L16/L15-1)*100 -> 18.159294 | O16: -1.1521487 | P16: 63727.453 | Q16: =(P16/P15-1)*100 -> -5.0944632 | R16: 0.84308467
B17: يونيو | C17: June | D17: 11246.158 | E17: 19.109047 | F17: =(D17/D16-1)*100 -> -16.383907 | G17: -8.7454149 | H17: 45606.98 | I17: 77.49366 | J17: =(H17/H16-1)*100 -> -3.1192725 | K17: 0.81870452 | L17: 1999.3931 | M17: 3.3972932 | N17: =(L17/L16-1)*100 -> -37.564035 | O17: -21.28175 | P17: 58852.532 | Q17: =(P17/P16-1)*100 -> -7.6496412 | R17: -2.0764686
B18: يوليو | C18: July | D18: 13814.852 | E18: 21.533309 | F18: =(D18/D17-1)*100 -> 22.840637 | G18: 25.176265 | H18: 47983.612 | I18: 74.792401 | J18: =(H18/H17-1)*100 -> 5.2111146 | K18: 6.3447422 | L18: 2357.2674 | M18: 3.6742896 | N18: =(L18/L17-1)*100 -> 17.899146 | O18: 68.20247 | P18: 64155.732 | Q18: =(P18/P17-1)*100 -> 9.0109979 | R18: 11.461633
B19: أغسطس | C19: August | D19: 15243.525 | E19: 22.377853 | F19: =(D19/D18-1)*100 -> 10.341575 | G19: 11.229662 | H19: 50304.498 | I19: 73.848182 | J19: =(H19/H18-1)*100 -> 4.836829 | K19: 13.453142 | L19: 2570.7802 | M19: 3.7739656 | N19: =(L19/L18-1)*100 -> 9.057642 | O19: 7.5353415 | P19: 68118.803 | Q19: =(P19/P18-1)*100 -> 6.1772679 | R19: 12.714838
B20: سبتمبر | C20: September | D20: 11171.896 | E20: 17.452285 | F20: =(D20/D19-1)*100 -> -26.710551 | G20: -2.3715872 | H20: 51118.808 | I20: 79.855739 | J20: =(H20/H19-1)*100 -> 1.6187627 | K20: 16.379923 | L20: 1723.2403 | M20: 2.6919765 | N20: =(L20/L19-1)*100 -> -32.968198 | O20: -17.690962 | P20: 64013.944 | Q20: =(P20/P19-1)*100 -> -6.0260295 | R20: 11.404192
B21: أكتوبر | C21: October | D21: 14806.489 | E21: 19.263617 | F21: =(D21/D20-1)*100 -> 32.533366 | G21: 12.360577 | H21: 58918.344 | I21: 76.654256 | J21: =(H21/H20-1)*100 -> 15.257664 | K21: 14.375599 | L21: 3137.6227 | M21: 4.0821265 | N21: =(L21/L20-1)*100 -> 82.076912 | O21: 18.732557 | P21: 76862.456 | Q21: =(P21/P20-1)*100 -> 20.071427 | R21: 14.152238
B22: نوفمبر | C22: November | D22: 15272.584 | E22: 18.928535 | F22: =(D22/D21-1)*100 -> 3.1479082 | G22: 18.520974 | H22: 61724.833 | I22: 76.500521 | J22: =(H22/H21-1)*100 -> 4.7633527 | K22: 33.54698 | L22: 3688.0892 | M22: 4.5709439 | N22: =(L22/L21-1)*100 -> 17.544062 | O22: 56.041903 | P22: 80685.506 | Q22: =(P22/P21-1)*100 -> 4.9738844 | R22: 31.26197
B23: ديسمبر | C23: December | D23: 15345.074 | E23: 18.957924 | F23: =(D23/D22-1)*100 -> 0.47463784 | G23: 15.345092 | H23: 62109.65 | I23: 76.732773 | J23: =(H23/H22-1)*100 -> 0.6234404 | K23: 19.10757 | L23: 3488.0699 | M23: 4.3093026 | N23: =(L23/L22-1)*100 -> -5.4233851 | O23: 34.653759 | P23: 80942.794 | Q23: =(P23/P22-1)*100 -> 0.31887725 | R23: 18.963776
A24: 2018 | B24: يناير | C24: January | D24: 15836.21 | E24: 18.799251 | F24: =(D24/D23-1)*100 -> 3.2006154 | G24: =(D24/D12-1)*100 -> 25.582075 | H24: 66197.455 | I24: 78.583358 | J24: =(H24/H23-1)*100 -> 6.5815938 | K24: =(H24/H12-1)*100 -> 20.539759 | L24: 2204.8515 | M24: 2.6173911 | N24: =(L24/L23-1)*100 -> -36.788782 | O24: =(L24/L12-1)*100 -> 0.5786603 | P24: 84238.517 | Q24: =(P24/P23-1)*100 -> 4.0716697 | R24: =(P24/P12-1)*100 -> 20.824137
B25: فبراير | C25: February | D25: 16249.775 | E25: 20.954015 | F25: =(D25/D24-1)*100 -> 2.6115116 | G25: =(D25/D13-1)*100 -> 42.866037 | H25: 59262.584 | I25: 76.418846 | J25: =(H25/H24-1)*100 -> -10.47604 | K25: =(H25/H13-1)*100 -> 11.81494 | L25: 2037.3383 | M25: 2.627139 | N25: =(L25/L24-1)*100 -> -7.5974811 | O25: =(L25/L13-1)*100 -> 1.7132035 | P25: 77549.697 | Q25: =(P25/P24-1)*100 -> -7.9403348 | R25: =(P25/P13-1)*100 -> 16.830858
B26: مارس | C26: March | D26: 17335.486 | E26: 21.026275 | F26: =(D26/D25-1)*100 -> 6.6813923 | G26: =(D26/D14-1)*100 -> 23.403432 | H26: 62187.505 | I26: 75.427453 | J26: =(H26/H25-1)*100 -> 4.9355281 | K26: =(H26/H14-1)*100 -> 15.260976 | L26: 2923.7872 | M26: 3.5462723 | N26: =(L26/L25-1)*100 -> 43.510149 | O26: =(L26/L14-1)*100 -> -10.713424 | P26: 82446.778 | Q26: =(P26/P25-1)*100 -> 6.3147656 | R26: =(P26/P14-1)*100 -> 15.672442
B27: أبريل | C27: April | D27: 17262.062 | E27: 19.254882 | F27: =(D27/D26-1)*100 -> -0.42355033 | G27: =(D27/D15-1)*100 -> 35.391466 | H27: 68776.56 | I27: 76.716476 | J27: =(H27/H26-1)*100 -> 10.595465 | K27: =(H27/H15-1)*100 -> 33.059968 | L27: 3611.6905 | M27: 4.0286424 | N27: =(L27/L26-1)*100 -> 23.527817 | O27: =(L27/L15-1)*100 -> 33.26468 | P27: 89650.312 | Q27: =(P27/P26-1)*100 -> 8.7371929 | R27: =(P27/P15-1)*100 -> 33.510922
B28: مايو | C28: May | D28: 18866.744 | E28: 19.571418 | F28: =(D28/D27-1)*100 -> 9.296004 | G28: =(D28/D16-1)*100 -> 40.275762 | H28: 74400.369 | I28: 77.179231 | J28: =(H28/H27-1)*100 -> 8.1769267 | K28: =(H28/H16-1)*100 -> 58.045146 | L28: 3132.3565 | M28: 3.2493503 | N28: =(L28/L27-1)*100 -> -13.271737 | O28: =(L28/L16-1)*100 -> -2.1844678 | P28: 96399.469 | Q28: =(P28/P27-1)*100 -> 7.5283137 | R28: =(P28/P16-1)*100 -> 51.268354
B29: يونيو | C29: June | D29: 15977.674 | E29: 16.810775 | F29: =(D29/D28-1)*100 -> -15.313027 | G29: =(D29/D17-1)*100 -> 42.072288 | H29: 77159.593 | I29: 81.182814 | J29: =(H29/H28-1)*100 -> 3.7086164 | K29: =(H29/H17-1)*100 -> 69.183736 | L29: 1906.9784 | M29: 2.0064112 | N29: =(L29/L28-1)*100 -> -39.120006 | O29: =(L29/L17-1)*100 -> -4.622135 | P29: 95044.246 | Q29: =(P29/P28-1)*100 -> -1.4058411 | R29: =(P29/P17-1)*100 -> 61.495595
B30: يوليو | C30: July | D30: 18489.068 | E30: 18.75219 | F30: =(D30/D29-1)*100 -> 15.718146 | G30: =(D30/D18-1)*100 -> 33.834716 | H30: 77055.971 | I30: 78.15257 | J30: =(H30/H29-1)*100 -> -0.13429558 | K30: =(H30/H18-1)*100 -> 60.5881 | L30: 3051.8098 | M30: 3.0952407 | N30: =(L30/L29-1)*100 -> 60.033787 | O30: =(L30/L18-1)*100 -> 29.46388 | P30: 98596.849 | Q30: =(P30/P29-1)*100 -> 3.7378417 | R30: =(P30/P18-1)*100 -> 53.683617
B31: أغسطس | C31: August | D31: 14684.771 | E31: 15.865505 | F31: =(D31/D30-1)*100 -> -20.575926 | G31: =(D31/D19-1)*100 -> -3.6655188 | H31: 75918.929 | I31: 82.023213 | J31: =(H31/H30-1)*100 -> -1.475606 | K31: =(H31/H19-1)*100 -> 50.91877 | L31: 1954.1579 | M31: 2.1112825 | N31: =(L31/L30-1)*100 -> -35.967245 | O31: =(L31/L19-1)*100 -> -23.985805 | P31: 92557.858 | Q31: =(P31/P30-1)*100 -> -6.1249334 | R31: =(P31/P19-1)*100 -> 35.877105
B32: سبتمبر | C32: September | D32: 16366.665 | E32: 16.824816 | F32: =(D32/D31-1)*100 -> 11.45332 | G32: =(D32/D20-1)*100 -> 46.498547 | H32: 77966.245 | I32: 80.14875 | J32: =(H32/H31-1)*100 -> 2.6967138 | K32: =(H32/H20-1)*100 -> 52.519685 | L32: 2944.0226 | M32: 3.0264344 | N32: =(L32/L31-1)*100 -> 50.654285 | O32: =(L32/L20-1)*100 -> 70.842254 | P32: 97276.933 | Q32: =(P32/P31-1)*100 -> 5.0985133 | R32: =(P32/P20-1)*100 -> 51.962098
B33: أكتوبر | C33: October | D33: 17162.442 | E33: 16.20627 | F33: =(D33/D32-1)*100 -> 4.8621806 | G33: =(D33/D21-1)*100 -> 15.911619 | H33: 85877.322 | I33: 81.092837 | J33: =(H33/H32-1)*100 -> 10.146797 | K33: =(H33/H21-1)*100 -> 45.75651 | L33: 2860.2453 | M33: 2.7008924 | N33: =(L33/L32-1)*100 -> -2.8456746 | O33: =(L33/L21-1)*100 -> -8.8403698 | P33: 105900.01 | Q33: =(P33/P32-1)*100 -> 8.8644616 | R33: =(P33/P21-1)*100 -> 37.778591
B34: نوفمبر | C34: November | D34: 17311.102 | E34: 18.444179 | F34: =(D34/D33-1)*100 -> 0.8661949 | G34: =(D34/D22-1)*100 -> 13.347563 | H34: 73665.271 | I34: 78.486939 | J34: =(H34/H33-1)*100 -> -14.220345 | K34: =(H34/H22-1)*100 -> 19.344626 | L34: 2880.3522 | M34: 3.0688821 | N34: =(L34/L33-1)*100 -> 0.70297856 | O34: =(L34/L22-1)*100 -> -21.901233 | P34: 93856.725 | Q34: =(P34/P33-1)*100 -> -11.372317 | R34: =(P34/P22-1)*100 -> 16.324145
B35: ديسمبر | C35: December | D35: 18227.505 | E35: 20.166941 | F35: =(D35/D34-1)*100 -> 5.2937334 | G35: =(D35/D23-1)*100 -> 18.784086 | H35: 69974.598 | I35: 77.420008 | J35: =(H35/H34-1)*100 -> -5.0100582 | K35: =(H35/H23-1)*100 -> 12.663004 | L35: 2180.9899 | M35: 2.4130507 | N35: =(L35/L34-1)*100 -> -24.280445 | O35: =(L35/L23-1)*100 -> -37.472874 | P35: 90383.093 | Q35: =(P35/P34-1)*100 -> -3.7009939 | R35: =(P35/P23-1)*100 -> 11.662927
A36: 2019 | B36: يناير | C36: January | D36: 16809.362 | E36: 20.300126 | F36: =(D36/D35-1)*100 -> -7.7802385 | G36: =(D36/D24-1)*100 -> 6.1451045 | H36: 63404.695 | I36: 76.57181 | J36: =(H36/H35-1)*100 -> -9.3889827 | K36: =(H36/H24-1)*100 -> -4.2188333 | L36: 2590.1692 | M36: 3.128064 | N36: =(L36/L35-1)*100 -> 18.761174 | O36: =(L36/L24-1)*100 -> 17.475902 | P36: 82804.226 | Q36: =(P36/P35-1)*100 -> -8.3852707 | R36: =(P36/P24-1)*100 -> -1.7026545
B37: فبراير | C37: February | D37: 15012.305 | E37: 19.182694 | F37: =(D37/D36-1)*100 -> -10.690812 | G37: =(D37/D25-1)*100 -> -7.6153065 | H37: 59728.441 | I37: 76.320886 | J37: =(H37/H36-1)*100 -> -5.798079 | K37: =(H37/H25-1)*100 -> 0.78608961 | L37: 3518.8816 | M37: 4.4964201 | N37: =(L37/L36-1)*100 -> 35.855281 | O37: =(L37/L25-1)*100 -> 72.719553 | P37: 78259.627 | Q37: =(P37/P36-1)*100 -> -5.4883663 | R37: =(P37/P25-1)*100 -> 0.91545187
B38: مارس | C38: March | D38: 16799.567 | E38: 19.085337 | F38: =(D38/D37-1)*100 -> 11.905316 | G38: =(D38/D26-1)*100 -> -3.0914565 | H38: 66714.561 | I38: 75.791827 | J38: =(H38/H37-1)*100 -> 11.696472 | K38: =(H38/H26-1)*100 -> 7.2796868 | L38: 4509.296 | M38: 5.1228364 | N38: =(L38/L37-1)*100 -> 28.145716 | O38: =(L38/L26-1)*100 -> 54.227913 | P38: 88023.424 | Q38: =(P38/P37-1)*100 -> 12.476161 | R38: =(P38/P26-1)*100 -> 6.7639337
B39: أبريل | C39: April | D39: 16564.169 | E39: 18.666738 | F39: =(D39/D38-1)*100 -> -1.4012142 | G39: =(D39/D27-1)*100 -> -4.0429263 | H39: 68173.435 | I39: 76.827013 | J39: =(H39/H38-1)*100 -> 2.1867413 | K39: =(H39/H27-1)*100 -> -0.87693373 | L39: 3998.6783 | M39: 4.5062495 | N39: =(L39/L38-1)*100 -> -11.323669 | O39: =(L39/L27-1)*100 -> 10.714865 | P39: 88736.283 | Q39: =(P39/P38-1)*100 -> 0.80985167 | R39: =(P39/P27-1)*100 -> -1.0195497
B40: مايو | C40: May | D40: 15781.071 | E40: 18.200317 | F40: =(D40/D39-1)*100 -> -4.7276621 | G40: =(D40/D28-1)*100 -> -16.355087 | H40: 68142.849 | I40: 78.589179 | J40: =(H40/H39-1)*100 -> -0.044865188 | K40: =(H40/H28-1)*100 -> -8.4106033 | L40: 2783.7533 | M40: 3.210504 | N40: =(L40/L39-1)*100 -> -30.383164 | O40: =(L40/L28-1)*100 -> -11.129102 | P40: 86707.674 | Q40: =(P40/P39-1)*100 -> -2.28611 | R40: =(P40/P28-1)*100 -> -10.053785
B41: يونيو | C41: June | D41: 14626.598 | E41: 18.952985 | F41: =(D41/D40-1)*100 -> -7.3155594 | G41: =(D41/D29-1)*100 -> -8.456027 | H41: 59505.334 | I41: 77.106362 | J41: =(H41/H40-1)*100 -> -12.675601 | K41: =(H41/H29-1)*100 -> -22.880188 | L41: 3041.1219 | M41: 3.9406526 | N41: =(L41/L40-1)*100 -> 9.2453811 | O41: =(L41/L29-1)*100 -> 59.473325 | P41: 77173.053 | Q41: =(P41/P40-1)*100 -> -10.996282 | R41: =(P41/P29-1)*100 -> -18.803024
B42: يوليو | C42: July | D42: 15791.681 | E42: 19.281417 | F42: =(D42/D41-1)*100 -> 7.9655145 | G42: =(D42/D30-1)*100 -> -14.58909 | H42: 62897.881 | I42: 76.797412 | J42: =(H42/H41-1)*100 -> 5.7012483 | K42: =(H42/H30-1)*100 -> -18.373775 | L42: 3211.4796 | M42: 3.9211706 | N42: =(L42/L41-1)*100 -> 5.6018032 | O42: =(L42/L30-1)*100 -> 5.2319705 | P42: 81901.041 | Q42: =(P42/P41-1)*100 -> 6.1264756 | R42: =(P42/P30-1)*100 -> -16.933409
B43: أغسطس | C43: August | D43: 14399.789 | E43: 18.788171 | F43: =(D43/D42-1)*100 -> -8.8140838 | G43: =(D43/D31-1)*100 -> -1.9406624 | H43: 59843.641 | I43: 78.081181 | J43: =(H43/H42-1)*100 -> -4.8558705 | K43: =(H43/H31-1)*100 -> -21.174282 | L43: 2399.4182 | M43: 3.1306485 | N43: =(L43/L42-1)*100 -> -25.286207 | O43: =(L43/L31-1)*100 -> 22.785278 | P43: 76642.848 | Q43: =(P43/P42-1)*100 -> -6.4201785 | R43: =(P43/P31-1)*100 -> -17.194661
B44: سبتمبر | C44: September | D44: 15880.65 | E44: 20.536252 | F44: =(D44/D43-1)*100 -> 10.283905 | G44: =(D44/D32-1)*100 -> -2.9695415 | H44: 57263.224 | I44: 74.050621 | J44: =(H44/H43-1)*100 -> -4.3119321 | K44: =(H44/H32-1)*100 -> -26.553826 | L44: 4185.9619 | M44: 5.4131266 | N44: =(L44/L43-1)*100 -> 74.457371 | O44: =(L44/L32-1)*100 -> 42.185115 | P44: 77329.836 | Q44: =(P44/P43-1)*100 -> 0.8963488 | R44: =(P44/P32-1)*100 -> -20.505475
B45: أكتوبر | C45: October | D45: 15927.072 | E45: 20.748691 | F45: =(D45/D44-1)*100 -> 0.29232049 | G45: =(D45/D33-1)*100 -> -7.1980976 | H45: 57816.936 | I45: 75.319915 | J45: =(H45/H44-1)*100 -> 0.96695932 | K45: =(H45/H33-1)*100 -> -32.674966 | L45: 3017.809 | M45: 3.9313933 | N45: =(L45/L44-1)*100 -> -27.90644 | O45: =(L45/L33-1)*100 -> 5.5087474 | P45: 76761.817 | Q45: =(P45/P44-1)*100 -> -0.73453986 | R45: =(P45/P33-1)*100 -> -27.514815
B46: نوفمبر | C46: November | D46: 14747.666 | E46: 18.244431 | F46: =(D46/D45-1)*100 -> -7.405045 | G46: =(D46/D34-1)*100 -> -14.808049 | H46: 62463.597 | I46: 77.274115 | J46: =(H46/H45-1)*100 -> 8.0368513 | K46: =(H46/H34-1)*100 -> -15.20618 | L46: 3622.5291 | M46: 4.4814539 | N46: =(L46/L45-1)*100 -> 20.038385 | O46: =(L46/L34-1)*100 -> 25.766882 | P46: 80833.792 | Q46: =(P46/P45-1)*100 -> 5.3046874 | R46: =(P46/P34-1)*100 -> -13.875333
B47: ديسمبر | C47: December | D47: 14992.337 | E47: 17.4657 | F47: =(D47/D46-1)*100 -> 1.6590531 | G47: =(D47/D35-1)*100 -> -17.748827 | H47: 65873.536 | I47: 76.741031 | J47: =(H47/H46-1)*100 -> 5.4590822 | K47: =(H47/H35-1)*100 -> -5.8607862 | L47: 4972.8691 | M47: 5.7932688 | N47: =(L47/L46-1)*100 -> 37.276165 | O47: =(L47/L35-1)*100 -> 128.00973 | P47: 85838.742 | Q47: =(P47/P46-1)*100 -> 6.1916564 | R47: =(P47/P35-1)*100 -> -5.027877
A48: 2020 | B48: يناير | C48: January | D48: 13665.336 | E48: 16.6094 | F48: =(D48/D47-1)*100 -> -8.8511952 | G48: =(D48/D36-1)*100 -> -18.704017 | H48: 65303.14 | I48: 79.372066 | J48: =(H48/H47-1)*100 -> -0.86589625 | K48: =(H48/H36-1)*100 -> 2.9941707 | L48: 3306.2371 | M48: 4.0185337 | N48: =(L48/L47-1)*100 -> -33.514496 | O48: =(L48/L36-1)*100 -> 27.645605 | P48: 82274.713 | Q48: =(P48/P47-1)*100 -> -4.1520057 | R48: =(P48/P36-1)*100 -> -0.6394761
B49: فبراير | C49: February | D49: 13245.401 | E49: 20.745822 | F49: =(D49/D48-1)*100 -> -3.0729919 | G49: =(D49/D37-1)*100 -> -11.7697 | H49: 47818.036 | I49: 74.895763 | J49: =(H49/H48-1)*100 -> -26.775289 | K49: =(H49/H37-1)*100 -> -19.940927 | L49: 2782.679 | M49: 4.3584155 | N49: =(L49/L48-1)*100 -> -15.835467 | O49: =(L49/L37-1)*100 -> -20.921494 | P49: 63846.116 | Q49: =(P49/P48-1)*100 -> -22.398859 | R49: =(P49/P37-1)*100 -> -18.417556
B50: مارس | C50: March | D50: 13621.356 | E50: 29.902645 | F50: =(D50/D49-1)*100 -> 2.838377 | G50: =(D50/D38-1)*100 -> -18.918411 | H50: 29892.688 | I50: 65.62272 | J50: =(H50/H49-1)*100 -> -37.486583 | K50: =(H50/H38-1)*100 -> -55.193158 | L50: 2038.3014 | M50: 4.4746354 | N50: =(L50/L49-1)*100 -> -26.750395 | O50: =(L50/L38-1)*100 -> -54.797792 | P50: 45552.345 | Q50: =(P50/P49-1)*100 -> -28.652911 | R50: =(P50/P38-1)*100 -> -48.249746
B51: أبريل | C51: April | D51: 11595.212 | E51: 30.402892 | F51: =(D51/D50-1)*100 -> -14.874756 | G51: =(D51/D39-1)*100 -> -29.998225 | H51: 24727.512 | I51: 64.836059 | J51: =(H51/H50-1)*100 -> -17.27906 | K51: =(H51/H39-1)*100 -> -63.728522 | L51: 1815.7936 | M51: 4.7610491 | N51: =(L51/L50-1)*100 -> -10.916334 | O51: =(L51/L39-1)*100 -> -54.590156 | P51: 38138.518 | Q51: =(P51/P50-1)*100 -> -16.275401 | R51: =(P51/P39-1)*100 -> -57.020379
B52: مايو | C52: May | D52: 10523.687 | E52: 28.186995 | F52: =(D52/D51-1)*100 -> -9.2411062 | G52: =(D52/D40-1)*100 -> -33.314498 | H52: 24389.753 | I52: 65.326331 | J52: =(H52/H51-1)*100 -> -1.3659274 | K52: =(H52/H40-1)*100 -> -64.207906 | L52: 2421.8162 | M52: 6.4866738 | N52: =(L52/L51-1)*100 -> 33.375085 | O52: =(L52/L40-1)*100 -> -13.001766 | P52: 37335.255 | Q52: =(P52/P51-1)*100 -> -2.1061728 | R52: =(P52/P40-1)*100 -> -56.941233
B53: يونيو | C53: June | D53: 13555.395 | E53: 30.680705 | F53: =(D53/D52-1)*100 -> 28.808424 | G53: =(D53/D41-1)*100 -> -7.323664 | H53: 27375.148 | I53: 61.959748 | J53: =(H53/H52-1)*100 -> 12.24037 | K53: =(H53/H41-1)*100 -> -53.995471 | L53: 3251.6062 | M53: 7.3595474 | N53: =(L53/L52-1)*100 -> 34.263127 | O53: =(L53/L41-1)*100 -> 6.9212712 | P53: 44182.149 | Q53: =(P53/P52-1)*100 -> 18.338951 | R53: =(P53/P41-1)*100 -> -42.749253
B54: يوليو | C54: July | D54: 14436.989 | E54: 28.260968 | F54: =(D54/D53-1)*100 -> 6.503641 | G54: =(D54/D42-1)*100 -> -8.5785191 | H54: 33468.448 | I54: 65.51579 | J54: =(H54/H53-1)*100 -> 22.258509 | K54: =(H54/H42-1)*100 -> -46.789227 | L54: 3179.1156 | M54: 6.2232425 | N54: =(L54/L53-1)*100 -> -2.229379 | O54: =(L54/L42-1)*100 -> -1.0077596 | P54: 51084.553 | Q54: =(P54/P53-1)*100 -> 15.622607 | R54: =(P54/P42-1)*100 -> -37.626492
B55: أغسطس | C55: August | D55: 15473.538 | E55: 27.572372 | F55: =(D55/D54-1)*100 -> 7.1798135 | G55: =(D55/D43-1)*100 -> 7.456696 | H55: 38021.459 | I55: 67.75062 | J55: =(H55/H54-1)*100 -> 13.603888 | K55: =(H55/H43-1)*100 -> -36.465332 | L55: 2624.7238 | M55: 4.6770079 | N55: =(L55/L54-1)*100 -> -17.438555 | O55: =(L55/L43-1)*100 -> 9.3900084 | P55: 56119.72 | Q55: =(P55/P54-1)*100 -> 9.8565359 | R55: =(P55/P43-1)*100 -> -26.777617
B56: سبتمبر | C56: September | D56: 15868.172 | E56: 29.729649 | F56: =(D56/D55-1)*100 -> 2.5503843 | G56: =(D56/D44-1)*100 -> -0.078570638 | H56: 35072.323 | I56: 65.709384 | J56: =(H56/H55-1)*100 -> -7.7565036 | K56: =(H56/H44-1)*100 -> -38.752448 | L56: 2434.4117 | M56: 4.5609666 | N56: =(L56/L55-1)*100 -> -7.2507471 | O56: =(L56/L44-1)*100 -> -41.843434 | P56: 53374.907 | Q56: =(P56/P55-1)*100 -> -4.8909959 | R56: =(P56/P44-1)*100 -> -30.977602
B57: أكتوبر | C57: October | D57: 15520.343 | E57: 27.763492 | F57: =(D57/D56-1)*100 -> -2.1919973 | G57: =(D57/D45-1)*100 -> -2.5537011 | H57: 36934.253 | I57: 66.069664 | J57: =(H57/H56-1)*100 -> 5.3088306 | K57: =(H57/H45-1)*100 -> -36.118626 | L57: 3447.3881 | M57: 6.166844 | N57: =(L57/L56-1)*100 -> 41.610729 | O57: =(L57/L45-1)*100 -> 14.234803 | P57: 55901.984 | Q57: =(P57/P56-1)*100 -> 4.7345782 | R57: =(P57/P45-1)*100 -> -27.174752
B58: نوفمبر | C58: November | D58: 15464.047 | E58: 26.296574 | F58: =(D58/D57-1)*100 -> -0.36272353 | G58: =(D58/D46-1)*100 -> 4.8575899 | H58: 38204.066 | I58: 64.965923 | J58: =(H58/H57-1)*100 -> 3.4380358 | K58: =(H58/H46-1)*100 -> -38.837871 | L58: 5138.2037 | M58: 8.7375031 | N58: =(L58/L57-1)*100 -> 49.046279 | O58: =(L58/L46-1)*100 -> 41.840231 | P58: 58806.316 | Q58: =(P58/P57-1)*100 -> 5.1954015 | R58: =(P58/P46-1)*100 -> -27.250331
B59: ديسمبر | C59: December | D59: 16011.811 | E59: 24.507105 | F59: =(D59/D58-1)*100 -> 3.5421822 | G59: =(D59/D47-1)*100 -> 6.7999686 | H59: 46392.4 | I59: 71.006545 | J59: =(H59/H58-1)*100 -> 21.433148 | K59: =(H59/H47-1)*100 -> -29.573539 | L59: 2931.1743 | M59: 4.4863504 | N59: =(L59/L58-1)*100 -> -42.953326 | O59: =(L59/L47-1)*100 -> -41.056676 | P59: 65335.386 | Q59: =(P59/P58-1)*100 -> 11.102667 | R59: =(P59/P47-1)*100 -> -23.885901
A60: 2021 | B60: يناير | C60: January | D60: 15291.419 | E60: 21.887848 | F60: =(D60/D59-1)*100 -> -4.499131 | G60: =(D60/D48-1)*100 -> 11.899326 | H60: 50859.839 | I60: 72.799813 | J60: =(H60/H59-1)*100 -> 9.6296797 | K60: =(H60/H48-1)*100 -> -22.117314 | L60: 3711.3381 | M60: 5.3123392 | N60: =(L60/L59-1)*100 -> 26.616083 | O60: =(L60/L48-1)*100 -> 12.252631 | P60: 69862.597 | Q60: =(P60/P59-1)*100 -> 6.9291868 | R60: =(P60/P48-1)*100 -> -15.086186
B61: فبراير | C61: February | D61: 15312.249 | E61: 23.708819 | F61: =(D61/D60-1)*100 -> 0.13622 | G61: =(D61/D49-1)*100 -> 15.604265 | H61: 45912.353 | I61: 71.088687 | J61: =(H61/H60-1)*100 -> -9.7276875 | K61: =(H61/H49-1)*100 -> -3.9852794 | L61: 3360.0104 | M61: 5.2024937 | N61: =(L61/L60-1)*100 -> -9.4663364 | O61: =(L61/L49-1)*100 -> 20.747322 | P61: 64584.613 | Q61: =(P61/P60-1)*100 -> -7.5548065 | R61: =(P61/P49-1)*100 -> 1.1566821
B62: مارس | C62: March | D62: 18585.371 | E62: 25.257222 | F62: =(D62/D61-1)*100 -> 21.375843 | G62: =(D62/D50-1)*100 -> 36.442887 | H62: 51117.328 | I62: 69.467631 | J62: =(H62/H61-1)*100 -> 11.336763 | K62: =(H62/H50-1)*100 -> 71.002782 | L62: 3881.6844 | M62: 5.275147 | N62: =(L62/L61-1)*100 -> 15.525965 | O62: =(L62/L50-1)*100 -> 90.437218 | P62: 73584.383 | Q62: =(P62/P61-1)*100 -> 13.934853 | R62: =(P62/P50-1)*100 -> 61.538079
B63: أبريل | C63: April | D63: 16943.458 | E63: 24.466331 | F63: =(D63/D62-1)*100 -> -8.83444 | G63: =(D63/D51-1)*100 -> 46.1246 | H63: 49213.743 | I63: 71.064582 | J63: =(H63/H62-1)*100 -> -3.7239523 | K63: =(H63/H51-1)*100 -> 99.024237 | L63: 3094.9379 | M63: 4.4690864 | N63: =(L63/L62-1)*100 -> -20.268174 | O63: =(L63/L51-1)*100 -> 70.445469 | P63: 69252.138 | Q63: =(P63/P62-1)*100 -> -5.8874516 | R63: =(P63/P51-1)*100 -> 81.580569
B64: مايو | C64: May | D64: 19377.662 | E64: 24.658731 | F64: =(D64/D63-1)*100 -> 14.366633 | G64: =(D64/D52-1)*100 -> 84.133783 | H64: 56544.417 | I64: 71.954684 | J64: =(H64/H63-1)*100 -> 14.895583 | K64: =(H64/H52-1)*100 -> 131.83678 | L64: 2661.2925 | M64: 3.3865847 | N64: =(L64/L63-1)*100 -> -14.011442 | O64: =(L64/L52-1)*100 -> 9.8882909 | P64: 78583.371 | Q64: =(P64/P63-1)*100 -> 13.474289 | R64: =(P64/P52-1)*100 -> 110.48034
B65: يونيو | C65: June | D65: 21125.469 | E65: 25.047085 | F65: =(D65/D64-1)*100 -> 9.0196981 | G65: =(D65/D53-1)*100 -> 55.845471 | H65: 60647.367 | I65: 71.905611 | J65: =(H65/H64-1)*100 -> 7.2561535 | K65: =(H65/H53-1)*100 -> 121.54169 | L65: 2570.1886 | M65: 3.0473043 | N65: =(L65/L64-1)*100 -> -3.4232928 | O65: =(L65/L53-1)*100 -> -20.956338 | P65: 84343.024 | Q65: =(P65/P64-1)*100 -> 7.3293527 | R65: =(P65/P53-1)*100 -> 90.898417
B66: يوليو | C66: July | D66: 18869.74 | E66: 21.279838 | F66: =(D66/D65-1)*100 -> -10.67777 | G66: =(D66/D54-1)*100 -> 30.704123 | H66: 67593.413 | I66: 76.226641 | J66: =(H66/H65-1)*100 -> 11.453171 | K66: =(H66/H54-1)*100 -> 101.9616 | L66: 2211.1119 | M66: 2.4935215 | N66: =(L66/L65-1)*100 -> -13.970833 | O66: =(L66/L54-1)*100 -> -30.448837 | P66: 88674.265 | Q66: =(P66/P65-1)*100 -> 5.1352687 | R66: =(P66/P54-1)*100 -> 73.583324
B67: أغسطس | C67: August | D67: 20300.587 | E67: 22.628068 | F67: =(D67/D66-1)*100 -> 7.5827596 | G67: =(D67/D55-1)*100 -> 31.19551 | H67: 66724.974 | I67: 74.375056 | J67: =(H67/H66-1)*100 -> -1.2847981 | K67: =(H67/H55-1)*100 -> 75.492936 | L67: 2688.6229 | M67: 2.9968761 | N67: =(L67/L66-1)*100 -> 21.595969 | O67: =(L67/L55-1)*100 -> 2.4345095 | P67: 89714.184 | Q67: =(P67/P66-1)*100 -> 1.1727407 | R67: =(P67/P55-1)*100 -> 59.862137
B68: سبتمبر | C68: September | D68: 19668.985 | E68: 20.659642 | F68: =(D68/D67-1)*100 -> -3.1112486 | G68: =(D68/D56-1)*100 -> 23.952428 | H68: 69885.401 | I68: 73.405279 | J68: =(H68/H67-1)*100 -> 4.7364978 | K68: =(H68/H56-1)*100 -> 99.260829 | L68: 5650.4848 | M68: 5.9350795 | N68: =(L68/L67-1)*100 -> 110.16279 | O68: =(L68/L56-1)*100 -> 132.10885 | P68: 95204.871 | Q68: =(P68/P67-1)*100 -> 6.1201996 | R68: =(P68/P56-1)*100 -> 78.370093
B69: أكتوبر | C69: October | D69: 20076.932 | E69: 18.938819 | F69: =(D69/D68-1)*100 -> 2.07406 | G69: =(D69/D57-1)*100 -> 29.358818 | H69: 82141.925 | I69: 77.485499 | J69: =(H69/H68-1)*100 -> 17.538032 | K69: =(H69/H57-1)*100 -> 122.4004 | L69: 3790.5588 | M69: 3.5756813 | N69: =(L69/L68-1)*100 -> -32.916219 | O69: =(L69/L57-1)*100 -> 9.9545141 | P69: 106009.42 | Q69: =(P69/P68-1)*100 -> 11.348731 | R69: =(P69/P57-1)*100 -> 89.634443
B70: نوفمبر | C70: November | D70: 22916.606 | E70: 21.060274 | F70: =(D70/D69-1)*100 -> 14.143964 | G70: =(D70/D58-1)*100 -> 48.192812 | H70: 80502.232 | I70: 73.981245 | J70: =(H70/H69-1)*100 -> -1.9961716 | K70: =(H70/H58-1)*100 -> 110.7164 | L70: 5395.5401 | M70: 4.9584809 | N70: =(L70/L69-1)*100 -> 42.341548 | O70: =(L70/L58-1)*100 -> 5.0082958 | P70: 108814.38 | Q70: =(P70/P69-1)*100 -> 2.6459551 | R70: =(P70/P58-1)*100 -> 85.038588
B71: ديسمبر | C71: December | D71: 23026.047 | E71: 21.510752 | F71: =(D71/D70-1)*100 -> 0.47756494 | G71: =(D71/D59-1)*100 -> 43.806636 | H71: 76980.87 | I71: 71.914923 | J71: =(H71/H70-1)*100 -> -4.3742415 | K71: =(H71/H59-1)*100 -> 65.934225 | L71: 7037.4445 | M71: 6.5743253 | N71: =(L71/L70-1)*100 -> 30.430769 | O71: =(L71/L59-1)*100 -> 140.08959 | P71: 107044.36 | Q71: =(P71/P70-1)*100 -> -1.6266379 | R71: =(P71/P59-1)*100 -> 63.838264
A72: 2022 | B72: يناير | C72: January | D72: 20480.418 | E72: 18.749989 | F72: =(D72/D71-1)*100 -> -11.055434 | G72: =(D72/D60-1)*100 -> 33.934057 | H72: 84609.402 | I72: 77.460595 | J72: =(H72/H71-1)*100 -> 9.9096469 | K72: =(H72/H60-1)*100 -> 66.357981 | L72: 4139.1403 | M72: 3.7894165 | N72: =(L72/L71-1)*100 -> -41.184044 | O72: =(L72/L60-1)*100 -> 11.526898 | P72: 109228.96 | Q72: =(P72/P71-1)*100 -> 2.0408349 | R72: =(P72/P60-1)*100 -> 56.348268
B73: فبراير | C73: February | D73: 21745.77 | E73: 18.766993 | F73: =(D73/D72-1)*100 -> 6.1783494 | G73: =(D73/D61-1)*100 -> 42.015518 | H73: 90845.744 | I73: 78.401525 | J73: =(H73/H72-1)*100 -> 7.3707442 | K73: =(H73/H61-1)*100 -> 97.867759 | L73: 3280.9065 | M73: 2.8314818 | N73: =(L73/L72-1)*100 -> -20.734591 | O73: =(L73/L61-1)*100 -> -2.3542759 | P73: 115872.42 | Q73: =(P73/P72-1)*100 -> 6.0821421 | R73: =(P73/P61-1)*100 -> 79.411807
B74: مارس | C74: March | D74: 24734.358 | E74: 17.418268 | F74: =(D74/D73-1)*100 -> 13.743307 | G74: =(D74/D62-1)*100 -> 33.085087 | H74: 113060.43 | I74: 79.618675 | J74: =(H74/H73-1)*100 -> 24.453188 | K74: =(H74/H62-1)*100 -> 121.17828 | L74: 4207.6125 | M74: 2.9630574 | N74: =(L74/L73-1)*100 -> 28.245428 | O74: =(L74/L62-1)*100 -> 8.3965639 | P74: 142002.4 | Q74: =(P74/P73-1)*100 -> 22.550642 | R74: =(P74/P62-1)*100 -> 92.978984
B75: أبريل | C75: April | D75: 23245.982 | E75: 16.881405 | F75: =(D75/D74-1)*100 -> -6.0174408 | G75: =(D75/D63-1)*100 -> 37.197392 | H75: 109744.99 | I75: 79.697622 | J75: =(H75/H74-1)*100 -> -2.9324497 | K75: =(H75/H63-1)*100 -> 122.99662 | L75: 4710.7379 | M75: 3.4209728 | N75: =(L75/L74-1)*100 -> 11.957503 | O75: =(L75/L63-1)*100 -> 52.207835 | P75: 137701.71 | Q75: =(P75/P74-1)*100 -> -3.0286038 | R75: =(P75/P63-1)*100 -> 98.841087
B76: مايو | C76: May | D76: 23326.044 | E76: 16.311507 | F76: =(D76/D75-1)*100 -> 0.34441262 | G76: =(D76/D64-1)*100 -> 20.375947 | H76: 115478.3 | I76: 80.752017 | J76: =(H76/H75-1)*100 -> 5.2242196 | K76: =(H76/H64-1)*100 -> 104.22583 | L76: 4199.2666 | M76: 2.9364759 | N76: =(L76/L75-1)*100 -> -10.857562 | O76: =(L76/L64-1)*100 -> 57.790498 | P76: 143003.62 | Q76: =(P76/P75-1)*100 -> 3.8502862 | R76: =(P76/P64-1)*100 -> 81.97694
B77: يونيو | C77: June | D77: 25210.365 | E77: 17.13847 | F77: =(D77/D76-1)*100 -> 8.0781821 | G77: =(D77/D65-1)*100 -> 19.336356 | H77: 116394.61 | I77: 79.127201 | J77: =(H77/H76-1)*100 -> 0.79348825 | K77: =(H77/H65-1)*100 -> 91.920305 | L77: 5493.1265 | M77: 3.7343286 | N77: =(L77/L76-1)*100 -> 30.811568 | O77: =(L77/L65-1)*100 -> 113.72464 | P77: 147098.1 | Q77: =(P77/P76-1)*100 -> 2.8632052 | R77: =(P77/P65-1)*100 -> 74.404586
B78: يوليو | C78: July | D78: 21752.58 | E78: 15.521112 | F78: =(D78/D77-1)*100 -> -13.715725 | G78: =(D78/D66-1)*100 -> 15.277585 | H78: 113005.54 | I78: 80.632811 | J78: =(H78/H77-1)*100 -> -2.911704 | K78: =(H78/H66-1)*100 -> 67.184255 | L78: 5390.2138 | M78: 3.8460776 | N78: =(L78/L77-1)*100 -> -1.8734819 | O78: =(L78/L66-1)*100 -> 143.77843 | P78: 140148.34 | Q78: =(P78/P77-1)*100 -> -4.7245774 | R78: =(P78/P66-1)*100 -> 58.048492
B79: أغسطس | C79: August | D79: 22338.778 | E79: 16.720181 | F79: =(D79/D78-1)*100 -> 2.6948429 | G79: =(D79/D67-1)*100 -> 10.040061 | H79: 106804.07 | I79: 79.940962 | J79: =(H79/H78-1)*100 -> -5.4877607 | K79: =(H79/H67-1)*100 -> 60.06611 | L79: 4460.8364 | M79: 3.3388573 | N79: =(L79/L78-1)*100 -> -17.241939 | O79: =(L79/L67-1)*100 -> 65.915287 | P79: 133603.68 | Q79: =(P79/P78-1)*100 -> -4.6698045 | R79: =(P79/P67-1)*100 -> 48.921474
B80: سبتمبر | C80: September | D80: 22085.383 | E80: 17.625451 | F80: =(D80/D79-1)*100 -> -1.1343265 | G80: =(D80/D68-1)*100 -> 12.285323 | H80: 100305.62 | I80: 80.049862 | J80: =(H80/H79-1)*100 -> -6.0844561 | K80: =(H80/H68-1)*100 -> 43.528723 | L80: 2912.9239 | M80: 2.3246868 | N80: =(L80/L79-1)*100 -> -34.700051 | O80: =(L80/L68-1)*100 -> -48.448248 | P80: 125303.93 | Q80: =(P80/P79-1)*100 -> -6.2122194 | R80: =(P80/P68-1)*100 -> 31.615042
B81: أكتوبر | C81: October | D81: 22225.228 | E81: 17.604559 | F81: =(D81/D80-1)*100 -> 0.6331977 | G81: =(D81/D69-1)*100 -> 10.70032 | H81: 100669.09 | I81: 79.739791 | J81: =(H81/H80-1)*100 -> 0.36236328 | K81: =(H81/H69-1)*100 -> 22.55507 | L81: 3352.6784 | M81: 2.6556499 | N81: =(L81/L80-1)*100 -> 15.096668 | O81: =(L81/L69-1)*100 -> -11.551871 | P81: 126247 | Q81: =(P81/P80-1)*100 -> 0.75262551 | R81: =(P81/P69-1)*100 -> 19.090365
B82: نوفمبر | C82: November | D82: 18784.04 | E82: 16.682423 | F82: =(D82/D81-1)*100 -> -15.483249 | G82: =(D82/D70-1)*100 -> -18.033061 | H82: 89844.434 | I82: 79.792358 | J82: =(H82/H81-1)*100 -> -10.752715 | K82: =(H82/H70-1)*100 -> 11.604899 | L82: 3969.3187 | M82: 3.5252189 | N82: =(L82/L81-1)*100 -> 18.392468 | O82: =(L82/L70-1)*100 -> -26.43334 | P82: 112597.79 | Q82: =(P82/P81-1)*100 -> -10.81151 | R82: =(P82/P70-1)*100 -> 3.4769445
B83: ديسمبر | C83: December | D83: 19729.51 | E83: 18.078422 | F83: =(D83/D82-1)*100 -> 5.0333669 | G83: =(D83/D71-1)*100 -> -14.316558 | H83: 85514.919 | I83: 78.358502 | J83: =(H83/H82-1)*100 -> -4.8189013 | K83: =(H83/H71-1)*100 -> 11.085936 | L83: 3888.4882 | M83: 3.5630755 | N83: =(L83/L82-1)*100 -> -2.0363807 | O83: =(L83/L71-1)*100 -> -44.745735 | P83: 109132.92 | Q83: =(P83/P82-1)*100 -> -3.0772143 | R83: =(P83/P71-1)*100 -> 1.9511127
A84: 2023 | B84: يناير | C84: January | D84: 17789.816 | E84: 16.867577 | F84: =(D84/D83-1)*100 -> -9.831434 | G84: =(D84/D72-1)*100 -> -13.137436 | H84: 82282.081 | I84: 78.01651 | J84: =(H84/H83-1)*100 -> -3.7804373 | K84: =(H84/H72-1)*100 -> -2.750664 | L84: 5395.626 | M84: 5.1159123 | N84: =(L84/L83-1)*100 -> 38.758965 | O84: =(L84/L72-1)*100 -> 30.356201 | P84: 105467.52 | Q84: =(P84/P83-1)*100 -> -3.358651 | R84: =(P84/P72-1)*100 -> -3.4436256
B85: فبراير | C85: February | D85: 16022.598 | E85: 16.522878 | F85: =(D85/D84-1)*100 -> -9.9338758 | G85: =(D85/D73-1)*100 -> -26.318552 | H85: 76035.87 | I85: 78.409969 | J85: =(H85/H84-1)*100 -> -7.5912171 | K85: =(H85/H73-1)*100 -> -16.302221 | L85: 4913.7294 | M85: 5.0671528 | N85: =(L85/L84-1)*100 -> -8.9312466 | O85: =(L85/L73-1)*100 -> 49.767433 | P85: 96972.197 | Q85: =(P85/P84-1)*100 -> -8.0549216 | R85: =(P85/P73-1)*100 -> -16.311235
B86: مارس | C86: March | D86: 18046.793 | E86: 16.863002 | F86: =(D86/D85-1)*100 -> 12.633376 | G86: =(D86/D74-1)*100 -> -27.037551 | H86: 83558.375 | I86: 78.077311 | J86: =(H86/H85-1)*100 -> 9.8933639 | K86: =(H86/H74-1)*100 -> -26.094055 | L86: 5414.8793 | M86: 5.0596869 | N86: =(L86/L85-1)*100 -> 10.198973 | O86: =(L86/L74-1)*100 -> 28.692442 | P86: 107020.05 | Q86: =(P86/P85-1)*100 -> 10.361578 | R86: =(P86/P74-1)*100 -> -24.635041
B87: أبريل | C87: April | D87: 15980.628 | E87: 15.554096 | F87: =(D87/D86-1)*100 -> -11.448933 | G87: =(D87/D75-1)*100 -> -31.254238 | H87: 82831.907 | I87: 80.621076 | J87: =(H87/H86-1)*100 -> -0.86941453 | K87: =(H87/H75-1)*100 -> -24.523288 | L87: 3929.7144 | M87: 3.8248281 | N87: =(L87/L86-1)*100 -> -27.42748 | O87: =(L87/L75-1)*100 -> -16.579643 | P87: 102742.25 | Q87: =(P87/P86-1)*100 -> -3.9971939 | R87: =(P87/P75-1)*100 -> -25.387817
B88: مايو | C88: May | D88: 19086.581 | E88: 19.271865 | F88: =(D88/D87-1)*100 -> 19.435739 | G88: =(D88/D76-1)*100 -> -18.174807 | H88: 72330.629 | I88: 73.032785 | J88: =(H88/H87-1)*100 -> -12.677817 | K88: =(H88/H76-1)*100 -> -37.364313 | L88: 7621.3642 | M88: 7.6953493 | N88: =(L88/L87-1)*100 -> 93.941935 | O88: =(L88/L76-1)*100 -> 81.492742 | P88: 99038.574 | Q88: =(P88/P87-1)*100 -> -3.6048217 | R88: =(P88/P76-1)*100 -> -30.744007
B89: يونيو | C89: June | D89: 15627.731 | E89: 16.75477 | F89: =(D89/D88-1)*100 -> -18.121892 | G89: =(D89/D77-1)*100 -> -38.01069 | H89: 73150.356 | I89: 78.425804 | J89: =(H89/H88-1)*100 -> 1.1333059 | K89: =(H89/H77-1)*100 -> -37.153142 | L89: 4495.239 | M89: 4.819426 | N89: =(L89/L88-1)*100 -> -41.017922 | O89: =(L89/L77-1)*100 -> -18.166112 | P89: 93273.326 | Q89: =(P89/P88-1)*100 -> -5.8212141 | R89: =(P89/P77-1)*100 -> -36.591074
B90: يوليو | C90: July | D90: 17600.458 | E90: 18.997921 | F90: =(D90/D89-1)*100 -> 12.623246 | G90: =(D90/D78-1)*100 -> -19.087952 | H90: 71322.508 | I90: 76.98546 | J90: =(H90/H89-1)*100 -> -2.4987548 | K90: =(H90/H78-1)*100 -> -36.885833 | L90: 3721.1618 | M90: 4.0166192 | N90: =(L90/L89-1)*100 -> -17.219933 | O90: =(L90/L78-1)*100 -> -30.964485 | P90: 92644.128 | Q90: =(P90/P89-1)*100 -> -0.67457464 | R90: =(P90/P78-1)*100 -> -33.895664
B91: أغسطس | C91: August | D91: 18414.108 | E91: 17.899184 | F91: =(D91/D90-1)*100 -> 4.6228903 | G91: =(D91/D79-1)*100 -> -17.568867 | H91: 77267.686 | I91: 75.107006 | J91: =(H91/H90-1)*100 -> 8.3356259 | K91: =(H91/H79-1)*100 -> -27.654737 | L91: 7195.0086 | M91: 6.9938105 | N91: =(L91/L90-1)*100 -> 93.353822 | O91: =(L91/L79-1)*100 -> 61.292815 | P91: 102876.8 | Q91: =(P91/P90-1)*100 -> 11.045141 | R91: =(P91/P79-1)*100 -> -22.998529
B92: سبتمبر | C92: September | D92: 16739.497 | E92: 16.081 | F92: =(D92/D91-1)*100 -> -9.0941744 | G92: =(D92/D80-1)*100 -> -24.205541 | H92: 82954.271 | I92: 79.691023 | J92: =(H92/H91-1)*100 -> 7.3595901 | K92: =(H92/H80-1)*100 -> -17.298485 | L92: 4401.1078 | M92: 4.2279774 | N92: =(L92/L91-1)*100 -> -38.831097 | O92: =(L92/L80-1)*100 -> 51.089007 | P92: 104094.88 | Q92: =(P92/P91-1)*100 -> 1.1840114 | R92: =(P92/P80-1)*100 -> -16.92609
B93: أكتوبر | C93: October | D93: 18471.949 | E93: 17.770837 | F93: =(D93/D92-1)*100 -> 10.349489 | G93: =(D93/D81-1)*100 -> -16.887469 | H93: 81416.597 | I93: 78.326388 | J93: =(H93/H92-1)*100 -> -1.8536401 | K93: =(H93/H81-1)*100 -> -19.124536 | L93: 4056.7517 | M93: 3.9027756 | N93: =(L93/L92-1)*100 -> -7.8243053 | O93: =(L93/L81-1)*100 -> 21.000325 | P93: 103945.3 | Q93: =(P93/P92-1)*100 -> -0.14369339 | R93: =(P93/P81-1)*100 -> -17.665134
B94: نوفمبر | C94: November | D94: 17608.664 | E94: 18.53389 | F94: =(D94/D93-1)*100 -> -4.6734944 | G94: =(D94/D82-1)*100 -> -6.2573144 | H94: 72502.435 | I94: 76.311988 | J94: =(H94/H93-1)*100 -> -10.948827 | K94: =(H94/H82-1)*100 -> -19.302252 | L94: 4896.8241 | M94: 5.1541219 | N94: =(L94/L93-1)*100 -> 20.708007 | O94: =(L94/L82-1)*100 -> 23.366868 | P94: 95007.923 | Q94: =(P94/P93-1)*100 -> -8.5981526 | R94: =(P94/P82-1)*100 -> -15.62186
B95: ديسمبر | C95: December | D95: 17608.133 | E95: 18.1553 | F95: =(D95/D94-1)*100 -> -0.0030142151 | G95: =(D95/D83-1)*100 -> -10.752304 | H95: 72044.092 | I95: 74.282839 | J95: =(H95/H94-1)*100 -> -0.63217519 | K95: =(H95/H83-1)*100 -> -15.752604 | L95: 7333.9604 | M95: 7.5618609 | N95: =(L95/L94-1)*100 -> 49.769733 | O95: =(L95/L83-1)*100 -> 88.606986 | P95: 96986.186 | Q95: =(P95/P94-1)*100 -> 2.0822086 | R95: =(P95/P83-1)*100 -> -11.130218
A96: 2024 | B96: يناير | C96: January | D96: 16268.371 | E96: 17.138029 | F96: =(D96/D95-1)*100 -> -7.6087657 | G96: =(D96/D84-1)*100 -> -8.5523354 | H96: 70998.647 | I96: 74.794018 | J96: =(H96/H95-1)*100 -> -1.4511185 | K96: =(H96/H84-1)*100 -> -13.713112 | L96: 7658.5506 | M96: 8.0679533 | N96: =(L96/L95-1)*100 -> 4.425851 | O96: =(L96/L84-1)*100 -> 41.939982 | P96: 94925.569 | Q96: =(P96/P95-1)*100 -> -2.1246496 | R96: =(P96/P84-1)*100 -> -9.9954507
B97: فبراير | C97: February | D97: 15958.709 | E97: 16.574617 | F97: =(D97/D96-1)*100 -> -1.9034605 | G97: =(D97/D85-1)*100 -> -0.39874013 | H97: 73440.018 | I97: 76.274348 | J97: =(H97/H96-1)*100 -> 3.4386155 | K97: =(H97/H85-1)*100 -> -3.4139838 | L97: 6885.3048 | M97: 7.1510349 | N97: =(L97/L96-1)*100 -> -10.096504 | O97: =(L97/L85-1)*100 -> 40.123809 | P97: 96284.032 | Q97: =(P97/P96-1)*100 -> 1.4310819 | R97: =(P97/P85-1)*100 -> -0.70965226
B98: مارس | C98: March | D98: 17445.426 | E98: 16.781784 | F98: =(D98/D97-1)*100 -> 9.3160211 | G98: =(D98/D86-1)*100 -> -3.3322643 | H98: 79538.702 | I98: 76.512969 | J98: =(H98/H97-1)*100 -> 8.304306 | K98: =(H98/H86-1)*100 -> -4.8106174 | L98: 6970.4084 | M98: 6.705247 | N98: =(L98/L97-1)*100 -> 1.236018 | O98: =(L98/L86-1)*100 -> 28.726939 | P98: 103954.54 | Q98: =(P98/P97-1)*100 -> 7.9665381 | R98: =(P98/P86-1)*100 -> -2.8644274
B99: أبريل | C99: April | D99: 16569.548 | E99: 16.344582 | F99: =(D99/D98-1)*100 -> -5.020672 | G99: =(D99/D87-1)*100 -> 3.6852169 | H99: 78613.11 | I99: 77.545773 | J99: =(H99/H98-1)*100 -> -1.1636995 | K99: =(H99/H87-1)*100 -> -5.0932023 | L99: 6193.7378 | M99: 6.1096448 | N99: =(L99/L98-1)*100 -> -11.142398 | O99: =(L99/L87-1)*100 -> 57.612924 | P99: 101376.4 | Q99: =(P99/P98-1)*100 -> -2.4800647 | R99: =(P99/P87-1)*100 -> -1.329397
B100: مايو | C100: May | D100: 19110.655 | E100: 18.162884 | F100: =(D100/D99-1)*100 -> 15.336003 | G100: =(D100/D88-1)*100 -> 0.12613207 | H100: 75856.948 | I100: 72.09491 | J100: =(H100/H99-1)*100 -> -3.505983 | K100: =(H100/H88-1)*100 -> 4.8752773 | L100: 10250.571 | M100: 9.7422056 | N100: =(L100/L99-1)*100 -> 65.498947 | O100: =(L100/L88-1)*100 -> 34.497848 | P100: 105218.17 | Q100: =(P100/P99-1)*100 -> 3.7896171 | R100: =(P100/P88-1)*100 -> 6.2395887
B101: يونيو | C101: June | D101: 16516.157 | E101: 18.596 | F101: =(D101/D100-1)*100 -> -13.576183 | G101: =(D101/D89-1)*100 -> 5.6849347 | H101: 66338.62 | I101: 74.692495 | J101: =(H101/H100-1)*100 -> -12.547734 | K101: =(H101/H89-1)*100 -> -9.311966 | L101: 5960.866 | M101: 6.7115046 | N101: =(L101/L100-1)*100 -> -41.848448 | O101: =(L101/L89-1)*100 -> 32.603984 | P101: 88815.643 | Q101: =(P101/P100-1)*100 -> -15.589066 | R101: =(P101/P89-1)*100 -> -4.7791616
...

Sheet 2
A2: الصادرات والواردات حسب الأقسام، القيمة بالمليون ريال
A3: Exports and imports by section, value in SAR million
A4: 부문별 수출입
A5: 단위: 백만 사우디리얄
C6: صادرات Export | H6: واردات Import | M6: Section description | N6: 부문 설명
C7: 수출 | H7: 수입
A8: رقم القسم | B8: وصف القسم | C8: أكتوبر Oct | D8: سبتمبر Sep | E8: أكتوبر Oct | F8: التغير على أساس: Change based on: | H8: أكتوبر Oct | I8: سبتمبر Sep | J8: أكتوبر Oct | K8: التغير على أساس: Change based on: | O8: Sec. no
C9: 2024 | D9: 2025* | E9: 2025* | F9: شهري Monthly | G9: سنوي Yearly | H9: 2024 | I9: 2025* | J9: 2025* | K9: شهري Monthly | L9: سنوي Yearly
F10: 전월대비 백분율 변화 | G10: 전년동월대비 백분율 변화 | K10: 전월대비 백분율 변화 | L10: 전년동월대비 백분율 변화
A11: 1 | B11: الحيوانات ومنتجاتها | C11: 736.5012 | D11: 704.48081 | E11: 743.69657 | F11: 5.5666183 | G11: 0.97696691 | H11: 2292.0858 | I11: 2049.1626 | J11: 2265.5758 | K11: 10.561058 | L11: -1.1565883 | M11: Animals and their products | N11: 동물 및 관련 제품 | O11: 1
A12: 2 | B12: منتجات نباتية | C12: 364.44094 | D12: 351.39406 | E12: 385.64211 | F12: 9.7463348 | G12: 5.8174479 | H12: 3302.9441 | I12: 3072.7561 | J12: 3275.5279 | K12: 6.5990196 | L12: -0.83005403 | M12: Plant Products | N12: 식물성 제품 | O12: 2
A13: 3 | B13: دهون وزيوت وشموع حيوانية أو نباتية ومنتجاتها | C13: 113.21486 | D13: 164.47009 | E13: 110.01595 | F13: -33.108838 | G13: -2.8255213 | H13: 534.66607 | I13: 550.55041 | J13: 548.75746 | K13: -0.32566518 | L13: 2.635551 | M13: Animal and vegetable fats, oils, waxex and their products | N13: 동물성 및 식물성 지방, 오일, 왁스 및 관련 제품 | O13: 3
A14: 4 | B14: منتجات صناعة الأغذية، مشروبات وتبغ | C14: 937.23681 | D14: 983.69801 | E14: 1021.364 | F14: 3.8290227 | G14: 8.97609 | H14: 3411.8837 | I14: 2979.7509 | J14: 2871.0474 | K14: -3.6480749 | L14: -15.851546 | M14: Prepared foodstuffs, beverages and tobacco | N14: 조리 식품, 음료 및 담배 | O14: 4
A15: 5 | B15: المنتجات المعدنية | C15: 67942.55 | D15: 69796.978 | E15: 70567.632 | F15: 1.104136 | G15: 3.8636796 | H15: 4730.0377 | I15: 4235.5718 | J15: 3590.5744 | K15: -15.228107 | L15: -24.089941 | M15: Mineral products | N15: 광물 제품 | O15: 5
A16: 6 | B16: منتجات الصناعات الكيماوية | C16: 6906.0306 | D16: 7268.7428 | E16: 6561.6388 | F16: -9.72801 | G16: -4.9868265 | H16: 6632.7051 | I16: 6703.0202 | J16: 6575.4992 | K16: -1.902441 | L16: -0.86248168 | M16: Products of the chemical industries | N16: 화학 공업 제품 | O16: 6
A17: 7 | B17: لدائن ومطاط ومصنوعاتها | C17: 6024.181 | D17: 6495.7684 | E17: 6106.7627 | F17: -5.9886013 | G17: 1.3708376 | H17: 2628.9908 | I17: 2328.6236 | J17: 2475.3676 | K17: 6.3017489 | L17: -5.8434302 | M17: Plastics, rubber and their articles | N17: 플라스틱, 고무 및 관련 제품 | O17: 7
A18: 8 | B18: صلال وجلود ومصنوعاتها، حقائب وما يماثلها | C18: 13.435022 | D18: 17.16624 | E18: 25.062739 | F18: 46.000167 | G18: 86.547808 | H18: 188.38054 | I18: 169.10313 | J18: 180.52984 | K18: 6.7572408 | L18: -4.1674687 | M18: Skins, leather and their articles, handbags and similar | N18: 피혁 및 관련 제품, 핸드백 및 유사 제품 | O18: 8
A19: 9 | B19: خشب وفلين ومواد ضفر ومصنوعاتها | C19: 40.104069 | D19: 37.599603 | E19: 43.939294 | F19: 16.861058 | G19: 9.5631817 | H19: 597.19556 | I19: 430.27799 | J19: 511.01939 | K19: 18.764938 | L19: -14.430143 | M19: Wood, cork, plaiting materials and their articles | N19: 목재, 코르크, 조물재 및 관련 제품 | O19: 9
A20: 10 | B20: ورق وورق مقوى ومصنوعاتهما | C20: 227.52549 | D20: 237.45591 | E20: 205.79372 | F20: -13.333924 | G20: -9.551357 | H20: 710.79101 | I20: 704.25347 | J20: 625.15002 | K20: -11.232242 | L20: -12.048688 | M20: Paper, paperboard and their articles | N20: 종이, 판지 및 관련 제품 | O20: 10
A21: 11 | B21: مواد نسجية ومصنوعاتها | C21: 204.29324 | D21: 180.57005 | E21: 219.84351 | F21: 21.749704 | G21: 7.6117363 | H21: 2150.469 | I21: 2060.6697 | J21: 2121.0442 | K21: 2.9298523 | L21: -1.3682944 | M21: Textiles and their articles | N21: 직물 및 관련 제품 | O21: 11
A22: 12 | B22: أحذية، أغطية رأس، مظلات وعصي | C22: 6.108776 | D22: 8.665337 | E22: 17.816483 | F22: 105.60635 | G22: 191.65389 | H22: 398.28082 | I22: 402.77171 | J22: 389.90523 | K22: -3.1944846 | L22: -2.1029358 | M22: Footwear, headgear, umbrellas, sticks | N22: 신발, 모자, 우산 및 지팡이 | O22: 12
... A31: 21 | B31: تحف فنية وقطع أثرية | C31: 55.271571 | D31: 121.18474 | E31: 112.94961 | F31: -6.7955159 | G31: 104.35389 | H31: 1476.0853 | I31: 1358.8487 | J31: 1442.3291 | K31: 6.1434686 | L31: -2.2868759 | M31: Works of arts and antiqes | N31: 예술품 및 골동품 | O31: 21
B32: الإجمالي | C32: 93027.053 | D32: 101820.54 | E32: 103987.65 | F32: 2.1283598 | G32: 11.782161 | H32: 76801.991 | I32: 77390.437 | J32: 80078.643 | K32: 3.473564 | L32: 4.2663634 | M32: Total
A33: (*) بيانات أولية | O33: (*) Preliminary data
O34: (*) 잠정치

Sheet 3
A2: الصادرات والواردات حسب مجموعات الدول، القيمة بالمليون ريال
A3: Exports and imports by group of countries, value in SAR million
A4: 세부지역별 수출입
A5: 단위: 백만 사우디리얄
C6: صادرات Export | H6: واردات Import
C7: 수출 | H7: 수입
A8: رمز | B8: مجموعات الدول | C8: أكتوبر Oct | D8: سبتمبر Sep | E8: أكتوبر Oct | F8: التغير على أساس: Change based on: | H8: أكتوبر Oct | I8: سبتمبر Sep | J8: أكتوبر Oct | K8: التغير على أساس: Change based on: | M8: Country groups | N8: Code
C9: 2024 | D9: 2025* | E9: 2025* | F9: شهري Monthly | G9: سنوي Yearly | H9: 2024 | I9: 2025* | J9: 2025* | K9: شهري Monthly | L9: سنوي Yearly
F10: 전월대비 백분율 변화 | G10: 전년동월대비 백분율 변화 | K10: 전월대비 백분율 변화 | L10: 전년동월대비 백분율 변화 | M10: 세부지역
B11: مجموعات جغرافية | M11: Geographical groups
B12: أفريقيا: | C12: 7574.0126 | D12: 7641.341 | E12: 7681.4663 | F12: 0.52510807 | G12: 1.4187158 | H12: 4184.7622 | I12: 3138.7025 | J12: 4295.6214 | K12: 36.859783 | L12: 2.649115 | M12: Africa:
A13: 1 | B13: شمال أفريقيا | C13: 4538.4664 | D13: 3967.7324 | E13: 5231.2822 | F13: 31.84564 | G13: 15.265416 | H13: 2922.0917 | I13: 2085.6789 | J13: 2508.935 | K13: 20.293446 | L13: -14.139074 | M13: Northern Africa | N13: 1
B14: أفريقيا جنوب الصحراء الكبرى: | M14: Sub-Saharan Africa:
A15: 2 | B15: شرق أفريقيا | C15: 1749.3342 | D15: 1550.838 | E15: 1163.5754 | F15: -24.971182 | G15: -33.484667 | H15: 408.42956 | I15: 322.96917 | J15: 326.84329 | K15: 1.1995346 | L15: -19.975602 | M15: Eastern Africa | N15: 2
A16: 3 | B16: أفريقيا الوسطى | C16: 53.717837 | D16: 55.930842 | E16: 40.176946 | F16: -28.166742 | G16: -25.207439 | H16: 422.51026 | I16: 444.04991 | J16: 600.98123 | K16: 35.340919 | L16: 42.240625 | M16: Middle Africa | N16: 3
A17: 4 | B17: أفريقيا الجنوبية | C17: 875.11277 | D17: 834.66275 | E17: 693.84542 | F17: -16.871165 | G17: -20.713599 | H17: 419.54057 | I17: 263.62732 | J17: 843.16227 | K17: 219.83115 | L17: 100.97276 | M17: Southern Africa | N17: 4
A18: 5 | B18: غرب أفريقيا | C18: 357.38138 | D18: 1232.1769 | E18: 552.58628 | F18: -55.153659 | G18: 54.620891 | H18: 12.190153 | I18: 22.377215 | J18: 15.699607 | K18: -29.841104 | L18: 28.789253 | M18: Western Africa | N18: 5
B19: أمريكا: | C19: 4055.3215 | D19: 5800.2736 | E19: 7357.22 | F19: 26.842637 | G19: 81.421376 | H19: 10394.587 | I19: 9531.2369 | J19: 9516.7558 | K19: -0.15193315 | L19: -8.4450838 | M19: Americas:
A20: 6 | B20: أمريكا الشمالية | C20: 3006.3623 | D20: 3495.5734 | E20: 6236.0554 | F20: 78.398641 | G20: 107.42861 | H20: 7367.368 | I20: 7151.865 | J20: 7220.6781 | K20: 0.96216947 | L20: -1.9910759 | M20: Northern America | N20: 6
B21: أمريكا اللاتينية والكاريبي: | M21: Latin America and the Caribbean:
A22: 7 | B22: الكاريبي | C22: 8.870194 | D22: 723.45481 | E22: 9.783923 | F22: -98.647611 | G22: 10.301116 | H22: 198.6882 | I22: 76.813053 | J22: 39.504641 | K22: -48.570406 | L22: -80.117269 | M22: Caribbean | N22: 7
A23: 8 | B23: أمريكا الوسطى | C23: 33.904799 | D23: 34.191335 | E23: 20.5006 | F23: -40.041534 | G23: -39.534813 | H23: 630.78007 | I23: 557.42893 | J23: 449.74123 | K23: -19.318643 | L23: -28.700787 | M23: Central America | N23: 8
A24: 9 | B24: أمريكا الجنوبية | C24: 1006.1842 | D24: 1547.0541 | E24: 1090.8801 | F24: -29.486624 | G24: 8.4175299 | H24: 2197.7511 | I24: 1745.1299 | J24: 1806.8318 | K24: 3.5356651 | L24: -17.787243 | M24: South America | N24: 9
B25: آسيا: | C25: 68265.049 | D25: 72531.758 | E25: 76059.62 | F25: 4.8638871 | G25: 11.4181 | H25: 42411.301 | I25: 45238.859 | J25: 44357.096 | K25: -1.949129 | L25: 4.5879161 | M25: Asia:
A26: 10 | B26: آسيا الوسطى | C26: 0.055058 | D26: 11.896975 | E26: 8.095607 | F26: -31.952391 | G26: 14603.78 | H26: 162.23213 | I26: 115.32995 | J26: 104.97193 | K26: -8.981208 | L26: -35.295226 | M26: Central Asia | N26: 10
A27: 11 | B27: شرق اسيا | C27: 34268.758 | D27: 31326.103 | E27: 32563.57 | F27: 3.950273 | G27: -4.9759255 | H27: 25220.019 | I27: 27262.186 | J27: 25774.145 | K27: -5.458259 | L27: 2.197166 | M27: Eastern Asia | N27: 11
A28: 12 | B28: جنوب شرق آسيا | C28: 8520.5368 | D28: 8081.4035 | E28: 9204.5235 | F28: 13.897585 | G28: 8.0275071 | H28: 4400.7168 | I28: 5406.5275 | J28: 5188.3304 | K28: -4.0358094 | L28: 17.897392 | M28: South-eastern Asia | N28: 12
A29: 13 | B29: جنوب آسيا | C29: 9874.4088 | D29: 11821.801 | E29: 12069.584 | F29: 2.0959785 | G29: 22.230949 | H29: 4742.7994 | I29: 3948.2786 | J29: 4312.7869 | K29: 9.2320814 | L29: -9.0666395 | M29: Southern Asia | N29: 13
A30: 14 | B30: غرب آسيا | C30: 15601.291 | D30: 21290.553 | E30: 22213.848 | F30: 4.3366429 | G30: 42.38468 | H30: 7885.533 | I30: 8506.5376 | J30: 8976.8614 | K30: 5.5289695 | L30: 13.839628 | M30: Western Asia | N30: 14
B31: أوروبا: | C31: 12994.915 | D31: 15605.617 | E31: 12734.332 | F31: -18.399048 | G31: -2.0052682 | H31: 19188.984 | I31: 19034.141 | J31: 21342.271 | K31: 12.126266 | L31: 11.221476 | M31: Europe:
A32: 15 | B32: أوروبا الشرقية | C32: 3486.8135 | D32: 4604.3743 | E32: 3949.6444 | F32: -14.219737 | G32: 13.27375 | H32: 2624.4066 | I32: 2699.8095 | J32: 2591.5675 | K32: -4.0092437 | L32: -1.2512946 | M32: Eastern Europe | N32: 15
A33: 16 | B33: أوروبا الشمالية | C33: 564.56271 | D33: 501.92227 | E33: 434.14749 | F33: -13.503044 | G33: -23.100219 | H33: 3774.8511 | I33: 3199.1792 | J33: 3284.6077 | K33: 2.6703283 | L33: -12.98709 | M33: Northern Europe | N33: 16
A34: 17 | B34: أوروبا الجنوبية | C34: 3993.9002 | D34: 5830.6916 | E34: 5047.6368 | F34: -13.429879 | G34: 26.383647 | H34: 4393.8475 | I34: 3937.8207 | J34: 3603.5755 | K34: -8.4880753 | L34: -17.985876 | M34: Southern Europe | N34: 17
A35: 18 | B35: أوروبا الغربية | C35: 4949.6382 | D35: 4668.6284 | E35: 3302.9031 | F35: -29.253245 | G35: -33.269808 | H35: 8395.879 | I35: 9197.3315 | J35: 11862.521 | K35: 28.977852 | L35: 41.2898 | M35: Western Europe | N35: 18
A36: 19 | B36: أوقيانوسيا | C36: 137.75542 | D36: 241.55464 | E36: 155.01244 | F36: -35.827176 | G36: 12.527289 | H36: 514.02637 | I36: 446.55997 | J36: 565.86277 | K36: 26.715964 | L36: 10.084386 | M36: Oceania | N36: 19
A37: 20 | B37: مجموعات أخرى | C37: 0 | D37: 0 | E37: 0 | F37: - | G37: - | H37: 108.33073 | I37: 0.937718 | J37: 1.036618 | K37: 10.546881 | L37: -99.043099 | M37: Other Countries groups | N37: 20
B38: الإجمالي | C38: 93027.053 | D38: 101820.54 | E38: 103987.65 | F38: 2.1283598 | G38: 11.782161 | H38: 76801.991 | I38: 77390.437 | J38: 80078.643 | K38: 3.473564 | L38: 4.2663634 | M38: Total
B39: مجموعات عامة | M39: General groups
A40: 1 | B40: مجلس التعاون لدول الخليج العربية | C40: 12276.703 | D40: 16667.353 | E40: 18478.637 | F40: 10.867256 | G40: 50.517912 | H40: 6246.0803 | I40: 6617.9007 | J40: 7109.403 | K40: 7.4268609 | L40: 13.82183 | M40: Gulf coop. Council for the arab states (GCC) | N40: 1
A41: 2 | B41: جامعة الدول العربية | C41: 19672.599 | D41: 23799.691 | E41: 26758.744 | F41: 12.433154 | G41: 36.020381 | H41: 9876.047 | I41: 9409.869 | J41: 10262.377 | K41: 9.0597213 | L41: 3.9117868 | M41: League of arab states | N41: 2
A42: 3 | B42: منظمة التعاون الإسلامي | C42: 25309.407 | D42: 31267.73 | E42: 32977.064 | F42: 5.4667694 | G42: 30.29568 | H42: 13032.349 | I42: 12526.342 | J42: 13276.467 | K42: 5.9883848 | L42: 1.8731708 | M42: Organization of islamic cooperation | N42: 3
A43: 4 | B43: منظمة الدول المصدرة للبترول أوبك | C43: 9037.3339 | D43: 12734.479 | E43: 13007.937 | F43: 2.1473773 | G43: 43.935554 | H43: 4653.2076 | I43: 4463.5048 | J43: 5329.4818 | K43: 19.401279 | L43: 14.533506 | M43: Petroleum exporting countries org. (OPEC) | N43: 4
A44: 5 | B44: منظمة الأقطار العربية المصدرة للبترول | C44: 15430.8 | D44: 19187.182 | E44: 22789.592 | F44: 18.775082 | G44: 47.688984 | H44: 8008.8267 | I44: 7508.9232 | J44: 8530.1567 | K44: 13.600266 | L44: 6.5094425 | M44: Arab petroleum exporting countries (OAPEC) | N44: 5
A45: 6 | B45: مجموعة العشرين G20 | C45: 51268.952 | D45: 52270.517 | E45: 53857.214 | F45: 3.0355495 | G45: 5.0484007 | H45: 49602.023 | I45: 51092.728 | J45: 50708.893 | K45: -0.75125196 | L45: 2.2315025 | M45: Group of twenty (G20) | N45: 6
A46: 7 | B46: الاتحاد الأوروبي | C46: 12072.796 | D46: 14571.096 | E46: 12022.47 | F46: -17.490972 | G46: -0.41685397 | H46: 14150.586 | I46: 14808.008 | J46: 14678.486 | K46: -0.87467632 | L46: 3.7305865 | M46: European union (EU) | N46: 7
A47: (*) بيانات أولية، (-) لا ينطبق | N47: (*) Preliminary data, (-) not applicable
N48: (*) 잠정치, (-) 결측치

Sheet 4
A2: الصادرات والواردات حسب الدول، القيمة بالمليون ريال
A3: Exports and imports by country, value in SAR million
A4: 국가별 수출입
A5: 단위: 백만 사우디리얄
C6: صادرات Export | H6: واردات Import
C7: 수출 | H7: 수입
A8: الترتيب حسب الحجم التجاري | B8: الدول | C8: أكتوبر Oct | D8: سبتمبر Sep | E8: أكتوبر Oct | F8: التغير على أساس: Change based on: | H8: أكتوبر Oct | I8: سبتمبر Sep | J8: أكتوبر Oct | K8: التغير على أساس: Change based on: | M8: Country | N8: Rank by trading volume
C9: 2024 | D9: 2025* | E9: 2025* | F9: شهري Monthly | G9: سنوي Yearly | H9: 2024 | I9: 2025* | J9: 2025* | K9: شهري Monthly | L9: سنوي Yearly
F10: 전월대비 백분율 변화 | G10: 전년동월대비 백분율 변화 | K10: 전월대비 백분율 변화 | L10: 전년동월대비 백분율 변화
A11: 1 | B11: الصين | C11: 15008.889 | D11: 14840.687 | E11: 14680.904 | F11: -1.0766513 | G11: -2.1852724 | H11: 19433.634 | I11: 22457.746 | J11: 19847.315 | K11: -11.623746 | L11: 2.1286859 | M11: China | N11: 1
A12: 2 | B12: الإمارات العربية المتحدة | C12: 7172.3368 | D12: 10884.326 | E12: 11377.938 | F12: 4.5350767 | G12: 58.636421 | H12: 4373.3387 | I12: 4314.4763 | J12: 5149.142 | K12: 19.3457 | L12: 17.739383 | M12: United Arab Emirates | N12: 2
A13: 3 | B13: الهند | C13: 8813 | D13: 10116.567 | E13: 10256.258 | F13: 1.3808134 | G13: 16.376465 | H13: 4278.8869 | I13: 3511.8818 | J13: 3894.009 | K13: 10.880982 | L13: -8.9948122 | M13: India | N13: 3
A14: 4 | B14: الولايات المتحدة الأمريكية | C14: 2401.3019 | D14: 3452.9191 | E14: 5205.9735 | F14: 50.770213 | G14: 116.79796 | H14: 6114.787 | I14: 6855.9884 | J14: 6991.6419 | K14: 1.9786136 | L14: 14.339909 | M14: U.S.A | N14: 4
A15: 5 | B15: اليابان | C15: 8703.1041 | D15: 5961.0128 | E15: 8378.6484 | F15: 40.557465 | G15: -3.7280448 | H15: 3028.4759 | I15: 2720.8015 | J15: 3520.0499 | K15: 29.375477 | L15: 16.231727 | M15: Japan | N15: 5
A16: 6 | B16: كوريا الجنوبية | C16: 8319.9078 | D16: 8517.3363 | E16: 7377.0081 | F16: -13.388321 | G16: -11.333055 | H16: 1955.0395 | I16: 1384.3249 | J16: 1524.7962 | K16: 10.147277 | L16: -22.006887 | M16: South Korea | N16: 6
A17: 7 | B17: مصر | C17: 3512.0476 | D17: 2608.0636 | E17: 4017.3434 | F17: 54.035482 | G17: 14.387497 | H17: 2648.7444 | I17: 1917.1877 | J17: 2208.8122 | K17: 15.21106 | L17: -16.609084 | M17: Egypt | N17: 7
A18: 8 | B18: مملكة البحرين | C18: 2322.7023 | D18: 3102.9125 | E18: 5057.0422 | F18: 62.977274 | G18: 117.72235 | H18: 638.9255 | I18: 956.94616 | J18: 835.63088 | K18: -12.677336 | L18: 30.786904 | M18: Kingdom of Bahrain | N18: 8
A19: 9 | B19: سويسرا | C19: 484.64569 | D19: 648.64732 | E19: 280.53381 | F19: -56.750949 | G19: -42.115691 | H19: 1823.9207 | I19: 1747.3507 | J19: 4059.2717 | K19: 132.31008 | L19: 122.55747 | M19: Switzerland | N19: 9
A20: 10 | B20: فرنسا | C20: 2136.6028 | D20: 2008.6299 | E20: 1731.6283 | F20: -13.790579 | G20: -18.954134 | H20: 1473.8372 | I20: 2387.8959 | J20: 2413.1144 | K20: 1.0560975 | L20: 63.730054 | M20: France | N20: 10
A21: 11 | B21: ألمانيا | C21: 182.06518 | D21: 398.59154 | E21: 254.47794 | F21: -36.15571 | G21: 39.772989 | H21: 3315.1323 | I21: 3201.1821 | J21: 3730.7276 | K21: 16.542187 | L21: 12.536311 | M21: Germany | N21: 11
A22: 12 | B22: سنغافورة | C22: 2689.2141 | D22: 2085.8644 | E22: 3632.8214 | F22: 74.16383 | G22: 35.088591 | H22: 493.35921 | I22: 372.62436 | J22: 292.79836 | K22: -21.422648 | L22: -40.652094 | M22: Singapore | N22: 12
... A107: 97 | B107: لاتفيا | C107: 7.977236 | D107: 0.611536 | E107: 3.287685 | F107: 437.61103 | G107: -58.786665 | H107: 17.033784 | I107: 16.915228 | J107: 13.245571 | K107: -21.694399 | L107: -22.23941 | M107: Latvia | N107: 97
A108: 98 | B108: أروبا | C108: - | D108: - | E108: - | F108: - | G108: - | H108: 1.938932 | I108: 17.801833 | J108: 14.225973 | K108: -20.087033 | L108: 633.70149 | M108: Aruba | N108: 98
A109: 99 | B109: السنغال | C109: 23.556088 | D109: 7.916838 | E109: 12.04328 | F109: 52.12235 | G109: -48.874024 | H109: 0.083508 | I109: 0.327943 | J109: 0.010227 | K109: -96.88147 | L109: -87.753269 | M109: Senegal | N109: 99
A110: 100 | B110: إستونيا | C110: 3.796191 | D110: 1.451461 | E110: 2.973918 | F110: 104.89135 | G110: -21.660475 | H110: 11.310815 | I110: 19.494032 | J110: 9.049395 | K110: -53.578639 | L110: -19.993431 | M110: Estonia | N110: 100
A111: 101 | B111: أوغندا | C111: 8.52072 | D111: 16.405513 | E111: 5.365947 | F111: -67.291806 | G111: -37.024723 | H111: 3.350627 | I111: 8.878678 | J111: 6.607899 | K111: -25.575643 | L111: 97.213805 | M111: Uganda | N111: 101
A112: 102 | B112: جمهورية الدومينيكان | C112: 4.281576 | D112: 259.86076 | E112: 5.387358 | F112: -97.926829 | G112: 25.826518 | H112: 10.363649 | I112: 9.704417 | J112: 6.458548 | K112: -33.447336 | L112: -37.680753 | M112: Dominican Republic | N112: 102
A113: 103 | B113: أوروغواي | C113: 0.279297 | D113: 1.118021 | E113: 0.335475 | F113: -69.993855 | G113: 20.114072 | H113: 5.57646 | I113: 23.724888 | J113: 10.933019 | K113: -53.917511 | L113: 96.05662 | M113: Uruguay | N113: 103
A114: 104 | B114: جواتيمالا | C114: 7.610214 | D114: 10.788391 | E114: 6.211054 | F114: -42.428357 | G114: -18.385291 | H114: 4.297343 | I114: 12.625401 | J114: 4.596398 | K114: -63.594043 | L114: 6.9590675 | M114: Guatemala | N114: 104
A115: 105 | B115: أذربيجان | C115: 7.670759 | D115: 11.607335 | E115: 7.775563 | F115: -33.011643 | G115: 1.3662794 | H115: 1.674165 | I115: 2.013839 | J115: 2.019642 | K115: 0.2881561 | L115: 20.63578 | M115: Azerbaijan | N115: 105
A116: 106 | B116: جورجيا | C116: 1.151189 | D116: 4.825125 | E116: 6.760196 | F116: 40.104059 | G116: 487.23598 | H116: 32.954983 | I116: 7.679867 | J116: 1.877529 | K116: -75.552584 | L116: -94.302746 | M116: Georgia | N116: 106
A117: 107 | B117: أنجولا | C117: 26.155872 | D117: 17.327784 | E117: 8.169468 | F117: -52.85336 | G117: -68.766218 | H117: 0.377046 | I117: 1.367377 | J117: 0.277353 | K117: -79.716421 | L117: -26.44054 | M117: Angola | N117: 107
A118: 108 | B118: موريتانيا | C118: 7.255649 | D118: 12.69868 | E118: 8.00987 | F118: -36.923602 | G118: 10.394949 | H118: 5.8e-05 | I118: 0.00252 | J118: - | K118: - | L118: - | M118: Mauritania | N118: 108
A119: 109 | B119: غيانا | C119: - | D119: - | E119: 7.461271 | F119: - | G119: - | H119: 0.011514 | I119: 0.006666 | J119: 0.039664 | K119: 495.0195 | L119: 244.48497 | M119: Guyana | N119: 109
A120: 110 | B120: ليبيريا | C120: 10.368426 | D120: 8.719588 | E120: 7.158657 | F120: -17.901431 | G120: -30.957148 | H120: - | I120: 0.186871 | J120: 0.002679 | K120: -98.566391 | L120: - | M120: Liberia | N120: 110
A121: 111 | B121: موريشيوس | C121: 157.96068 | D121: 8.005756 | E121: 2.941162 | F121: -63.261908 | G121: -98.138042 | H121: 1.842436 | I121: 1.622977 | J121: 3.379004 | K121: 108.1979 | L121: 83.398718 | M121: Mauritius | N121: 111
A122: 112 | B122: السلفادور | C122: 2.829618 | D122: 1.241588 | E122: 1.730501 | F122: 39.378038 | G122: -38.8433 | H122: 3.926232 | I122: 6.430755 | J122: 4.10756 | K122: -36.126318 | L122: 4.618372 | M122: El Salvador | N122: 112
A123: 113 | B123: زامبيا | C123: 2.262037 | D123: 1.324573 | E123: 0.966794 | F123: -27.010893 | G123: -57.260027 | H123: 61.138554 | I123: 0.280675 | J123: 4.69628 | K123: 1573.2092 | L123: -92.318628 | M123: Zambia | N123: 113
A124: 114 | B124: البوسنة والهرسك | C124: 0.757788 | D124: 0.460512 | E124: 1.048256 | F124: 127.62838 | G124: 38.331037 | H124: 3.5154 | I124: 3.550111 | J124: 4.465908 | K124: 25.796292 | L124: 27.038402 | M124: Bosnia and Herzegovina | N124: 114
A125: 115 | B125: ليختنشتاين | C125: - | D125: - | E125: - | F125: - | G125: - | H125: 2.346692 | I125: 1.828995 | J125: 4.458884 | K125: 143.78875 | L125: 90.00721 | M125: Liechtenstein | N125: 115
A126: 116 | B126: الجابون | C126: 1.366155 | D126: 11.695559 | E126: 3.798934 | F126: -67.518149 | G126: 178.07489 | H126: 2.031576 | I126: 1.093262 | J126: 0.540889 | K126: -50.525217 | L126: -73.375891 | M126: Gabon | N126: 116
A127: 117 | B127: باراغواي | C127: 2.887482 | D127: 1.836577 | E127: 1.571227 | F127: -14.448074 | G127: -45.584873 | H127: 4.914731 | I127: 0.706292 | J127: 2.446927 | K127: 246.44694 | L127: -50.212392 | M127: Paraguay | N127: 117
A128: 118 | B128: بيلاروس (روسيا البيضاء) | C128: - | D128: - | E128: - | F128: - | G128: - | H128: 2.167768 | I128: 2.090172 | J128: 3.981303 | K128: 90.477291 | L128: 83.659091 | M128: Belarus | N128: 118
A129: 119 | B129: مدغشقر | C129: 2.038546 | D129: 1.183178 | E129: 2.114755 | F129: 78.735152 | G129: 3.7383998 | H129: 2.771516 | I129: 1.508905 | J129: 1.65845 | K129: 9.9108294 | L129: -40.160908 | M129: Madagascar | N129: 119
A130: 120 | B130: ناميبيا | C130: 0.374133 | D130: 2.720517 | E130: 1.512778 | F130: -44.393731 | G130: 304.34231 | H130: 2.739673 | I130: 1.499302 | J130: 2.070947 | K130: 38.127409 | L130: -24.408971 | M130: Namibia | N130: 120
A131: 121 | B131: سيراليون | C131: 2.01772 | D131: 2.590814 | E131: 3.544804 | F131: 36.822018 | G131: 75.683643 | H131: 1.642051 | I131: 0.433005 | J131: 0.019582 | K131: -95.47765 | L131: -98.807467 | M131: Sierra Leone | N131: 121
A132: 122 | B132: جزر الأنتيل الهولندية | C132: 0.103901 | D132: 459.8259 | E132: 2.99475 | F132: -99.348721 | G132: 2782.311 | H132: 0.156453 | I132: 0.448883 | J132: 0.256468 | K132: -42.86529 | L132: 63.926547 | M132: Netherlands Antilles | N132: 122
A133: 123 | B133: الجبل الأسود | C133: - | D133: 2.065324 | E133: 3.0496 | F133: 47.65722 | G133: - | H133: 0.679452 | I133: 0.02773 | J133: 0.013883 | K133: -49.935088 | L133: -97.956736 | M133: Montenegro | N133: 123
A134: 124 | B134: جمهورية أفريقيا الوسطى | C134: - | D134: 0.062304 | E134: 2.925873 | F134: 4596.1238 | G134: - | H134: 0.394021 | I134: 0.000686 | J134: 0.072983 | K134: 10538.921 | L134: -81.477383 | M134: Central African Republic | N134: 124
A135: 125 | B135: غينيا بيساو | C135: 1.747802 | D135: 0.51924 | E135: 2.960281 | F135: 470.11806 | G135: 69.371645 | H135: - | I135: - | J135: - | K135: - | L135: - | M135: Guinea-Bissau | N135: 125
A136: 126 | B136: رواندا | C136: 3.044807 | D136: 1.589217 | E136: 2.079867 | F136: 30.873694 | G136: -31.691335 | H136: 0.02067 | I136: 0.409433 | J136: 0.637781 | K136: 55.771762 | L136: 2985.5394 | M136: Rwanda | N136: 126
A137: 127 | B137: بنين | C137: 0.346953 | D137: 0.840779 | E137: 2.343361 | F137: 178.71307 | G137: 575.41166 | H137: - | I137: 1.502277 | J137: - | K137: - | L137: - | M137: Benin | N137: 127
A138: 128 | B138: تشاد | C138: 2.097967 | D138: 2.784461 | E138: 1.994471 | F138: -28.37138 | G138: -4.9331567 | H138: 0.00185 | I138: 0.079538 | J138: 0.327829 | K138: 312.16651 | L138: 17620.486 | M138: Chad | N138: 128
A139: 129 | B139: جامبيا | C139: 5.603874 | D139: 3.598311 | E139: 2.313851 | F139: -35.696192 | G139: -58.709796 | H139: - | I139: 0.209968 | J139: - | K139: - | L139: - | M139: Gambia | N139: 129
A140: 130 | B140: زيمبابوي | C140: 0.83828 | D140: - | E140: 0.573329 | F140: - | G140: -31.606504 | H140: 2.452857 | I140: 2.24481 | J140: 1.619451 | K140: -27.857992 | L140: -33.97695 | M140: Zimbabwe | N140: 130
A141: 131 | B141: جمهورية جنوب السودان | C141: 0.121671 | D141: 0.813985 | E141: 2.023532 | F141: 148.59574 | G141: 1563.1178 | H141: - | I141: - | J141: 6.1e-05 | K141: - | L141: - | M141: South Sudan | N141: 131
A142: 132 | B142: هندوراس | C142: 0.993269 | D142: 0.499277 | E142: 1.806791 | F142: 261.88148 | G142: 81.903492 | H142: 0.65583 | I142: 0.315644 | J142: 0.129027 | K142: -59.122619 | L142: -80.326152 | M142: Honduras | N142: 132
A143: 133 | B143: سان مارينو | C143: - | D143: - | E143: - | F143: - | G143: - | H143: 3.225389 | I143: 6.54636 | J143: 1.931714 | K143: -70.491785 | L143: -40.109116 | M143: San Marino | N143: 133
A144: 134 | B144: بنما | C144: 2.076181 | D144: - | E144: 0.17168 | F144: - | G144: -91.730971 | H144: 0.258065 | I144: 0.482854 | J144: 1.746265 | K144: 261.65487 | L144: 576.67642 | M144: Panama | N144: 134
A145: 135 | B145: نيبال | C145: 1.546073 | D145: 2.818177 | E145: 1.311145 | F145: -53.47542 | G145: -15.195143 | H145: 0.540287 | I145: 0.520508 | J145: 0.587592 | K145: 12.888178 | L145: 8.7555318 | M145: Nepal | N145: 135
A146: 136 | B146: مقدونيا | C146: 0.027197 | D146: 0.012 | E146: - | F146: - | G146: - | H146: 1.942255 | I146: 1.985765 | J146: 1.841509 | K146: -7.2645051 | L146: -5.1870635 | M146: Macedonia | N146: 136
A147: 137 | B147: موناكو | C147: - | D147: - | E147: - | F147: - | G147: - | H147: 1.543133 | I147: 0.065533 | J147: 1.700273 | K147: 2494.5295 | L147: 10.183179 | M147: Monaco | N147: 137
A148: 138 | B148: مولدافيا | C148: - | D148: - | E148: 0.201637 | F148: - | G148: - | H148: 0.464903 | I148: 0.837378 | J148: 1.403024 | K148: 67.549661 | L148: 201.78855 | M148: Moldova | N148: 138
A149: 139 | B149: بوتسوانا | C149: - | D149: - | E149: - | F149: - | G149: - | H149: - | I149: - | J149: 1.506932 | K149: - | L149: - | M149: Botswana | N149: 139
A150: 140 | B150: كونجو | C150: 2.194197 | D150: 1.776399 | E150: 1.385312 | F150: -22.015718 | G150: -36.864739 | H150: 114.10891 | I150: 0.267504 | J150: - | K150: - | L150: - | M150: Congo | N150: 140
A151: 141 | B151: قرغيزستان (قرغيزيا) | C151: 0.001233 | D151: 0.011871 | E151: 0.430381 | F151: 3525.4823 | G151: 34805.191 | H151: 0.009819 | I151: 0.033557 | J151: 0.925891 | K151: 2659.159 | L151: 9329.5855 | M151: Kyrgyzstan | N151: 141
A152: 142 | B152: ألبانيا | C152: 0.448035 | D152: 1.095754 | E152: 0.859826 | F152: -21.53111 | G152: 91.910453 | H152: 2.700033 | I152: 1.35936 | J152: 0.495196 | K152: -63.571387 | L152: -81.659632 | M152: Albania | N152: 142
A153: 143 | B153: مالي | C153: 3.867644 | D153: 0.619316 | E153: 1.354203 | F153: 118.66107 | G153: -64.986359 | H153: 0.010391 | I153: 0.0097 | J153: 1e-06 | K153: -99.989691 | L153: -99.990376 | M153: Mali | N153: 143
A154: 144 | B154: لاوس | C154: - | D154: - | E154: - | F154: - | G154: - | H154: 0.456524 | I154: 0.527957 | J154: 1.115024 | K154: 111.19599 | L154: 144.24214 | M154: Laos | N154: 144
A155: 145 | B155: ملاوي | C155: 1.27151 | D155: 3.944027 | E155: 0.641852 | F155: -83.725973 | G155: -49.520491 | H155: 0.628567 | I155: - | J155: 0.353856 | K155: - | L155: -43.704331 | M155: Malawi | N155: 145
A156: 146 | B156: سورينام | C156: 0.891 | D156: 1.353 | E156: 0.804465 | F156: -40.542129 | G156: -9.7121212 | H156: 0.00021 | I156: 0.009167 | J156: 0.178881 | K156: 1851.3581 | L156: 85081.429 | M156: Suriname | N156: 146
B157: بقية الدول | C157: 129.17501 | D157: 121.08532 | E157: 5.010877 | F157: -95.861697 | G157: -96.120862 | H157: 318.17035 | I157: 11.622314 | J157: 6.907406 | K157: -40.567722 | L157: -97.829023 | M157: Other countries
B158: الاجمالي | C158: 93027.053 | D158: 101820.54 | E158: 103987.65 | F158: 2.1283598 | G158: 11.782161 | H158: 76801.991 | I158: 77390.437 | J158: 80078.643 | K158: 3.473564 | L158: 4.2663634 | M158: Total
A159: (*) بيانات أولية، (-) لا ينطبق | N159: (*) Preliminary data, (-) not applicable
N160: (*) 잠정치, (-) 결측치

Sheet 5
A2: الصادرات غير البترولية (تشمل إعادة التصدير) والواردات حسب وسيلة النقل والمنافذ الجمركية، القيمة بالمليون ريال
A3: Non-oil exports (include re-exports) and imports by mode of transport and customs port, value in SAR million
A4: 운송수단별 및 세관항구별 비유류 수출; 재수출 포함
A5: 단위: 백만 사우디리얄
C6: صادرات غير بترولية Non-oil export | H6: واردات Import
C7: 비유류 수출 | H7: 수입
A8: وسيلة النقل | B8: المنافذ الجمركية | C8: أكتوبر Oct | D8: سبتمبر Sep | E8: أكتوبر Oct | F8: التغير على أساس: Change based on: | H8: أكتوبر Oct | I8: سبتمبر Sep | J8: أكتوبر Oct | K8: التغير على أساس: Change based on: | M8: Customs port | N8: Mode
C9: 2024 | D9: 2025* | E9: 2025* | F9: شهري Monthly | G9: سنوي Yearly | H9: 2024 | I9: 2025* | J9: 2025* | K9: شهري Monthly | L9: سنوي Yearly
F10: 전월대비 백분율 변화 | G10: 전년동월대비 백분율 변화 | K10: 전월대비 백분율 변화 | L10: 전년동월대비 백분율 변화
A11: بحري | B11: المجموع | C11: 15529.275 | D11: 17572.121 | E11: 19588.536 | F11: 11.475082 | G11: 26.139415 | H11: 48202.305 | I11: 45655.93 | J11: 44492.464 | K11: -2.5483342 | L11: -7.6963968 | M11: Total | N11: Sea
B12: ميناء الملك عبدالعزيز بالدمام | C12: 2367.7817 | D12: 2547.0173 | E12: 2212.279 | F12: -13.142362 | G12: -6.5674393 | H12: 24382.466 | I12: 20380.267 | J12: 20579.513 | K12: 0.97764158 | L12: -15.597083 | M12: King Abdulaziz Seaport in Dammam
B13: ميناء جدة الإسلامي | C13: 3549.4435 | D13: 3759.5264 | E13: 3768.1826 | F13: 0.23024735 | G13: 6.1626304 | H13: 15424.831 | I13: 16606.474 | J13: 15823.854 | K13: -4.7127364 | L13: 2.5868889 | M13: Jeddah Islamic Seaport
B14: ميناء الجبيل | C14: 1866.5398 | D14: 2425.3009 | E14: 2882.4295 | F14: 18.848325 | G14: 54.426364 | H14: 499.71877 | I14: 864.58796 | J14: 1830.488 | K14: 111.71796 | L14: 266.30363 | M14: Jubail Seaport
B15: ميناء الملك فهد الصناعي بالجبيل | C15: 3775.5525 | D15: 3108.6941 | E15: 3215.1754 | F15: 3.425275 | G15: -14.842253 | H15: 645.75936 | I15: 1052.042 | J15: 854.8868 | K15: -18.740244 | L15: 32.384732 | M15: King Fahad Industrial Seaport in Jubail
B16: ميناء رأس الخير | C16: 1219.3855 | D16: 2584.2126 | E16: 3643.6294 | F16: 40.995728 | G16: 198.80865 | H16: 137.47969 | I16: 163.54585 | J16: 134.59236 | K16: -17.703593 | L16: -2.1001844 | M16: Ras Al Khair Seaport
B17: ميناء رأس تنورة | C17: 598.40232 | D17: 1280.4439 | E17: 2535.831 | F17: 98.043117 | G17: 323.76691 | H17: 1861.7328 | I17: 1382.1152 | J17: 829.11128 | K17: -40.01142 | L17: -55.465615 | M17: Ras Tanura Seaport
B18: ميناء الملك عبدالله | C18: 559.29526 | D18: 564.26076 | E18: 387.41989 | F18: -31.340274 | G18: -30.730704 | H18: 1234.3978 | I18: 1108.4366 | J18: 941.93507 | K18: -15.021298 | L18: -23.692746 | M18: King Abdullah Seaport
B19: ميناء الملك فهد الصناعي بينبع | C19: 368.41248 | D19: 449.74029 | E19: 179.8153 | F19: -60.017968 | G19: -51.191853 | H19: 1076.4073 | I19: 923.61469 | J19: 479.27813 | K19: -48.108434 | L19: -55.474276 | M19: King Fahd Industrial Seaport in Yanbu
B20: ميناء ضباء | C20: 281.15292 | D20: 237.90665 | E20: 219.13932 | F20: -7.8885252 | G20: -22.056891 | H20: 743.02558 | I20: 985.27732 | J20: 440.30955 | K20: -55.311105 | L20: -40.740997 | M20: Deba Seaport
B21: ميناء بيش | F21: - | G21: - | H21: 1079.4024 | I21: 671.99909 | J21: 737.83416 | K21: 9.7969002 | L21: -31.6442 | M21: Baish Seaport
B22: ميناء ينبع التجاري | C22: 181.73812 | D22: 281.65101 | E22: 240.94215 | F22: -14.453653 | G22: 32.576561 | H22: 399.30109 | I22: 640.44985 | J22: 738.86138 | K22: 15.366 | L22: 85.038658 | M22: Yanbu Commercial Seaport
B23: ميناء رابغ | C23: 544.30349 | D23: 333.36715 | E23: 286.0822 | F23: -14.184047 | G23: -47.440683 | H23: 399.6461 | I23: 598.45505 | J23: 589.27745 | K23: -1.5335488 | L23: 47.449821 | M23: Rabigh Seaport
B24: ميناء جازان | C24: 151.64229 | D24: 0 | E24: 17.610538 | F24: - | G24: -88.38679 | H24: 318.13661 | I24: 278.6658 | J24: 512.52306 | K24: 83.920332 | L24: 61.101568 | M24: Jazan Seaport
B25: ميناء الخفجي | C25: 65.625 | D25: 0 | E25: 0 | F25: - | G25: -100 | K25: - | L25: - | M25: Al Khafji Seaport
A26: بري | B26: المجموع | C26: 5205.3941 | D26: 5880.4879 | E26: 5888.2544 | F26: 0.1320711 | G26: 13.118321 | H26: 9178.2962 | I26: 8260.5455 | J26: 8335.1117 | K26: 0.90267822 | L26: -9.1867216 | M26: Total | N26: Land
B27: منفذ البطحاء | C27: 1914.363 | D27: 2242.9977 | E27: 2209.6863 | F27: -1.4851287 | G27: 15.426712 | H27: 3850.52 | I27: 3597.9806 | J27: 3752.6514 | K27: 4.2988217 | L27: -2.541698 | M27: Al Bat'ha Port
B28: الرياض (الميناء الجاف) | C28: 13.50762 | D28: 0.194948 | E28: 0.580094 | F28: 197.56345 | G28: -95.705431 | H28: 3082.207 | I28: 2108.6046 | J28: 2139.2245 | K28: 1.4521373 | L28: -30.594392 | M28: Riyadh (Dry Port)
B29: منفذ الحديثة | C29: 735.60397 | D29: 903.65083 | E29: 908.16779 | F29: 0.49985678 | G29: 23.458795 | H29: 548.86089 | I29: 580.81287 | J29: 507.29246 | K29: -12.658192 | L29: -7.5735824 | M29: Al Hadithah Port
B30: جسر الملك فهد | C30: 375.78759 | D30: 389.84631 | E30: 359.72083 | F30: -7.7275277 | G30: -4.27549 | H30: 750.6859 | I30: 837.1789 | J30: 822.93825 | K30: -1.7010279 | L30: 9.6248449 | M30: King Fahad Bridge
B31: منفذ سلوى | C31: 258.30927 | D31: 388.24534 | E31: 384.12892 | F31: -1.0602636 | G31: 48.708918 | H31: 246.22701 | I31: 369.48381 | J31: 290.25572 | K31: -21.442912 | L31: 17.88135 | M31: Salwa Port
B32: منفذ الربع الخالي | C32: 333.27929 | D32: 329.4682 | E32: 336.43485 | F32: 2.1145136 | G32: 0.94682091 | H32: 313.99757 | I32: 343.48058 | J32: 381.69209 | K32: 11.124797 | L32: 21.558931 | M32: Rub' Al Khali Port
B33: منفذ الخفجي | C33: 355.2633 | D33: 357.64973 | E33: 373.6112 | F33: 4.4628757 | G33: 5.1645903 | H33: 184.027 | I33: 214.31552 | J33: 207.24989 | K33: -3.2968373 | L33: 12.619284 | M33: Al Khafji Port
B34: منفذ الوديعة | C34: 436.94463 | D34: 472.5717 | E34: 497.22496 | F34: 5.2168313 | G34: 13.795874 | H34: 51.975777 | I34: 39.689644 | J34: 42.022217 | K34: 5.8770318 | L34: -19.150382 | M34: Al Wadiah Port
B35: منفذ الرقعي | C35: 400.14191 | D35: 392.60297 | E35: 376.69767 | F35: -4.0512429 | G35: -5.8589797 | H35: 86.981098 | I35: 105.90187 | J35: 139.34179 | K35: 31.576324 | L35: 60.197781 | M35: Al Raqa'i Port
B36: منفذ جديدة عرعر | C36: 258.19802 | D36: 235.4448 | E36: 219.86179 | F36: -6.6185391 | G36: -14.847607 | H36: 0.834955 | I36: 3.767187 | J36: 2.538814 | K36: -32.607168 | L36: 204.06597 | M36: Judayyidah Ar'ar Port
B37: منفذ الدرة | C37: 64.120388 | D37: 89.450963 | E37: 138.19731 | F37: 54.495053 | G37: 115.52788 | H37: 12.64807 | I37: 12.276387 | J37: 9.664677 | K37: -21.274256 | L37: -23.587733 | M37: Al Durra Port
B38: منفذ حالة عمار | C38: 59.875092 | D38: 78.364473 | E38: 83.942676 | F38: 7.1182805 | G38: 40.196321 | H38: 49.330989 | I38: 47.053516 | J38: 40.23991 | K38: -14.480546 | L38: -18.428739 | M38: Halat Ammar Port
A39: جوي | B39: المجموع | C39: 4881.433 | D39: 9035.4066 | E39: 8405.3581 | F39: -6.9731059 | G39: 72.190381 | H39: 19421.39 | I39: 23473.962 | J39: 27251.067 | K39: 16.09062 | L39: 40.314711 | M39: Total | N39: Air
B40: مطار الملك خالد الدولي بالرياض | C40: 2379.1753 | D40: 2908.3959 | E40: 3421.2867 | F40: 17.634837 | G40: 43.801376 | H40: 9703.072 | I40: 11038.814 | J40: 11991.867 | K40: 8.6336548 | L40: 23.588357 | M40: King Khalid International Airport in Riyadh
B41: مطار الملك عبدالعزيز الدولي بجدة | C41: 2238.3341 | D41: 5488.3156 | E41: 4605.5071 | F41: -16.085236 | G41: 105.75602 | H41: 4941.9407 | I41: 8263.9084 | J41: 10388.928 | K41: 25.714456 | L41: 110.21959 | M41: King Abdulaziz International Airport
B42: مطار الملك فهد الدولي بالدمام | C42: 262.56724 | D42: 638.4099 | E42: 378.13846 | F42: -40.768703 | G42: 44.015859 | H42: 4382.0162 | I42: 4074.2064 | J42: 4652.7314 | K42: 14.199697 | L42: 6.177867 | M42: King Fahad International Airport in Dammam
B43: مطار الطائف | C43: 0.005009 | D43: 0 | E43: 0 | F43: - | G43: -100 | H43: 386.72661 | I43: 92.590433 | J43: 210.58582 | K43: 127.43799 | L43: -45.546592 | M43: Taif Airport
B44: مطار الأمير سلطان بتبوك | C44: 0.001104 | D44: 0.001916 | E44: 0.002114 | F44: 10.334029 | G44: 91.485507 | H44: 4.716456 | I44: 0.291547 | J44: 0.172467 | K44: -40.844186 | L44: -96.343293 | M44: Prince Sultan Airport in Tabok
B45: مطار الأمير محمد الدولي بالمدينة | C45: 1.332777 | D45: 0.273569 | E45: 0.41183 | F45: 50.539718 | G45: -69.099857 | H45: 2.528139 | I45: 3.664291 | J45: 4.509059 | K45: 23.054064 | L45: 78.354869 | M45: Prince Mohammad Airport in Madinah
B46: مطارالأمير عبدالمحسن بينبع | F46: - | G46: - | H46: 0.000862 | I46: 0.003765 | J46: 1.903866 | K46: 50467.49 | L46: 220766.13 | M46: Prince Abdulmohsin Airport in Yanbu
B47: مطار الأمير نايف بالقصيم | C47: 0.000141 | D47: 0.0003 | E47: 0.00033 | F47: 10 | G47: 134.04255 | H47: 0.256967 | I47: 0.393854 | J47: 0.256869 | K47: -34.780655 | L47: -0.038137193 | M47: Prince Naif Airport in Qassim
B48: مطار الأحساء | F48: - | G48: - | H48: 0.075 | I48: 0.033024 | J48: 0.055977 | K48: 69.503997 | L48: -25.364 | M48: Al Ahsa Airport
B49: مطار أبها | C49: 0.0174 | D49: 0.0094 | E49: 0.0115 | F49: 22.340426 | G49: -33.908046 | H49: 0.039356 | I49: 0.044692 | J49: 0.045592 | K49: 2.0137832 | L49: 15.845106 | M49: Abha Airport
B50: مطار حائل | F50: - | G50: - | H50: 0.008578 | I50: 0.004 | J50: 0.00597 | K50: 49.25 | L50: -30.403357 | M50: Hail Airport
B51: مطار الملك عبدالله بجازان | F51: - | G51: - | H51: 0.00615 | I51: 0.006855 | J51: 0.004054 | K51: -40.860686 | L51: -34.081301 | M51: King Abdullah Airport in Jazan
B52: مطار الجوف | F52: - | G52: - | H52: 0.003085 | I52: 2.4e-05 | J52: 0.001509 | K52: 6187.5 | L52: -51.0859 | M52: Al Jouf Airport
B53: الإجمالي | C53: 25616.102 | D53: 32488.016 | E53: 33882.149 | F53: 4.2912234 | G53: 32.26895 | H53: 76801.991 | I53: 77390.437 | J53: 80078.643 | K53: 3.473564 | L53: 4.2663634 | M53: Total
A54: (*) بيانات أولية، (-) لا ينطبق، (-) لا ينطبق | N54: (*) Preliminary data, (-) not applicable, (-) not applicable
N55: (*) 잠정치, (-) 결측치

Sheet 6.1
A2: الصادرات غير البترولية (تشمل إعادة التصدير) حسب الدول والأقسام الرئيسة في شهر أكتوبر 2025*م، القيمة بالمليون ريال
A3: Non-oil exports (include re-exports) by main section in October 2025*, value in SAR million
A4: 주부문별 비유류 수출; 재수출 포함
A5: 단위: 백만 사우디리얄
A6: الدولة | B6: Country | D6: 01 | E6: 02 | F6: 03 | G6: 04 | H6: 05 | I6: 06 | J6: 07 | K6: 08 | L6: 09 | M6: 10 | N6: 11 | O6: 12 | P6: 13 | Q6: 14 | R6: 15 | S6: 16 | T6: 17 | U6: 18 | V6: 19 | W6: 20 | X6: 21
C7: الإجمالي | D7: الحيوانات ومنتجاتها | E7: منتجات نباتية | F7: دهون وزيوت وشموع حيوانية أو نباتية ومنتجاتها | G7: منتجات صناعة الأغذية، مشروبات وتبغ | H7: المنتجات المعدنية | I7: منتجات الصناعات الكيماوية | J7: لدائن ومطاط ومصنوعاتها | K7: صلال وجلود ومصنوعاتها، حقائب وما يماثلها | L7: خشب وفلين ومواد ضفر ومصنوعاتها | M7: ورق وورق مقوى ومصنوعاتهما | N7: مواد نسجية ومصنوعاتها | O7: أحذية، أغطية رأس، مظلات وعصي | P7: مصنوعات من حجر، جص، إسمنت، خزف، زجاج | Q7: أحجار أو معادن ثمينة ومصنوعاتها، مجوهرات | R7: معادن عادية ومصنوعاتها | S7: آلات وأجهزة آلية ومعدات كهربائية وأجزاؤها | T7: عربات، طائرات، بواخر، ومعدات نقل مماثلة | U7: أدوات وأجهزة للبصريات أو للتصوير أو للقياس أو للفحص أو للطب، الساعات والأدوات الموسيقية | V7: أسلحة وذخائر، أجزاؤها ولوازمها | W7: أصناف مصنوعات متنوعة | X7: تحف فنية وقطع أثرية
C8: Total | D8: Animals and their products | E8: Plant Products | F8: Animal and vegetable fats, oils, waxex and their products | G8: Prepared foodstuffs, beverages and tobacco | H8: Mineral products | I8: Products of the chemical industries | J8: Plastics, rubber and their articles | K8: Skins, leather and their articles, handbags and similar | L8: Wood, cork, plaiting materials and their articles | M8: Paper, paperboard and their articles | N8: Textiles and their articles | O8: Footwear, headgear, umbrellas, sticks | P8: Articles of stone, plaster, cement, ceramic, glass | Q8: Precious stones or metals and their articles, jewelry | R8: Base metals and their articles | S8: Machinery and mechanical appliances, electrical equipment, parts thereof | T8: Vehicles, alrcraft, vessels and associated transport equipment | U8: Optical, photographic, measuring, checking, medical instruments and apparatus; clocks and musical Instruments | V8: Arms and ammunition; parts and accessories thereof | W8: Miscellaneous manufactured articles | X8: Works of arts and antiqes
C9: 전체 | D9: 동물 및 관련 제품 | E9: 식물성 제품 | F9: 동물성 및 식물성 지방, 오일, 왁스 및 관련 제품 | G9: 조리 식품, 음료 및 담배 | H9: 광물 제품 | I9: 화학 공업 제품 | J9: 플라스틱, 고무 및 관련 제품 | K9: 피혁 및 관련 제품, 핸드백 및 유사 제품 | L9: 목재, 코르크, 조물재 및 관련 제품 | M9: 종이, 판지 및 관련 제품 | N9: 직물 및 관련 제품 | O9: 신발, 모자, 우산 및 지팡이 | P9: 석재, 석고, 시멘트, 세라믹 및 유리 제품 | Q9: 보석 또는 금속 및 관련 제품, 장신구 | R9: 비금속 및 관련 제품 | S9: 기계 및 기계 기구, 전기 장비 및 관련 제품 | T9: 차량, 선박 및 관련 운송 장비 | U9: 광학, 사진, 계측, 검사, 의료기기 및 장치; 시계 및 악기 | V9: 무기 및 탄약; 관련 부품 및 부속품 | W9: 기타 제조품 | X9: 예술품 및 골동품
A10: الإمارات العربية المتحدة | B10: United Arab Emirates | C10: 10516.162 | D10: 221.63802 | E10: 113.26399 | F10: 12.51802 | G10: 177.15392 | H10: 19.544655 | I10: 371.93831 | J10: 314.82067 | K10: 8.394392 | L10: 3.898856 | M10: 24.618513 | N10: 65.872646 | O10: 6.416019 | P10: 54.509098 | Q10: 565.87803 | R10: 366.88555 | S10: 5944.429 | T10: 2074.3528 | U10: 55.910905 | V10: 0.000106 | W10: 33.355236 | X10: 80.763374
A11: الهند | B11: India | C11: 3166.8251 | D11: 0 | E11: 14.345451 | F11: 1.379298 | G11: 2.663026 | H11: 19.289955 | I11: 1703.4325 | J11: 436.08327 | K11: 1.906838 | L11: 0 | M11: 10.278584 | N11: 1.546517 | O11: 0 | P11: 1.766344 | Q11: 526.82992 | R11: 438.81164 | S11: 4.261426 | T11: 0.667955 | U11: 0.901413 | V11: 0 | W11: 0.387694 | X11: 2.273277
A12: مملكة البحرين | B12: Kingdom of Bahrain | C12: 2370.7794 | D12: 58.268251 | E12: 13.146897 | F12: 7.912234 | G12: 45.266402 | H12: 14.780541 | I12: 40.112818 | J12: 31.680264 | K12: 0.074137 | L12: 2.647072 | M12: 8.288129 | N12: 8.817875 | O12: 0.570281 | P12: 13.940625 | Q12: 1.551698 | R12: 67.685115 | S12: 52.184001 | T12: 1964.7438 | U12: 30.13002 | V12: 0 | W12: 5.958073 | X12: 3.021216
A13: الصين | B13: China | C13: 2272.9235 | D13: 28.609384 | E13: 9.049371 | F13: 0.055813 | G13: 0.266723 | H13: 216.72523 | I13: 793.66271 | J13: 920.21786 | K13: 2.238389 | L13: 0 | M13: 0.048984 | N13: 7.474498 | O13: 0.018938 | P13: 2.089718 | Q13: 7.003349 | R13: 231.73774 | S13: 43.827583 | T13: 9.393951 | U13: 0.428629 | V13: 0 | W13: 0.049891 | X13: 0.024699
A14: سنغافورة | B14: Singapore | C14: 1171.2561 | D14: 0.603417 | E14: 1.163026 | F14: 0 | G14: 2.983188 | H14: 1.000433 | I14: 154.22944 | J14: 361.54662 | K14: 0 | L14: 0 | M14: 0.002441 | N14: 0 | O14: 0 | P14: 0 | Q14: 14.42282 | R14: 4.420246 | S14: 3.791858 | T14: 588.90594 | U14: 38.186423 | V14: 0 | W14: 0 | X14: 0.000202
A15: تركيا | B15: Turkey | C15: 879.70313 | D15: 4.536708 | E15: 16.419081 | F15: 0 | G15: 0.483116 | H15: 0.046072 | I15: 283.93944 | J15: 523.47541 | K15: 0.631358 | L15: 0.008473 | M15: 0.415022 | N15: 5.712909 | O15: 0 | P15: 0.370034 | Q15: 0 | R15: 3.735298 | S15: 33.433768 | T15: 1.000341 | U15: 4.844047 | V15: 0 | W15: 0.614668 | X15: 0.03739
A16: مصر | B16: Egypt | C16: 863.17872 | D16: 15.239581 | E16: 13.81098 | F16: 0.56109 | G16: 19.050473 | H16: 15.567571 | I16: 102.17642 | J16: 486.44293 | K16: 0.448913 | L16: 0.616284 | M16: 22.322785 | N16: 6.119567 | O16: 0.030613 | P16: 11.452623 | Q16: 0 | R16: 115.62713 | S16: 28.414068 | T16: 16.69534 | U16: 6.907556 | V16: 0 | W16: 0.435944 | X16: 1.258848
A17: الأردن | B17: Jordan | C17: 803.12233 | D17: 46.684953 | E17: 27.531761 | F17: 15.128249 | G17: 134.72425 | H17: 18.061602 | I17: 103.82459 | J17: 200.61339 | K17: 0 | L17: 1.785148 | M17: 24.086342 | N17: 6.732839 | O17: 8.7e-05 | P17: 35.568085 | Q17: 9.616423 | R17: 67.431014 | S17: 88.545793 | T17: 15.900197 | U17: 0.618293 | V17: 0 | W17: 6.037213 | X17: 0.232094
A18: دولة الكويت | B18: State of Kuwait | C18: 726.61744 | D18: 126.33875 | E18: 32.053336 | F18: 11.719995 | G18: 93.3281 | H18: 18.530702 | I18: 113.40295 | J18: 46.866263 | K18: 0.062718 | L18: 4.801435 | M18: 17.159818 | N18: 8.475829 | O18: 1.375114 | P18: 29.902427 | Q18: 6.918672 | R18: 103.82436 | S18: 73.181737 | T18: 11.462768 | U18: 11.997205 | V18: 0 | W18: 14.706994 | X18: 0.508264
A19: فرنسا | B19: France | C19: 671.41326 | D19: 0 | E19: 1.377181 | F19: 0 | G19: 0 | H19: 0 | I19: 2.700359 | J19: 4.313499 | K19: 0.092415 | L19: 0.071 | M19: 0.001865 | N19: 1.324702 | O19: 0.358265 | P19: 0.052471 | Q19: 6.166511 | R19: 13.472747 | S19: 535.61274 | T19: 9.833991 | U19: 3.538166 | V19: 90 | W19: 1.320869 | X19: 1.176473
A20: الولايات المتحدة الأمريكية | B20: U.S.A | C20: 651.62525 | D20: 0.501343 | E20: 4.574552 | F20: 0 | G20: 2.826356 | H20: 7.568494 | I20: 149.40292 | J20: 54.564058 | K20: 0.001453 | L20: 0.00156 | M20: 1.597436 | N20: 16.082729 | O20: 0.0007 | P20: 6.184061 | Q20: 0.036689 | R20: 108.3127 | S20: 208.24667 | T20: 66.600034 | U20: 7.8468 | V20: 16.921172 | W20: 0.130904 | X20: 0.22462
A21: الجمهورية اليمنية | B21: Republic of Yemen | C21: 552.20148 | D21: 29.285253 | E21: 22.241995 | F21: 1.635873 | G21: 111.27213 | H21: 8.525617 | I21: 28.497757 | J21: 206.55047 | K21: 0.01523 | L21: 19.231751 | M21: 9.726734 | N21: 18.181566 | O21: 2.134449 | P21: 22.853981 | Q21: 1.293261 | R21: 17.557977 | S21: 25.529097 | T21: 4.713836 | U21: 2.872492 | V21: 0 | W21: 19.457409 | X21: 0.6246
... A148: دول أخرى (القيمة أقل من 0.5 | B148: Other countries (value <0.5) | C148: 2.363334 | D148: 0.201277 | E148: 0.238054 | F148: 0 | G148: 0.771125 | H148: 0 | I148: 0 | J148: 0.610945 | K148: 0 | L148: 0 | M148: 0.002834 | N148: 0.0173 | O148: 0 | P148: 0.17168 | Q148: 0 | R148: 0.07605 | S148: 0.072305 | T148: 0.00256 | U148: 0 | V148: 0 | W148: 0.05659 | X148: 0.142614
A149: (*) بيانات أولية | X149: (*) Preliminary data
X150: (*) 잠정치

Sheet 6.2
A2: الواردات حسب الدول والأقسام الرئيسة في شهر أكتوبر 2025*م، القيمة بالمليون ريال
A3: Imports by main section in October 2025*, value in SAR million
A4: 주부문별 수입
A5: 단위: 백만 사우디리얄
A6: الدولة | B6: Country | D6: 01 | E6: 02 | F6: 03 | G6: 04 | H6: 05 | I6: 06 | J6: 07 | K6: 08 | L6: 09 | M6: 10 | N6: 11 | O6: 12 | P6: 13 | Q6: 14 | R6: 15 | S6: 16 | T6: 17 | U6: 18 | V6: 19 | W6: 20 | X6: 21
C7: الإجمالي | D7: الحيوانات ومنتجاتها | E7: منتجات نباتية | F7: دهون وزيوت وشموع حيوانية أو نباتية ومنتجاتها | G7: منتجات صناعة الأغذية، مشروبات وتبغ | H7: المنتجات المعدنية | I7: منتجات الصناعات الكيماوية | J7: لدائن ومطاط ومصنوعاتها | K7: صلال وجلود ومصنوعاتها، حقائب وما يماثلها | L7: خشب وفلين ومواد ضفر ومصنوعاتها | M7: ورق وورق مقوى ومصنوعاتهما | N7: مواد نسجية ومصنوعاتها | O7: أحذية، أغطية رأس، مظلات وعصي | P7: مصنوعات من حجر، جص، إسمنت، خزف، زجاج | Q7: أحجار أو معادن ثمينة ومصنوعاتها، مجوهرات | R7: معادن عادية ومصنوعاتها | S7: آلات وأجهزة آلية ومعدات كهربائية وأجزاؤها | T7: عربات، طائرات، بواخر، ومعدات نقل مماثلة | U7: أدوات وأجهزة للبصريات أو للتصوير أو للقياس أو للفحص أو للطب، الساعات والأدوات الموسيقية | V7: أسلحة وذخائر، أجزاؤها ولوازمها | W7: أصناف مصنوعات متنوعة | X7: تحف فنية وقطع أثرية
C8: Total | D8: Animals and their products | E8: Plant Products | F8: Animal and vegetable fats, oils, waxex and their products | G8: Prepared foodstuffs, beverages and tobacco | H8: Mineral products | I8: Products of the chemical industries | J8: Plastics, rubber and their articles | K8: Skins, leather and their articles, handbags and similar | L8: Wood, cork, plaiting materials and their articles | M8: Paper, paperboard and their articles | N8: Textiles and their articles | O8: Footwear, headgear, umbrellas, sticks | P8: Articles of stone, plaster, cement, ceramic, glass | Q8: Precious stones or metals and their articles, jewelry | R8: Base metals and their articles | S8: Machinery and mechanical appliances, electrical equipment, parts thereof | T8: Vehicles, alrcraft, vessels and associated transport equipment | U8: Optical, photographic, measuring, checking, medical instruments and apparatus; clocks and musical Instruments | V8: Arms and ammunition; parts and accessories thereof | W8: Miscellaneous manufactured articles | X8: Works of arts and antiqes
C9: 전체 | D9: 동물 및 관련 제품 | E9: 식물성 제품 | F9: 동물성 및 식물성 지방, 오일, 왁스 및 관련 제품 | G9: 조리 식품, 음료 및 담배 | H9: 광물 제품 | I9: 화학 공업 제품 | J9: 플라스틱, 고무 및 관련 제품 | K9: 피혁 및 관련 제품, 핸드백 및 유사 제품 | L9: 목재, 코르크, 조물재 및 관련 제품 | M9: 종이, 판지 및 관련 제품 | N9: 직물 및 관련 제품 | O9: 신발, 모자, 우산 및 지팡이 | P9: 석재, 석고, 시멘트, 세라믹 및 유리 제품 | Q9: 보석 또는 금속 및 관련 제품, 장신구 | R9: 비금속 및 관련 제품 | S9: 기계 및 기계 기구, 전기 장비 및 관련 제품 | T9: 차량, 선박 및 관련 운송 장비 | U9: 광학, 사진, 계측, 검사, 의료기기 및 장치; 시계 및 악기 | V9: 무기 및 탄약; 관련 부품 및 부속품 | W9: 기타 제조품 | X9: 예술품 및 골동품
A10: الصين | B10: China | C10: 19847.315 | D10: 1.804475 | E10: 78.6043 | F10: 2.309375 | G10: 87.032588 | H10: 62.808304 | I10: 582.17685 | J10: 868.36725 | K10: 93.219129 | L10: 126.34648 | M10: 188.3044 | N10: 1056.0005 | O10: 197.6139 | P10: 294.10282 | Q10: 153.3522 | R10: 2185.7187 | S10: 10138.035 | T10: 1904.9991 | U10: 361.68268 | V10: 0.490096 | W10: 791.98697 | X10: 672.35941
A11: الولايات المتحدة الأمريكية | B11: U.S.A | C11: 6991.6419 | D11: 69.110761 | E11: 200.19261 | F11: 2.391773 | G11: 124.51699 | H11: 20.276285 | I11: 994.46492 | J11: 162.84924 | K11: 0.951348 | L11: 4.020038 | M11: 36.934117 | N11: 21.797141 | O11: 4.146404 | P11: 11.682205 | Q11: 7.089868 | R11: 175.037 | S11: 3234.9668 | T11: 1187.7676 | U11: 490.92755 | V11: 26.76082 | W11: 45.229027 | X11: 170.5294
A12: الإمارات العربية المتحدة | B12: United Arab Emirates | C12: 5149.142 | D12: 43.911733 | E12: 60.712222 | F12: 17.080212 | G12: 226.74397 | H12: 488.76331 | I12: 341.86842 | J12: 251.71052 | K12: 8.82345 | L12: 5.893248 | M12: 50.404354 | N12: 51.485197 | O12: 8.607259 | P12: 62.3864 | Q12: 2459.8814 | R12: 341.20807 | S12: 412.65291 | T12: 111.60463 | U12: 22.475615 | V12: 0.013696 | W12: 52.153956 | X12: 130.76145
A13: سويسرا | B13: Switzerland | C13: 4059.2717 | D13: 1.13494 | E13: 2.69764 | F13: 0 | G13: 38.110775 | H13: 0.233848 | I13: 202.09403 | J13: 5.917169 | K13: 0.788313 | L13: 0.76149 | M13: 0.729378 | N13: 2.212877 | O13: 0.344793 | P13: 0.847354 | Q13: 3377.9315 | R13: 7.452446 | S13: 106.83443 | T13: 13.900117 | U13: 293.77552 | V13: 0.00093 | W13: 3.371502 | X13: 0.132661
A14: الهند | B14: India | C14: 3894.009 | D14: 134.78895 | E14: 407.20101 | F14: 5.739478 | G14: 97.23029 | H14: 44.862444 | I14: 457.23634 | J14: 138.49307 | K14: 6.025561 | L14: 11.397132 | M14: 22.135771 | N14: 211.77301 | O14: 12.923166 | P14: 48.670124 | Q14: 135.21224 | R14: 880.58933 | S14: 573.18448 | T14: 641.24427 | U14: 34.973076 | V14: 0 | W14: 28.799569 | X14: 1.529723
A15: ألمانيا | B15: Germany | C15: 3730.7276 | D15: 49.618866 | E15: 58.554371 | F15: 0.2043 | G15: 102.68067 | H15: 7.082408 | I15: 613.49404 | J15: 126.00931 | K15: 0.646371 | L15: 18.067037 | M15: 24.252086 | N15: 6.335115 | O15: 1.784781 | P15: 15.745882 | Q15: 9.757118 | R15: 183.75488 | S15: 1694.9515 | T15: 534.99188 | U15: 203.78895 | V15: 4.113869 | W15: 74.396361 | X15: 0.497853
A16: اليابان | B16: Japan | C16: 3520.0499 | D16: 2.455144 | E16: 4.860721 | F16: 0.04949 | G16: 6.758295 | H16: 2.370205 | I16: 104.3172 | J16: 112.95995 | K16: 0.13304 | L16: 0.378904 | M16: 4.351686 | N16: 49.380339 | O16: 0.053141 | P16: 6.545953 | Q16: 88.772636 | R16: 95.897824 | S16: 454.64775 | T16: 2501.606 | U16: 72.787063 | V16: 0.008913 | W16: 11.181478 | X16: 0.534141
A17: إيطاليا | B17: Italy | C17: 2416.747 | D17: 12.119309 | E17: 62.407495 | F17: 2.625059 | G17: 127.91668 | H17: 8.861462 | I17: 422.28292 | J17: 51.071 | K17: 35.567944 | L17: 19.245954 | M17: 16.841542 | N17: 62.463402 | O17: 41.561259 | P17: 45.470467 | Q17: 48.177862 | R17: 203.75322 | S17: 956.04527 | T17: 115.58509 | U17: 92.730942 | V17: 7.411531 | W17: 81.368683 | X17: 3.23992
A18: فرنسا | B18: France | C18: 2413.1144 | D18: 62.171053 | E18: 125.72043 | F18: 0.456227 | G18: 101.06038 | H18: 4.423159 | I18: 372.80606 | J18: 19.074463 | K18: 6.013633 | L18: 0.761978 | M18: 9.526509 | N18: 7.371917 | O18: 0.813414 | P18: 4.518046 | Q18: 30.586042 | R18: 97.021217 | S18: 1120.6725 | T18: 276.31975 | U18: 65.088047 | V18: 94.420143 | W18: 11.060356 | X18: 3.22907
A19: مصر | B19: Egypt | C19: 2208.8122 | D19: 30.613458 | E19: 101.13028 | F19: 24.956864 | G19: 156.04554 | H19: 1329.5431 | I19: 129.53179 | J19: 35.469557 | K19: 0.093237 | L19: 3.005128 | M19: 11.125681 | N19: 38.349561 | O19: 1.205679 | P19: 18.117267 | Q19: 0.54399 | R19: 217.1332 | S19: 68.75894 | T19: 11.64788 | U19: 1.337421 | V19: 0 | W19: 30.010557 | X19: 0.193045
A20: فيتنام | B20: Vietnam | C20: 2147.5212 | D20: 31.231711 | E20: 73.634477 | F20: 1.4e-05 | G20: 14.323192 | H20: 29.9669 | I20: 15.789812 | J20: 13.586233 | K20: 4.695554 | L20: 7.916791 | M20: 0.366702 | N20: 45.672648 | O20: 55.606015 | P20: 0.491453 | Q20: 0.626717 | R20: 79.464704 | S20: 1725.671 | T20: 4.146717 | U20: 8.323294 | V20: 0 | W20: 35.984788 | X20: 0.022457
A21: المملكة المتحدة | B21: United Kingdom | C21: 1569.5411 | D21: 13.103161 | E21: 2.904422 | F21: 0.242783 | G21: 64.706909 | H21: 8.408185 | I21: 279.75276 | J21: 91.288361 | K21: 0.362685 | L21: 0.733464 | M21: 10.465957 | N21: 34.803792 | O21: 16.091939 | P21: 16.808359 | Q21: 50.861001 | R21: 65.449318 | S21: 321.26867 | T21: 371.58952 | U21: 105.94972 | V21: 36.715577 | W21: 22.871641 | X21: 55.162899
... A136: دول أخرى (القيمة أقل من 0.5 | B136: Other countries (value <0.5) | C136: 5.92021 | D136: 0.220291 | E136: 0.862827 | F136: 0.001624 | G136: 0.916602 | H136: 0.002325 | I136: 0.123757 | J136: 0.085036 | K136: 0.021182 | L136: 0.49131 | M136: 0.000879 | N136: 0.847269 | O136: 0.027461 | P136: 0.185179 | Q136: 0.003465 | R136: 0.926481 | S136: 0.814378 | T136: 0.162669 | U136: 0.173954 | V136: 0 | W136: 0.01448 | X136: 0.039041
A137: (*) بيانات أولية | X137: (*) Preliminary data
X138: (*) 잠정치

Sheet 7
A2: الواردات حسب استخدام المواد وحسب طبيعة المواد، القيمة بالمليون ريال
A3: Imports by utilization of items and by nature of items, value in SAR million
A4: 품목활용별 및 품목성격별 수입
A5: 단위: 백만 사우디리얄
A6: رمز | B6: المواد | C6: أكتوبر Oct | D6: سبتمبر Sep | E6: أكتوبر Oct | F6: التغير على أساس: Change based on: | H6: Items | I6: 품목 | J6: Code
C7: 2024 | D7: 2025* | E7: 2025* | F7: شهري Monthly | G7: سنوي Yearly
F8: 전월대비 백분율 변화 | G8: 전년동월대비 백분율 변화
B9: استخدام المواد: | H9: Utilization of items: | I9: 품목활용별:
A10: 1 | B10: الاستهلاك النهائي | C10: 26144.024 | D10: 24295.366 | E10: 22693.73 | F10: -6.5923525 | G10: -13.197258 | H10: Final Consumption | I10: 최종 소비재 | J10: 1
A11: 2 | B11: وسيطة | C11: 34665.333 | D11: 33038.483 | E11: 38130.53 | F11: 15.412473 | G11: 9.9961444 | H11: Intermediate Consumption | I11: 중간 소비재 | J11: 2
A12: 3 | B12: رأسمالية | C12: 15992.634 | D12: 20056.588 | E12: 19254.384 | F12: -3.9997071 | G12: 20.395323 | H12: Fixed Assets (Capital) | I12: 고정 자산 | J12: 3
B13: الإجمالي | C13: 76801.991 | D13: 77390.437 | E13: 80078.643 | F13: 3.473564 | G13: 4.2663634 | H13: Total | I13: 전체
B14: طبيعة المواد: | H14: Nature of items: | I14: 품목성격별:
A15: 1 | B15: خام | C15: 2293.2944 | D15: 2020.5308 | E15: 2167.3755 | F15: 7.2676304 | G15: -5.4907427 | H15: Raw Materials | I15: 원자재 | J15: 1
A16: 2 | B16: نصف مصنعة | C16: 18208.634 | D16: 16849.819 | E16: 21374.088 | F16: 26.850548 | G16: 17.38436 | H16: Semi-Finished Goods | I16: 반제품 | J16: 2
A17: 3 | B17: مصنعة | C17: 56300.064 | D17: 58520.087 | E17: 56537.18 | F17: -3.3884213 | G17: 0.42116573 | H17: Finished Goods | I17: 최종제품 | J17: 3
B18: الإجمالي | C18: 76801.991 | D18: 77390.437 | E18: 80078.643 | F18: 3.473564 | G18: 4.2663634 | H18: Total | I18: 전체
A19: (*) بيانات أولية | J19: (*) Preliminary data
J20: (*) 잠정치

Sheet 8
A2: نسبة الصادرات غير البترولية (تشمل إعادة التصدير) للواردات، شهري، القيمة بالمليون ريال
A3: Ratio of non-oil exports (including re-exports) to imports, monthly, value in SAR million
A4: 수입 대비 비유류 수출 (재수출 포함) 비율
A5: 단위: 백만 사우디리얄
A6: السنة Year | B6: الشهر | C6: Month | D6: الصادرات غير البترولية Non-oil exports (A) | E6: الواردات Imports (B) | F6: نسبة الصادرات غير البترولية للواردات (%) Ratio of Non-oil Exports* to Imports (%) (C) = (A / B) * 100
D7: 비유류 수출 | E7: 수입 | F7: 수입 대비 비유류 수출 비율
A8: 2017 | B8: يناير | C8: January | D8: 14802.414 | E8: 45353.096 | F8: 32.638155
B9: فبراير | C9: February | D9: 13377.157 | E9: 38864.131 | F9: 34.420316
B10: مارس | C10: March | D10: 17322.425 | E10: 41503.249 | F10: 41.737516
B11: أبريل | C11: April | D11: 15459.905 | E11: 44124.793 | F11: 35.036775
B12: مايو | C12: May | D12: 16652.063 | E12: 47263.031 | F12: 35.232745
B13: يونيو | C13: June | D13: 13245.551 | E13: 35322.48 | F13: 37.498927
B14: يوليو | C14: July | D14: 16172.119 | E14: 44894.211 | F14: 36.022728
B15: أغسطس | C15: August | D15: 17814.306 | E15: 43538.375 | F15: 40.916331
B16: سبتمبر | C16: September | D16: 12895.136 | E16: 35420.926 | F16: 36.405418
B17: أكتوبر | C17: October | D17: 17944.112 | E17: 44668.278 | F17: 40.171937
B18: نوفمبر | C18: November | D18: 18960.673 | E18: 40691.838 | F18: 46.595765
B19: ديسمبر | C19: December | D19: 18833.144 | E19: 42802.209 | F19: 44.000401
A20: 2018 | B20: يناير | C20: January | D20: 18041.062 | E20: 42205.096 | F20: 42.74617
B21: فبراير | C21: February | D21: 18287.113 | E21: 42044.502 | F21: 43.49466
B22: مارس | C22: March | D22: 20259.273 | E22: 41806.037 | F22: 48.460162
B23: أبريل | C23: April | D23: 20873.752 | E23: 47224.032 | F23: 44.201545
B24: مايو | C24: May | D24: 21999.1 | E24: 48527.66 | F24: 45.333115
B25: يونيو | C25: June | D25: 17884.652 | E25: 37268.086 | F25: 47.989189
B26: يوليو | C26: July | D26: 21540.878 | E26: 48363.986 | F26: 44.539087
B27: أغسطس | C27: August | D27: 16638.929 | E27: 37265.705 | F27: 44.649441
B28: سبتمبر | C28: September | D28: 19310.687 | E28: 42391.673 | F28: 45.55302
B29: أكتوبر | C29: October | D29: 20022.687 | E29: 46086.49 | F29: 43.445893
B30: نوفمبر | C30: November | D30: 20191.454 | E30: 38908.824 | F30: 51.89428
B31: ديسمبر | C31: December | D31: 20408.495 | E31: 41900.598 | F31: 48.706931
A32: 2019 | B32: يناير | C32: January | D32: 19399.531 | E32: 46104.348 | F32: 42.077444
B33: فبراير | C33: February | D33: 18531.186 | E33: 41087.701 | F33: 45.101541
B34: مارس | C34: March | D34: 21308.863 | E34: 44999.794 | F34: 47.353246
B35: أبريل | C35: April | D35: 20562.847 | E35: 54200.396 | F35: 37.938556
B36: مايو | C36: May | D36: 18564.825 | E36: 54376.124 | F36: 34.1415
B37: يونيو | C37: June | D37: 17667.719 | E37: 43242.092 | F37: 40.857689
B38: يوليو | C38: July | D38: 19003.161 | E38: 54181.396 | F38: 35.073221
B39: أغسطس | C39: August | D39: 16799.207 | E39: 47158.918 | F39: 35.622547
B40: سبتمبر | C40: September | D40: 20066.612 | E40: 44111.172 | F40: 45.490997
B41: أكتوبر | C41: October | D41: 18944.881 | E41: 49799.586 | F41: 38.042247
B42: نوفمبر | C42: November | D42: 18370.195 | E42: 44078.893 | F42: 41.675717
B43: ديسمبر | C43: December | D43: 19965.206 | E43: 51021.036 | F43: 39.131323
A44: 2020 | B44: يناير | C44: January | D44: 16971.573 | E44: 46017.675 | F44: 36.880553
B45: فبراير | C45: February | D45: 16028.08 | E45: 43044.387 | F45: 37.236169
B46: مارس | C46: March | D46: 15659.657 | E46: 43318.699 | F46: 36.149879
B47: أبريل | C47: April | D47: 13411.006 | E47: 41789.809 | F47: 32.09157
B48: مايو | C48: May | D48: 12945.503 | E48: 36915.969 | F48: 35.067488
B49: يونيو | C49: June | D49: 16807.001 | E49: 46143.006 | F49: 36.423724
B50: يوليو | C50: July | D50: 17616.105 | E50: 40298.209 | F50: 43.714361
B51: أغسطس | C51: August | D51: 18098.262 | E51: 40739.298 | F51: 44.424579
B52: سبتمبر | C52: September | D52: 18302.584 | E52: 41995.056 | F52: 43.582712
B53: أكتوبر | C53: October | D53: 18967.731 | E53: 43035.318 | F53: 44.074801
B54: نوفمبر | C54: November | D54: 20602.25 | E54: 48714.608 | F54: 42.291729
B55: ديسمبر | C55: December | D55: 18942.986 | E55: 45478.561 | F55: 41.652562
A56: 2021 | B56: يناير | C56: January | D56: 19002.757 | E56: 48050.632 | F56: 39.547362
B57: فبراير | C57: February | D57: 18672.259 | E57: 41041.416 | F57: 45.496139
B58: مارس | C58: March | D58: 22467.056 | E58: 50300.032 | F58: 44.666087
B59: أبريل | C59: April | D59: 20038.396 | E59: 49702.66 | F59: 40.316546
B60: مايو | C60: May | D60: 22038.955 | E60: 44214.152 | F60: 49.845929
B61: يونيو | C61: June | D61: 23695.657 | E61: 46506.782 | F61: 50.950971
B62: يوليو | C62: July | D62: 21080.852 | E62: 46599.588 | F62: 45.238279
B63: أغسطس | C63: August | D63: 22989.21 | E63: 50829.81 | F63: 45.22781
B64: سبتمبر | C64: September | D64: 25319.47 | E64: 47326.976 | F64: 53.499023
B65: أكتوبر | C65: October | D65: 23867.49 | E65: 45851.977 | F65: 52.053351
B66: نوفمبر | C66: November | D66: 28312.146 | E66: 49558.592 | F66: 57.128632
B67: ديسمبر | C67: December | D67: 30063.492 | E67: 53202.531 | F67: 56.507634
A68: 2022 | B68: يناير | C68: January | D68: 24619.558 | E68: 52350.524 | F68: 47.028293
B69: فبراير | C69: February | D69: 25026.676 | E69: 49266.231 | F69: 50.798844
B70: مارس | C70: March | D70: 28941.97 | E70: 56287.947 | F70: 51.417704
B71: أبريل | C71: April | D71: 27956.72 | E71: 57324.396 | F71: 48.769323
B72: مايو | C72: May | D72: 27525.311 | E72: 55958.987 | F72: 49.188365
B73: يونيو | C73: June | D73: 30703.491 | E73: 62070.883 | F73: 49.465208
B74: يوليو | C74: July | D74: 27142.794 | E74: 57555.576 | F74: 47.159278
B75: أغسطس | C75: August | D75: 26799.615 | E75: 63796.635 | F75: 42.007881
B76: سبتمبر | C76: September | D76: 24998.307 | E76: 61458.586 | F76: 40.675045
B77: أكتوبر | C77: October | D77: 25577.906 | E77: 66275.154 | F77: 38.593507
B78: نوفمبر | C78: November | D78: 22753.359 | E78: 64754.098 | F78: 35.138099
B79: ديسمبر | C79: December | D79: 23617.998 | E79: 64938.981 | F79: 36.369524
A80: 2023 | B80: يناير | C80: January | D80: 23185.442 | E80: 66071.6 | F80: 35.091389
B81: فبراير | C81: February | D81: 20936.327 | E81: 56195.934 | F81: 37.255947
B82: مارس | C82: March | D82: 23461.672 | E82: 66686.295 | F82: 35.18215
B83: أبريل | C83: April | D83: 19910.342 | E83: 61116.955 | F83: 32.577444
B84: مايو | C84: May | D84: 26707.945 | E84: 68437.407 | F84: 39.02536
B85: يونيو | C85: June | D85: 20122.97 | E85: 60800.478 | F85: 33.09673
B86: يوليو | C86: July | D86: 21321.62 | E86: 66794.126 | F86: 31.9214
B87: أغسطس | C87: August | D87: 25609.117 | E87: 67436.825 | F87: 37.974974
B88: سبتمبر | C88: September | D88: 21140.605 | E88: 60754.794 | F88: 34.796604
B89: أكتوبر | C89: October | D89: 22528.701 | E89: 74866.784 | F89: 30.091717
B90: نوفمبر | C90: November | D90: 22505.488 | E90: 64663.488 | F90: 34.804012
B91: ديسمبر | C91: December | D91: 24942.093 | E91: 62199.572 | F91: 40.100105
A92: 2024 | B92: يناير | C92: January | D92: 23926.922 | E92: 66831.902 | F92: 35.801648
B93: فبراير | C93: February | D93: 22844.014 | E93: 66899.471 | F93: 34.146778
B94: مارس | C94: March | D94: 24415.834 | E94: 73883.478 | F94: 33.046406
B95: أبريل | C95: April | D95: 22763.286 | E95: 64363.523 | F95: 35.36675
B96: مايو | C96: May | D96: 29361.226 | E96: 75099.337 | F96: 39.096518
B97: يونيو | C97: June | D97: 22477.023 | E97: 68834.009 | F97: 32.653951
B98: يوليو | C98: July | D98: 25858.586 | E98: 77487.681 | F98: 33.371222
B99: أغسطس | C99: August | D99: 27742.528 | E99: 69725.233 | F99: 39.788362
B100: سبتمبر | C100: September | D100: 26348.372 | E100: 73325.747 | F100: 35.933316
B101: أكتوبر | C101: October | D101: 25616.102 | E101: 76801.991 | F101: 33.353435
...

Sheet 9
A2: التبادل التجاري غير البترولي مع دول مجلس التعاون الخليجي في شهر أكتوبر، القيمة بالمليون ريال
A3: Non-oil trade with the GCC countries in October, value in SAR million
A4: GCC 국가들과의 비유류 무역
A5: 단위: 백만 사우디리얄
A6: الدول | B6: Countries | C6: الصادرات السلعية غير البترولية Non-oil Goods Exports | I6: الواردات السلعية Goods imports | K6: الميزان التجاري بدون البترول Non-oil trade balance
C7: 비유류 상품 수출
C8: الصادرات الوطنية National exports | E8: إعادة التصدير Re-exports | G8: الإجمالي Total
C9: 국내생산품 수출 | E9: 재수출 | G9: 전체 수출 | I9: 상품 수입 | K9: 비유류 무역수지
C10: 2024 | D10: *2025 | E10: 2024 | F10: *2025 | G10: 2024 | H10: *2025 | I10: 2024 | J10: *2025 | K10: 2024 | L10: *2025
A11: الإمارات العربية المتحدة | B11: United Arab Emirates | C11: 2363.4223 | D11: 2587.4894 | E11: 3625.4583 | F11: 7928.6728 | G11: 5988.8806 | H11: 10516.162 | I11: 4373.3387 | J11: 5149.142 | K11: 1615.5419 | L11: 5367.0202
A12: دولة الكويت | B12: State of Kuwait | C12: 546.46684 | D12: 623.90736 | E12: 88.238128 | F12: 102.71008 | G12: 634.70497 | H12: 726.61744 | I12: 131.53395 | J12: 139.02258 | K12: 503.17101 | L12: 587.59486
A13: سلطنة عمان | B13: Sultanate of Oman | C13: 608.91763 | D13: 313.84078 | E13: 78.336816 | F13: 121.31353 | G13: 687.25445 | H13: 435.15432 | I13: 1004.9115 | J13: 930.15058 | K13: -317.65705 | L13: -494.99626
A14: مملكة البحرين | B14: Kingdom of Bahrain | C14: 324.99289 | D14: 301.26826 | E14: 141.05785 | F14: 2069.5112 | G14: 466.05074 | H14: 2370.7794 | I14: 638.9255 | J14: 835.63088 | K14: -172.87476 | L14: 1535.1486
A15: دولة قطر | B15: State of Qatar | C15: 149.33117 | D15: 171.4486 | E15: 231.92493 | F15: 300.43858 | G15: 381.25609 | H15: 471.88718 | I15: 97.370699 | J15: 55.456913 | K15: 283.88539 | L15: 416.43027
A16: الإجمالي | B16: Total | C16: 3993.1308 | D16: 3997.9544 | E16: 4165.016 | F16: 10522.646 | G16: 8158.1468 | H16: 14520.601 | I16: 6246.0803 | J16: 7109.403 | K16: 1912.0665 | L16: 7411.1976
A17: (*) بيانات أولية | L17: (*) Preliminary data
L18: (*) 잠정치

Sheet 10
A2: كميات الصادرات والواردات، شهري، الوزن بألف طن
A3: Export and import quantities, monthly, weight in thousand tons
A4: 수출량 및 수입량
A5: 단위: 천 톤
A6: السنة | B6: الشهر | C6: Month | D6: الصادرات السلعية Goods exports (A) | E6: التغير على أساس: Change based on: | G6: الواردات السلعية Goods imports (B) | H6: التغير على أساس: Change based on:
A7: Year | E7: شهري Monthly | F7: سنوي Yearly | H7: شهري Monthly | I7: سنوي Yearly
D8: 상품 수출 | E8: 전월대비 백분율 변화 | F8: 전년동월대비 백분율 변화 | G8: 상품 수입 | H8: 전월대비 백분율 변화 | I8: 전년동월대비 백분율 변화
A9: 2017 | B9: يناير | C9: January | D9: 42160.952 | E9: 1.4370381 | F9: 0.95770056 | G9: 6724.2962 | H9: 48.568977 | I9: 6.9326575
B10: فبراير | C10: February | D10: 39305.726 | E10: =(D10/D9-1)*100 -> -6.7722052 | F10: -2.7867988 | G10: 5193.2839 | H10: =(G10/G9-1)*100 -> -22.768365 | I10: -21.739787
B11: مارس | C11: March | D11: 42091.427 | E11: =(D11/D10-1)*100 -> 7.087266 | F11: -2.1090823 | G11: 6296.5306 | H11: =(G11/G10-1)*100 -> 21.24372 | I11: -17.546029
B12: أبريل | C12: April | D12: 40551.054 | E12: =(D12/D11-1)*100 -> -3.6595883 | F12: 1.6175646 | G12: 7120.7975 | H12: =(G12/G11-1)*100 -> 13.09081 | I12: 15.344028
B13: مايو | C13: May | D13: 39010.006 | E13: =(D13/D12-1)*100 -> -3.8002678 | F13: -10.889106 | G13: 7658.0299 | H13: =(G13/G12-1)*100 -> 7.544554 | I13: 1.796257
B14: يونيو | C14: June | D14: 39336.081 | E14: =(D14/D13-1)*100 -> 0.8358768 | F14: -1.8342896 | G14: 6393.7876 | H14: =(G14/G13-1)*100 -> -16.508715 | I14: -7.7613344
B15: يوليو | C15: July | D15: 40760.433 | E15: =(D15/D14-1)*100 -> 3.6209812 | F15: -2.4966224 | G15: 6407.5679 | H15: =(G15/G14-1)*100 -> 0.21552688 | I15: -9.553619
B16: أغسطس | C16: August | D16: 40755.591 | E16: =(D16/D15-1)*100 -> -0.011881201 | F16: -2.0998002 | G16: 6466.7132 | H16: =(G16/G15-1)*100 -> 0.92305361 | I16: -13.883552
B17: سبتمبر | C17: September | D17: 37212.358 | E17: =(D17/D16-1)*100 -> -8.6938554 | F17: -8.7977465 | G17: 6048.9017 | H17: =(G17/G16-1)*100 -> -6.4609558 | I17: 13.356711
B18: أكتوبر | C18: October | D18: 41915.535 | E18: =(D18/D17-1)*100 -> 12.63875 | F18: -4.1249914 | G18: 6414.0893 | H18: =(G18/G17-1)*100 -> 6.0372549 | I18: 10.113533
B19: نوفمبر | C19: November | D19: 40678.356 | E19: =(D19/D18-1)*100 -> -2.9516015 | F19: -2.7140139 | G19: 5905.7093 | H19: =(G19/G18-1)*100 -> -7.9259897 | I19: 12.238312
B20: ديسمبر | C20: December | D20: 39989.168 | E20: =(D20/D19-1)*100 -> -1.6942364 | F20: -3.7881598 | G20: 5368.1141 | H20: =(G20/G19-1)*100 -> -9.1029741 | I20: 18.605009
A21: 2018 | B21: يناير | C21: January | D21: 40654.661 | E21: =(D21/D20-1)*100 -> 1.6641815 | F21: =(D21/D9-1)*100 -> -3.5727169 | G21: 5497.0285 | H21: =(G21/G20-1)*100 -> 2.401484 | I21: =(G21/G9-1)*100 -> -18.251244
B22: فبراير | C22: February | D22: 38063.857 | E22: =(D22/D21-1)*100 -> -6.3727098 | F22: =(D22/D10-1)*100 -> -3.1595112 | G22: 4949.3516 | H22: =(G22/G21-1)*100 -> -9.9631448 | I22: =(G22/G10-1)*100 -> -4.6970726
B23: مارس | C23: March | D23: 39879.718 | E23: =(D23/D22-1)*100 -> 4.7705638 | F23: =(D23/D11-1)*100 -> -5.2545369 | G23: 5827.6491 | H23: =(G23/G22-1)*100 -> 17.745708 | I23: =(G23/G11-1)*100 -> -7.446665
B24: أبريل | C24: April | D24: 41354.922 | E24: =(D24/D23-1)*100 -> 3.6991335 | F24: =(D24/D12-1)*100 -> 1.9823588 | G24: 7116.6845 | H24: =(G24/G23-1)*100 -> 22.119305 | I24: =(G24/G12-1)*100 -> -0.057759486
B25: مايو | C25: May | D25: 42522.587 | E25: =(D25/D24-1)*100 -> 2.8235216 | F25: =(D25/D13-1)*100 -> 9.0043084 | G25: 7539.5509 | H25: =(G25/G24-1)*100 -> 5.9419012 | I25: =(G25/G13-1)*100 -> -1.5471209
B26: يونيو | C26: June | D26: 42756.997 | E26: =(D26/D25-1)*100 -> 0.55125978 | F26: =(D26/D14-1)*100 -> 8.6966353 | G26: 6387.6385 | H26: =(G26/G25-1)*100 -> -15.278263 | I26: =(G26/G14-1)*100 -> -0.096173167
B27: يوليو | C27: July | D27: 43098.573 | E27: =(D27/D26-1)*100 -> 0.79887702 | F27: =(D27/D15-1)*100 -> 5.7362964 | G27: 7174.771 | H27: =(G27/G26-1)*100 -> 12.322746 | I27: =(G27/G15-1)*100 -> 11.973389
B28: أغسطس | C28: August | D28: 41664.067 | E28: =(D28/D27-1)*100 -> -3.3284283 | F28: =(D28/D16-1)*100 -> 2.2290856 | G28: 6563.0465 | H28: =(G28/G27-1)*100 -> -8.5260486 | I28: =(G28/G16-1)*100 -> 1.4896794
B29: سبتمبر | C29: September | D29: 41737.31 | E29: =(D29/D28-1)*100 -> 0.17579313 | F29: =(D29/D17-1)*100 -> 12.159809 | G29: 6201.7894 | H29: =(G29/G28-1)*100 -> -5.5044116 | I29: =(G29/G17-1)*100 -> 2.527528
B30: أكتوبر | C30: October | D30: 45230.654 | E30: =(D30/D29-1)*100 -> 8.3698347 | F30: =(D30/D18-1)*100 -> 7.9090448 | G30: 6375.9973 | H30: =(G30/G29-1)*100 -> 2.8089936 | I30: =(G30/G18-1)*100 -> -0.59388103
B31: نوفمبر | C31: November | D31: 45368.989 | E31: =(D31/D30-1)*100 -> 0.30584421 | F31: =(D31/D19-1)*100 -> 11.53103 | G31: 6060.5087 | H31: =(G31/G30-1)*100 -> -4.9480657 | I31: =(G31/G19-1)*100 -> 2.6211833
B32: ديسمبر | C32: December | D32: 47465.135 | E32: =(D32/D31-1)*100 -> 4.6202179 | F32: =(D32/D20-1)*100 -> 18.69498 | G32: 5545.1572 | H32: =(G32/G31-1)*100 -> -8.5034369 | I32: =(G32/G20-1)*100 -> 3.2980504
A33: 2019 | B33: يناير | C33: January | D33: 44321.76 | E33: =(D33/D32-1)*100 -> -6.6224938 | F33: =(D33/D21-1)*100 -> 9.0201198 | G33: 6531.7997 | H33: =(G33/G32-1)*100 -> 17.792868 | I33: =(G33/G21-1)*100 -> 18.824192
B34: فبراير | C34: February | D34: 39155.93 | E34: =(D34/D33-1)*100 -> -11.655291 | F34: =(D34/D22-1)*100 -> 2.8690542 | G34: 5936.9479 | H34: =(G34/G33-1)*100 -> -9.1070113 | I34: =(G34/G22-1)*100 -> 19.954055
B35: مارس | C35: March | D35: 41890.318 | E35: =(D35/D34-1)*100 -> 6.9833298 | F35: =(D35/D23-1)*100 -> 5.0416601 | G35: 6226.9788 | H35: =(G35/G34-1)*100 -> 4.8851842 | I35: =(G35/G23-1)*100 -> 6.8523294
B36: أبريل | C36: April | D36: 40857.266 | E36: =(D36/D35-1)*100 -> -2.4660855 | F36: =(D36/D24-1)*100 -> -1.2033761 | G36: 6633.1782 | H36: =(G36/G35-1)*100 -> 6.5232178 | I36: =(G36/G24-1)*100 -> -6.7939834
B37: مايو | C37: May | D37: 41597.962 | E37: =(D37/D36-1)*100 -> 1.8128862 | F37: =(D37/D25-1)*100 -> -2.1744317 | G37: 6535.0609 | H37: =(G37/G36-1)*100 -> -1.4791898 | I37: =(G37/G25-1)*100 -> -13.322942
B38: يونيو | C38: June | D38: 39535.128 | E38: =(D38/D37-1)*100 -> -4.9589782 | F38: =(D38/D26-1)*100 -> -7.535301 | G38: 5568.2513 | H38: =(G38/G37-1)*100 -> -14.794195 | I38: =(G38/G26-1)*100 -> -12.827702
B39: يوليو | C39: July | D39: 41073.911 | E39: =(D39/D38-1)*100 -> 3.8921914 | F39: =(D39/D27-1)*100 -> -4.6977458 | G39: 7901.3065 | H39: =(G39/G38-1)*100 -> 41.899245 | I39: =(G39/G27-1)*100 -> 10.126254
B40: أغسطس | C40: August | D40: 41082.506 | E40: =(D40/D39-1)*100 -> 0.020925631 | F40: =(D40/D28-1)*100 -> -1.3958342 | G40: 6161.9936 | H40: =(G40/G39-1)*100 -> -22.012978 | I40: =(G40/G28-1)*100 -> -6.1107731
B41: سبتمبر | C41: September | D41: 39293.732 | E41: =(D41/D40-1)*100 -> -4.3541031 | F41: =(D41/D29-1)*100 -> -5.8546623 | G41: 6684.6753 | H41: =(G41/G40-1)*100 -> 8.4823469 | I41: =(G41/G29-1)*100 -> 7.7862349
B42: أكتوبر | C42: October | D42: 40455.886 | E42: =(D42/D41-1)*100 -> 2.9576073 | F42: =(D42/D30-1)*100 -> -10.556487 | G42: 6688.6002 | H42: =(G42/G41-1)*100 -> 0.058715402 | I42: =(G42/G30-1)*100 -> 4.9028089
B43: نوفمبر | C43: November | D43: 41371.939 | E43: =(D43/D42-1)*100 -> 2.2643258 | F43: =(D43/D31-1)*100 -> -8.8100936 | G43: 5814.3276 | H43: =(G43/G42-1)*100 -> -13.071085 | I43: =(G43/G31-1)*100 -> -4.0620533
B44: ديسمبر | C44: December | D44: 41625.383 | E44: =(D44/D43-1)*100 -> 0.61259908 | F44: =(D44/D32-1)*100 -> -12.303246 | G44: 6828.5242 | H44: =(G44/G43-1)*100 -> 17.443058 | I44: =(G44/G32-1)*100 -> 23.143924
A45: 2020 | B45: يناير | C45: January | D45: 42456.587 | E45: =(D45/D44-1)*100 -> 1.9968677 | F45: =(D45/D33-1)*100 -> -4.2082558 | G45: 6066.7831 | H45: =(G45/G44-1)*100 -> -11.155281 | I45: =(G45/G33-1)*100 -> -7.1192712
B46: فبراير | C46: February | D46: 37618.14 | E46: =(D46/D45-1)*100 -> -11.396223 | F46: =(D46/D34-1)*100 -> -3.9273493 | G46: 6454.8092 | H46: =(G46/G45-1)*100 -> 6.3959115 | I46: =(G46/G34-1)*100 -> 8.7226853
B47: مارس | C47: March | D47: 37945.786 | E47: =(D47/D46-1)*100 -> 0.87097855 | F47: =(D47/D35-1)*100 -> -9.4163333 | G47: 7743.3039 | H47: =(G47/G46-1)*100 -> 19.961778 | I47: =(G47/G35-1)*100 -> 24.350896
B48: أبريل | C48: April | D48: 49596.752 | E48: =(D48/D47-1)*100 -> 30.704244 | F48: =(D48/D36-1)*100 -> 21.390285 | G48: 7627.9202 | H48: =(G48/G47-1)*100 -> -1.49011 | I48: =(G48/G36-1)*100 -> 14.996462
B49: مايو | C49: May | D49: 39955.294 | E49: =(D49/D48-1)*100 -> -19.439697 | F49: =(D49/D37-1)*100 -> -3.9489159 | G49: 7124.02 | H49: =(G49/G48-1)*100 -> -6.6059975 | I49: =(G49/G37-1)*100 -> 9.0122969
B50: يونيو | C50: June | D50: 33859.044 | E50: =(D50/D49-1)*100 -> -15.257678 | F50: =(D50/D38-1)*100 -> -14.357067 | G50: 6741.6583 | H50: =(G50/G49-1)*100 -> -5.3672178 | I50: =(G50/G38-1)*100 -> 21.07317
B51: يوليو | C51: July | D51: 34517.894 | E51: =(D51/D50-1)*100 -> 1.9458612 | F51: =(D51/D39-1)*100 -> -15.961513 | G51: 7401.6443 | H51: =(G51/G50-1)*100 -> 9.7896686 | I51: =(G51/G39-1)*100 -> -6.3237922
B52: أغسطس | C52: August | D52: 36691.534 | E52: =(D52/D51-1)*100 -> 6.2971412 | F52: =(D52/D40-1)*100 -> -10.68818 | G52: 7790.1241 | H52: =(G52/G51-1)*100 -> 5.2485613 | I52: =(G52/G40-1)*100 -> 26.422139
B53: سبتمبر | C53: September | D53: 37043.16 | E53: =(D53/D52-1)*100 -> 0.95832916 | F53: =(D53/D41-1)*100 -> -5.7275593 | G53: 8284.3744 | H53: =(G53/G52-1)*100 -> 6.3445743 | I53: =(G53/G41-1)*100 -> 23.930842
B54: أكتوبر | C54: October | D54: 41565.252 | E54: =(D54/D53-1)*100 -> 12.207632 | F54: =(D54/D42-1)*100 -> 2.7421639 | G54: 7413.5228 | H54: =(G54/G53-1)*100 -> -10.511978 | I54: =(G54/G42-1)*100 -> 10.83818
B55: نوفمبر | C55: November | D55: 37804.653 | E55: =(D55/D54-1)*100 -> -9.0474594 | F55: =(D55/D43-1)*100 -> -8.6224764 | G55: 7073.6705 | H55: =(G55/G54-1)*100 -> -4.5842207 | I55: =(G55/G43-1)*100 -> 21.659304
B56: ديسمبر | C56: December | D56: 41476.625 | E56: =(D56/D55-1)*100 -> 9.7130149 | F56: =(D56/D44-1)*100 -> -0.3573738 | G56: 6415.4482 | H56: =(G56/G55-1)*100 -> -9.3052441 | I56: =(G56/G44-1)*100 -> -6.0492711
A57: 2021 | B57: يناير | C57: January | D57: 39230.447 | E57: =(D57/D56-1)*100 -> -5.415526 | F57: =(D57/D45-1)*100 -> -7.5986782 | G57: 5963.5635 | H57: =(G57/G56-1)*100 -> -7.0436964 | I57: =(G57/G45-1)*100 -> -1.7013894
B58: فبراير | C58: February | D58: 32984.71 | E58: =(D58/D57-1)*100 -> -15.920637 | F58: =(D58/D46-1)*100 -> -12.317009 | G58: 5339.8431 | H58: =(G58/G57-1)*100 -> -10.458855 | I58: =(G58/G46-1)*100 -> -17.273417
B59: مارس | C59: March | D59: 34958.38 | E59: =(D59/D58-1)*100 -> 5.9835895 | F59: =(D59/D47-1)*100 -> -7.8728265 | G59: 7240.8021 | H59: =(G59/G58-1)*100 -> 35.599528 | I59: =(G59/G47-1)*100 -> -6.489502
B60: أبريل | C60: April | D60: 33281.085 | E60: =(D60/D59-1)*100 -> -4.7979753 | F60: =(D60/D48-1)*100 -> -32.896644 | G60: 7343.9641 | H60: =(G60/G59-1)*100 -> 1.4247325 | I60: =(G60/G48-1)*100 -> -3.7225883
B61: مايو | C61: May | D61: 36050.153 | E61: =(D61/D60-1)*100 -> 8.3202457 | F61: =(D61/D49-1)*100 -> -9.7737746 | G61: 6948.8583 | H61: =(G61/G60-1)*100 -> -5.3800073 | I61: =(G61/G49-1)*100 -> -2.4587474
B62: يونيو | C62: June | D62: 36369.645 | E62: =(D62/D61-1)*100 -> 0.88624346 | F62: =(D62/D50-1)*100 -> 7.4148636 | G62: 6441.8449 | H62: =(G62/G61-1)*100 -> -7.2963551 | I62: =(G62/G50-1)*100 -> -4.4471754
B63: يوليو | C63: July | D63: 39034.131 | E63: =(D63/D62-1)*100 -> 7.3261238 | F63: =(D63/D51-1)*100 -> 13.083757 | G63: 5536.6727 | H63: =(G63/G62-1)*100 -> -14.051445 | I63: =(G63/G51-1)*100 -> -25.196721
B64: أغسطس | C64: August | D64: 39467.631 | E64: =(D64/D63-1)*100 -> 1.1105684 | F64: =(D64/D52-1)*100 -> 7.5660434 | G64: 7090.9662 | H64: =(G64/G63-1)*100 -> 28.0727 | I64: =(G64/G52-1)*100 -> -8.9749275
B65: سبتمبر | C65: September | D65: 39020.704 | E65: =(D65/D64-1)*100 -> -1.1323889 | F65: =(D65/D53-1)*100 -> 5.338488 | G65: 7067.6134 | H65: =(G65/G64-1)*100 -> -0.32933054 | I65: =(G65/G53-1)*100 -> -14.687421
B66: أكتوبر | C66: October | D66: 41685.542 | E66: =(D66/D65-1)*100 -> 6.8292924 | F66: =(D66/D54-1)*100 -> 0.28940019 | G66: 6328.3605 | H66: =(G66/G65-1)*100 -> -10.459725 | I66: =(G66/G54-1)*100 -> -14.637606
B67: نوفمبر | C67: November | D67: 41827.837 | E67: =(D67/D66-1)*100 -> 0.34135172 | F67: =(D67/D55-1)*100 -> 10.642033 | G67: 7306.7446 | H67: =(G67/G66-1)*100 -> 15.460309 | I67: =(G67/G55-1)*100 -> 3.2949525
B68: ديسمبر | C68: December | D68: 42343.027 | E68: =(D68/D67-1)*100 -> 1.2316915 | F68: =(D68/D56-1)*100 -> 2.088892 | G68: 6506.4619 | H68: =(G68/G67-1)*100 -> -10.952657 | I68: =(G68/G56-1)*100 -> 1.4186649
A69: 2022 | B69: يناير | C69: January | D69: 41215.39 | E69: =(D69/D68-1)*100 -> -2.6630988 | F69: =(D69/D57-1)*100 -> 5.0596992 | G69: 6493.477 | H69: =(G69/G68-1)*100 -> -0.19957072 | I69: =(G69/G57-1)*100 -> 8.8858518
B70: فبراير | C70: February | D70: 40091.896 | E70: =(D70/D69-1)*100 -> -2.7259091 | F70: =(D70/D58-1)*100 -> 21.54691 | G70: 6256.6757 | H70: =(G70/G69-1)*100 -> -3.6467564 | I70: =(G70/G58-1)*100 -> 17.169654
B71: مارس | C71: March | D71: 43625.994 | E71: =(D71/D70-1)*100 -> 8.8149947 | F71: =(D71/D59-1)*100 -> 24.794097 | G71: 6999.787 | H71: =(G71/G70-1)*100 -> 11.877095 | I71: =(G71/G59-1)*100 -> -3.3285685
B72: أبريل | C72: April | D72: 42493.595 | E72: =(D72/D71-1)*100 -> -2.5956996 | F72: =(D72/D60-1)*100 -> 27.680916 | G72: 7556.0125 | H72: =(G72/G71-1)*100 -> 7.9463209 | I72: =(G72/G60-1)*100 -> 2.8873837
B73: مايو | C73: May | D73: 41614.522 | E73: =(D73/D72-1)*100 -> -2.0687174 | F73: =(D73/D61-1)*100 -> 15.435077 | G73: 7166.9376 | H73: =(G73/G72-1)*100 -> -5.1492102 | I73: =(G73/G61-1)*100 -> 3.1383466
B74: يونيو | C74: June | D74: 42073.382 | E74: =(D74/D73-1)*100 -> 1.1026438 | F74: =(D74/D62-1)*100 -> 15.682685 | G74: 8320.4294 | H74: =(G74/G73-1)*100 -> 16.094626 | I74: =(G74/G62-1)*100 -> 29.162212
B75: يوليو | C75: July | D75: 43542.03 | E75: =(D75/D74-1)*100 -> 3.4906806 | F75: =(D75/D63-1)*100 -> 11.548608 | G75: 7924.9016 | H75: =(G75/G74-1)*100 -> -4.7536944 | I75: =(G75/G63-1)*100 -> 43.134733
B76: أغسطس | C76: August | D76: 44298.423 | E76: =(D76/D75-1)*100 -> 1.7371577 | F76: =(D76/D64-1)*100 -> 12.239883 | G76: 10030.865 | H76: =(G76/G75-1)*100 -> 26.574005 | I76: =(G76/G64-1)*100 -> 41.459784
B77: سبتمبر | C77: September | D77: 44125.076 | E77: =(D77/D76-1)*100 -> -0.39131677 | F77: =(D77/D65-1)*100 -> 13.081188 | G77: 9079.033 | H77: =(G77/G76-1)*100 -> -9.4890353 | I77: =(G77/G65-1)*100 -> 28.459672
B78: أكتوبر | C78: October | D78: 44111.782 | E78: =(D78/D77-1)*100 -> -0.03012904 | F78: =(D78/D66-1)*100 -> 5.8203377 | G78: 8983.1544 | H78: =(G78/G77-1)*100 -> -1.0560445 | I78: =(G78/G66-1)*100 -> 41.950737
B79: نوفمبر | C79: November | D79: 41743.072 | E79: =(D79/D78-1)*100 -> -5.369789 | F79: =(D79/D67-1)*100 -> -0.20265109 | G79: 8242.5792 | H79: =(G79/G78-1)*100 -> -8.244044 | I79: =(G79/G67-1)*100 -> 12.807818
B80: ديسمبر | C80: December | D80: 43770.048 | E80: =(D80/D79-1)*100 -> 4.8558388 | F80: =(D80/D68-1)*100 -> 3.3701461 | G80: 8519.31 | H80: =(G80/G79-1)*100 -> 3.3573321 | I80: =(G80/G68-1)*100 -> 30.936137
A81: 2023 | B81: يناير | C81: January | D81: 41675.114 | E81: =(D81/D80-1)*100 -> -4.7862278 | F81: =(D81/D69-1)*100 -> 1.1154189 | G81: 8189.2179 | H81: =(G81/G80-1)*100 -> -3.8746337 | I81: =(G81/G69-1)*100 -> 26.114529
B82: فبراير | C82: February | D82: 38729.246 | E82: =(D82/D81-1)*100 -> -7.06865 | F82: =(D82/D70-1)*100 -> -3.3988157 | G82: 6956.518 | H82: =(G82/G81-1)*100 -> -15.052718 | I82: =(G82/G70-1)*100 -> 11.185531
B83: مارس | C83: March | D83: 43856.613 | E83: =(D83/D82-1)*100 -> 13.239004 | F83: =(D83/D71-1)*100 -> 0.52862622 | G83: 8278.2053 | H83: =(G83/G82-1)*100 -> 18.999265 | I83: =(G83/G71-1)*100 -> 18.263674
B84: أبريل | C84: April | D84: 41811.511 | E84: =(D84/D83-1)*100 -> -4.6631549 | F84: =(D84/D72-1)*100 -> -1.6051444 | G84: 8703.9004 | H84: =(G84/G83-1)*100 -> 5.1423599 | I84: =(G84/G72-1)*100 -> 15.191715
B85: مايو | C85: May | D85: 41078.789 | E85: =(D85/D84-1)*100 -> -1.7524406 | F85: =(D85/D73-1)*100 -> -1.2873705 | G85: 8153.8547 | H85: =(G85/G84-1)*100 -> -6.319532 | I85: =(G85/G73-1)*100 -> 13.770415
B86: يونيو | C86: June | D86: 40013.059 | E86: =(D86/D85-1)*100 -> -2.5943567 | F86: =(D86/D74-1)*100 -> -4.8969758 | G86: 8896.0881 | H86: =(G86/G85-1)*100 -> 9.1028533 | I86: =(G86/G74-1)*100 -> 6.9186174
B87: يوليو | C87: July | D87: 37956.738 | E87: =(D87/D86-1)*100 -> -5.1391257 | F87: =(D87/D75-1)*100 -> -12.827358 | G87: 7890.9904 | H87: =(G87/G86-1)*100 -> -11.298199 | I87: =(G87/G75-1)*100 -> -0.42790737
B88: أغسطس | C88: August | D88: 38097.743 | E88: =(D88/D87-1)*100 -> 0.37148873 | F88: =(D88/D76-1)*100 -> -13.99752 | G88: 8195.9692 | H88: =(G88/G87-1)*100 -> 3.8648998 | I88: =(G88/G76-1)*100 -> -18.292501
B89: سبتمبر | C89: September | D89: 37786.41 | E89: =(D89/D88-1)*100 -> -0.81719319 | F89: =(D89/D77-1)*100 -> -14.365224 | G89: 8562.8063 | H89: =(G89/G88-1)*100 -> 4.4758223 | I89: =(G89/G77-1)*100 -> -5.6859223
B90: أكتوبر | C90: October | D90: 39570.097 | E90: =(D90/D89-1)*100 -> 4.7204457 | F90: =(D90/D78-1)*100 -> -10.295853 | G90: 8457.0942 | H90: =(G90/G89-1)*100 -> -1.2345495 | I90: =(G90/G78-1)*100 -> -5.8560745
B91: نوفمبر | C91: November | D91: 37035.974 | E91: =(D91/D90-1)*100 -> -6.4041375 | F91: =(D91/D79-1)*100 -> -11.276358 | G91: 7873.4923 | H91: =(G91/G90-1)*100 -> -6.900738 | I91: =(G91/G79-1)*100 -> -4.4778087
B92: ديسمبر | C92: December | D92: 38473.934 | E92: =(D92/D91-1)*100 -> 3.8826036 | F92: =(D92/D80-1)*100 -> -12.09986 | G92: 8087.9405 | H92: =(G92/G91-1)*100 -> 2.7236731 | I92: =(G92/G80-1)*100 -> -5.0634323
A93: 2024 | B93: يناير | C93: January | D93: 37375.006 | E93: =(D93/D92-1)*100 -> -2.8562913 | F93: =(D93/D81-1)*100 -> -10.318167 | G93: 7994.4246 | H93: =(G93/G92-1)*100 -> -1.1562381 | I93: =(G93/G81-1)*100 -> -2.3786555
B94: فبراير | C94: February | D94: 37731.637 | E94: =(D94/D93-1)*100 -> 0.95419642 | F94: =(D94/D82-1)*100 -> -2.5758543 | G94: 7715.5773 | H94: =(G94/G93-1)*100 -> -3.4880228 | I94: =(G94/G82-1)*100 -> 10.911482
B95: مارس | C95: March | D95: 39861.06 | E95: =(D95/D94-1)*100 -> 5.6435995 | F95: =(D95/D83-1)*100 -> -9.1104916 | G95: 8191.8786 | H95: =(G95/G94-1)*100 -> 6.1732427 | I95: =(G95/G83-1)*100 -> -1.0428195
B96: أبريل | C96: April | D96: 37896.135 | E96: =(D96/D95-1)*100 -> -4.9294333 | F96: =(D96/D84-1)*100 -> -9.3643485 | G96: 7887.2741 | H96: =(G96/G95-1)*100 -> -3.7183715 | I96: =(G96/G84-1)*100 -> -9.3823032
B97: مايو | C97: May | D97: 39708.801 | E97: =(D97/D96-1)*100 -> 4.7832469 | F97: =(D97/D85-1)*100 -> -3.3350252 | G97: 8730.5518 | H97: =(G97/G96-1)*100 -> 10.691624 | I97: =(G97/G85-1)*100 -> 7.0726938
B98: يونيو | C98: June | D98: 28981.376 | E98: =(D98/D97-1)*100 -> -27.015233 | F98: =(D98/D86-1)*100 -> -27.570206 | G98: 8973.1047 | H98: =(G98/G97-1)*100 -> 2.7782074 | I98: =(G98/G86-1)*100 -> 0.8657354
B99: يوليو | C99: July | D99: 31073.348 | E99: =(D99/D98-1)*100 -> 7.2183317 | F99: =(D99/D87-1)*100 -> -18.134829 | G99: 9176.9659 | H99: =(G99/G98-1)*100 -> 2.2719141 | I99: =(G99/G87-1)*100 -> 16.296757
B100: أغسطس | C100: August | D100: 30800.407 | E100: =(D100/D99-1)*100 -> -0.87837561 | F100: =(D100/D88-1)*100 -> -19.154246 | G100: 9077.2928 | H100: =(G100/G99-1)*100 -> -1.0861231 | I100: =(G100/G88-1)*100 -> 10.753133
B101: سبتمبر | C101: September | D101: 30293.226 | E101: =(D101/D100-1)*100 -> -1.6466723 | F101: =(D101/D89-1)*100 -> -19.83037 | G101: 9336.3184 | H101: =(G101/G100-1)*100 -> 2.8535562 | I101: =(G101/G89-1)*100 -> 9.0333953
...

Sheet 11
B2: الأرقام القياسية لأسعار وكميات الصادرات حسب أهم الأقسام الرئيسة
B3: Exports price and quantities indices by top main sections | D3: 2023 =100
B4: 주요 품목별 수출 가격 및 수량 지수
A5: رقم القسم | B5: وصف القسم | D5: الرقم القياسي لأسعار الصادارت Export Price Index | I5: الرقم القياسي لكميات الصادرات Quantity Index | N5: Section description | O5: 부분 설명
D6: 수출가격지수 | I6: 수량지수
C7: الأوزان Weights | D7: أكتوبر Oct | E7: سبتمبر Sep | F7: أكتوبر Oct | G7: التغير على أساس: Change based on: | I7: أكتوبر Oct | J7: سبتمبر Sep | K7: أكتوبر Oct | L7: التغير على أساس: Change based on: | P7: Sec. no
C8: 20.24 | D8: 2024 | E8: 2025* | F8: 2025* | G8: شهري Monthly | H8: سنوي Yearly | I8: 2024 | J8: 2025* | K8: 2025* | L8: شهري Monthly | M8: سنوي Yearly
C9: 가중치 | G9: 전월대비 백분율 변화 | H9: 전년동월대비 백분율 변화 | L9: 전월대비 백분율 변화 | M9: 전년동월대비 백분율 변화
A10: المنتجات غير المعدنية Non Mineral Prodcuats 비광물 제품
A11: 1 | B11: الحيوانات ومنتجاتها | C11: 0.1100787 | D11: 98.706826 | E11: 98.706826 | F11: 98.412179 | G11: -0.29850746 | H11: -0.29850746 | I11: 101.009 | J11: 100.18436 | K11: 100.48431 | L11: 0.2994012 | M11: -0.51945087 | N11: Animals and their products | O11: 동물 및 관련 제품 | P11: 1
A12: 2 | B12: منتجات نباتية | C12: 0.066949715 | D12: 103.76669 | E12: 106.21138 | F12: 106.37208 | G12: 0.15130264 | H12: 2.5108161 | I12: 103.3322 | J12: 97.876961 | K12: 98.575019 | L12: 0.71319872 | M12: -4.6037703 | N12: Plant Products | O12: 식물성 제품 | P12: 2
A13: 3 | B13: دهون وزيوت وشموع حيوانية أو نباتية ومنتجاتها | C13: 0.01280079 | D13: 103.13012 | E13: 98.174707 | F13: 104.23729 | G13: 6.1752988 | H13: 1.0735626 | I13: 101.15782 | J13: 97.624068 | K13: 98.075862 | L13: 0.46278924 | M13: -3.0466809 | N13: Animal and vegetable fats, oils, waxex and their products | O13: 동물성 및 식물성 지방, 오일, 왁스 및 관련 제품 | P13: 3
A14: 4 | B14: منتجات صناعة الأغذية، مشروبات وتبغ | C14: 0.25031847 | D14: 107.24271 | E14: 106.54083 | F14: 106.6429 | G14: 0.09580729 | H14: -0.5592973 | I14: 101.63026 | J14: 98.805678 | K14: 98.520544 | L14: -0.288581 | M14: -3.0598367 | N14: Prepared foodstuffs, beverages and tobacco | O14: 조리 식품, 음료 및 담배 | P14: 4
A15: 6 | B15: منتجات الصناعات الكيماوية | C15: 0.24251872 | D15: 103.39326 | E15: 97.889638 | F15: 100.59476 | G15: 2.7634371 | H15: -1.6478205 | I15: 96.255767 | J15: 106.3382 | K15: 101.98269 | L15: -4.0959122 | M15: -2.892598 | N15: Products of the chemical industries | O15: 화학 공업 제품 | P15: 6
A16: 7 | B16: لدائن ومطاط ومصنوعاتها | C16: 0.09069762 | D16: 106.80419 | E16: 104.3477 | F16: 105.7117 | G16: 1.3071677 | H16: 3.7251964 | I16: 99.701816 | J16: 103.01566 | K16: 100.78435 | L16: -2.165991 | M16: -4.1158873 | N16: Plastics, rubber and their articles | O16: 플라스틱, 고무 및 관련 제품 | P16: 7
A17: 9 | B17: خشب وفلين ومواد ضفر ومصنوعاتها | C17: 0.00043578835 | D17: 102.46477 | E17: 99.567244 | F17: 99.567244 | G17: 0 | H17: -2.7317073 | I17: 113.47679 | J17: 99.61271 | K17: 99.61271 | L17: 0 | M17: 2.0044493 | N17: Wood, cork, plaiting materials and their articles | O17: 목재, 코르크, 조물재 및 관련 제품 | P17: 9
A18: 10 | B18: ورق وورق مقوى ومصنوعاتهما | C18: 0.007091694 | D18: 105.98436 | E18: 105.57633 | F18: 105.57633 | G18: 0 | H18: -0.38498556 | I18: 102.50233 | J18: 100.6008 | K18: 100.6008 | L18: 0 | M18: 3.3075153 | N18: Paper, paperboard and their articles | O18: 종이, 판지 및 관련 제품 | P18: 10
A19: 11 | B19: مواد نسجية ومصنوعاتها | C19: 0.0035262846 | D19: 109.09272 | E19: 108.68604 | F19: 108.17769 | G19: -0.46772685 | H19: -1.2070566 | I19: 102.69055 | J19: 99.331129 | K19: 100.3628 | L19: 1.0386225 | M19: 2.0836742 | N19: Textiles and their articles | O19: 직물 및 관련 제품 | P19: 11
A20: 12 | B20: أحذية، أغطية رأس، مظلات وعصي | C20: 5.2803011e-05 | D20: 103.42824 | E20: 105.62482 | F20: 117.64399 | G20: 11.379116 | H20: 11.077767 | I20: 101.33688 | J20: 106.86908 | K20: 92.335846 | L20: -13.5991 | M20: -8.1529106 | N20: Footwear, headgear, umbrellas, sticks | O20: 신발, 모자, 우산 및 지팡이 | P20: 12
A21: 13 | B21: مصنوعات من حجر، جص، إسمنت، خزف، زجاج | C21: 0.071252043 | D21: 101.57338 | E21: 102.39124 | F21: 103.40725 | G21: 0.99227898 | H21: 1.8054602 | I21: 97.138539 | J21: 100.04446 | K21: 99.061497 | L21: -0.98252955 | M21: -3.5027822 | N21: Articles of stone, plaster, cement, ceramic, glass | O21: 석재, 석고, 시멘트, 세라믹 및 유리 제품 | P21: 13
A22: 14 | B22: اللؤلؤ والأحجار الكريمة وما شابهها، المجوهرات المقلدة | C22: 0.010165377 | D22: 108.11438 | E22: 108.12097 | F22: 116.94101 | G22: 0.075423024 | H22: 0.08164162 | I22: 97.411427 | J22: 94.731233 | K22: 90.908264 | L22: -4.0355953 | M22: -6.6759757 | N22: Pearls, Precious and Semi-Precious, False Jewelry | O22: 진주, 귀금속 및 준보석, 모조 장신구 | P22: 14
... A27: 20 | B27: أصناف مصنوعات متنوعة | C27: 3.5029204e-06 | D27: 105.36111 | E27: 102.90885 | F27: 103.37705 | G27: 0.45496253 | H27: -1.8831023 | I27: 96.561332 | J27: 103.41727 | K27: 94.722712 | L27: -8.4072587 | M27: -1.9040951 | N27: Miscellaneous manufactured articles | O27: 기타 제조품 | P27: 20
A28: * | B28: الأصناف الأخرى | C28: 0.030251773 | D28: 98.304559 | E28: 86.652545 | F28: 89.446707 | G28: 3.2245581 | H28: -9.0106224 | I28: 107.84179 | J28: 73.033424 | K28: 72.911759 | L28: -0.16658718 | M28: -32.390067 | N28: Other Classifcations | O28: 기타 분류 | P28: *
B29: الرقم القياسي العام للصادرات غير المعدنية | C29: 0.24417865 | D29: 104.11084 | E29: 102.15922 | F29: 103.27351 | G29: 1.0907399 | H29: -0.80427103 | I29: 100.03601 | J29: 100.54129 | K29: 99.326737 | L29: -1.2080176 | M29: -0.7090161 | N29: Export Price Index for Non-Mineral Products | O29: 비광물 제품 수출 가격 지수
A30: المنتجات المعدنية Mineral Prodcuats 광물 제품
A31: 5 | B31: الرقم القياسي للصادرات المعدنية | C31: 0.75582135 | D31: 103.94322 | E31: 104.29906 | F31: 104.93379 | G31: =((F31/E31)-1)*100 -> 0.60857161 | H31: =((F31-D31)/D31)*100 -> 0.95299401 | I31: 104.17607 | J31: 103.90674 | K31: 104.93379 | L31: =((K31/J31)-1)*100 -> 0.98843784 | M31: =((K31-I31)/I31)*100 -> 0.72734272 | N31: Export Price Index for Mineral Products | O31: 광물 제품 수출 가격 지수 | P31: 5
B32: الرقم القياسي العام للصادرات | C32: 1 | D32: 103.98415 | E32: 103.77655 | F32: 104.52839 | G32: 0.72447192 | H32: 0.52338462 | I32: 103.16516 | J32: 103.08497 | K32: 103.56467 | L32: 0.46534449 | M32: 0.38725266 | N32: Export Price Index | O32: 수출 가격 지수
A33: (*) بيانات أولية | P33: (*) Preliminary data
P34: (*) 잠정치

Sheet 12
B2: الأرقام القياسية لأسعار وكميات الواردات حسب أهم الأقسام الرئيسة
B3: Imports price and quantities indices by top main sections | D3: 2023=100
B4: 주요 품목별 수입 가격 및 수량 지수
A5: رقم القسم | B5: وصف القسم | D5: الرقم القياسي لأسعار الواردات Import Price Index | I5: الرقم القياسي لكميات الواردات Quantity Index | O5: 부분 설명
D6: 수출가격지수 | I6: 수량지수
C7: الأوزان Weights | D7: أكتوبر Oct | E7: سبتمبر Sep | F7: أكتوبر Oct | G7: التغير على أساس: Change based on: | I7: أكتوبر Oct | J7: سبتمبر Sep | K7: أكتوبر Oct | L7: التغير على أساس: Change based on: | N7: Section description | P7: Sec. no
C8: 20.24 | D8: 2024 | E8: 2025* | F8: 2025* | G8: شهري Monthly | H8: سنوي Yearly | I8: 2024 | J8: 2025* | K8: 2025* | L8: شهري Monthly | M8: سنوي Yearly
C9: 가중치 | G9: 전월대비 백분율 변화 | H9: 전년동월대비 백분율 변화 | L9: 전월대비 백분율 변화 | M9: 전년동월대비 백분율 변화
A10: المنتجات غير المعدنية Non Mineral Prodcuats 비광물 제품
A11: 1 | B11: الحيوانات ومنتجاتها | C11: 0.26079716 | D11: 103.31789 | E11: 104.92435 | F11: 105.89333 | G11: =((F11/E11)-1)*100 -> 0.92349941 | H11: =((F11-D11)/D11)*100 -> 2.4927295 | I11: 95.163786 | J11: 94.276922 | K11: 93.414243 | L11: =((K11/J11)-1)*100 -> -0.91504894 | M11: =((K11-I11)/I11)*100 -> -1.8384555 | N11: Animals and their products | O11: 동물 및 관련 제품 | P11: 1
A12: 2 | B12: منتجات نباتية | C12: 0.033896769 | D12: 99.975323 | E12: 100.66545 | F12: 101.45694 | G12: =((F12/E12)-1)*100 -> 0.7862551 | H12: =((F12-D12)/D12)*100 -> 1.4819821 | I12: 101.61481 | J12: 94.488348 | K12: 93.751225 | L12: =((K12/J12)-1)*100 -> -0.78012135 | M12: =((K12-I12)/I12)*100 -> -7.7386259 | N12: Plant Products | O12: 식물성 제품 | P12: 2
A13: 3 | B13: دهون وزيوت وشموع حيوانية أو نباتية ومنتجاتها | C13: 0.01129668 | D13: 104.36681 | E13: 103.91203 | F13: 103.86872 | G13: =((F13/E13)-1)*100 -> -0.041681611 | H13: =((F13-D13)/D13)*100 -> -0.47724981 | I13: 94.598338 | J13: 89.980688 | K13: 90.018209 | L13: =((K13/J13)-1)*100 -> 0.041698991 | M13: =((K13-I13)/I13)*100 -> -4.8416585 | N13: Animal and vegetable fats, oils, waxex and their products | O13: 동물성 및 식물성 지방, 오일, 왁스 및 관련 제품 | P13: 3
A14: 4 | B14: منتجات صناعة الأغذية، مشروبات وتبغ | C14: 0.0025820416 | D14: 110.75285 | E14: 109.98068 | F14: 100.44279 | G14: =((F14/E14)-1)*100 -> -8.672332 | H14: =((F14-D14)/D14)*100 -> -9.3090649 | I14: 96.854663 | J14: 100.41701 | K14: 109.95245 | L14: =((K14/J14)-1)*100 -> 9.4958431 | M14: =((K14-I14)/I14)*100 -> 13.523138 | N14: Prepared foodstuffs, beverages and tobacco | O14: 조리 식품, 음료 및 담배 | P14: 4
A15: 6 | B15: منتجات الصناعات الكيماوية | C15: 0.087238945 | D15: 96.888669 | E15: 119.70448 | F15: 119.51319 | G15: =((F15/E15)-1)*100 -> -0.15980698 | H15: =((F15-D15)/D15)*100 -> 23.351045 | I15: 105.40107 | J15: 96.723418 | K15: 99.232767 | L15: =((K15/J15)-1)*100 -> 2.5943551 | M15: =((K15-I15)/I15)*100 -> -5.8522247 | N15: Products of the chemical industries | O15: 화학 공업 제품 | P15: 6
A16: 7 | B16: لدائن ومطاط ومصنوعاتها | C16: 0.0014745241 | D16: 104.54038 | E16: 100.09879 | F16: 104.41936 | G16: =((F16/E16)-1)*100 -> 4.3163089 | H16: =((F16-D16)/D16)*100 -> -0.11576152 | I16: 99.814728 | J16: 103.44184 | K16: 97.573077 | L16: =((K16/J16)-1)*100 -> -5.6734907 | M16: =((K16-I16)/I16)*100 -> -2.2458126 | N16: Plastics, rubber and their articles | O16: 플라스틱, 고무 및 관련 제품 | P16: 7
A17: 9 | B17: خشب وفلين ومواد ضفر ومصنوعاتها | C17: 0.10349331 | D17: 105.3913 | E17: 104.73888 | F17: 104.78949 | G17: =((F17/E17)-1)*100 -> 0.048312351 | H17: =((F17-D17)/D17)*100 -> -0.57103168 | I17: 110.11899 | J17: 97.695187 | K17: 98.300671 | L17: =((K17/J17)-1)*100 -> 0.61976869 | M17: =((K17-I17)/I17)*100 -> -10.73232 | N17: Wood, cork, plaiting materials and their articles | O17: 목재, 코르크, 조물재 및 관련 제품 | P17: 9
A18: 10 | B18: ورق وورق مقوى ومصنوعاتهما | C18: 0.019128278 | D18: 105.99401 | E18: 98.601399 | F18: 98.601399 | G18: =((F18/E18)-1)*100 -> 0 | H18: =((F18-D18)/D18)*100 -> -6.9745523 | I18: 95.639224 | J18: 104.36589 | K18: 104.36589 | L18: =((K18/J18)-1)*100 -> 0 | M18: =((K18-I18)/I18)*100 -> 9.124573 | N18: Paper, paperboard and their articles | O18: 종이, 판지 및 관련 제품 | P18: 10
A19: 11 | B19: مواد نسجية ومصنوعاتها | C19: 0.087238945 | D19: 97.357657 | E19: 105.58065 | F19: 99.025838 | G19: =((F19/E19)-1)*100 -> -6.2083419 | H19: =((F19-D19)/D19)*100 -> 1.7134558 | I19: 106.59333 | J19: 99.321474 | K19: 105.89585 | L19: =((K19/J19)-1)*100 -> 6.61929 | M19: =((K19-I19)/I19)*100 -> -0.65433975 | N19: Textiles and their articles | O19: 직물 및 관련 제품 | P19: 11
A20: 12 | B20: أحذية، أغطية رأس، مظلات وعصي | C20: 0.019128278 | D20: 103.35481 | E20: 97.645321 | F20: 97.616953 | G20: =((F20/E20)-1)*100 -> -0.02905167 | H20: =((F20-D20)/D20)*100 -> -5.5516074 | I20: 110.34512 | J20: 106.39965 | K20: 104.86779 | L20: =((K20/J20)-1)*100 -> -1.439721 | M20: =((K20-I20)/I20)*100 -> -4.9638167 | N20: Footwear, headgear, umbrellas, sticks | O20: 신발, 모자, 우산 및 지팡이 | P20: 12
A21: 13 | B21: مصنوعات من حجر، جص، إسمنت، خزف، زجاج | C21: 0.0034804852 | D21: 100.41601 | E21: 108.0331 | F21: 109.66107 | G21: =((F21/E21)-1)*100 -> 1.5069126 | H21: =((F21-D21)/D21)*100 -> 9.2067584 | I21: 106.73927 | J21: 109.74335 | K21: 108.9707 | L21: =((K21/J21)-1)*100 -> -0.70404966 | M21: =((K21-I21)/I21)*100 -> 2.0905461 | N21: Articles of stone, plaster, cement, ceramic, glass | O21: 석재, 석고, 시멘트, 세라믹 및 유리 제품 | P21: 13
A22: 14 | B22: اللؤلؤ والأحجار الكريمة وما شابهها، المجوهرات المقلدة | C22: 0.083568923 | D22: 101.56682 | E22: 96.418422 | F22: 96.354759 | G22: =((F22/E22)-1)*100 -> -0.06602776 | H22: =((F22-D22)/D22)*100 -> -5.1316525 | I22: 105.44119 | J22: 110.8376 | K22: 114.12237 | L22: =((K22/J22)-1)*100 -> 2.9635902 | M22: =((K22-I22)/I22)*100 -> 8.2331998 | N22: Pearls, Precious and Semi-Precious, False Jewelry | O22: 진주, 귀금속 및 준보석, 모조 장신구 | P22: 14
... A27: 20 | B27: أصناف مصنوعات متنوعة | C27: 0.0034804852 | D27: 106.4422 | E27: 104.33567 | F27: 102.55027 | G27: =((F27/E27)-1)*100 -> -1.7112157 | H27: =((F27-D27)/D27)*100 -> -3.6563821 | I27: 93.250368 | J27: 94.459062 | K27: 96.103602 | L27: =((K27/J27)-1)*100 -> 1.7410081 | M27: =((K27-I27)/I27)*100 -> 3.0597565 | N27: Miscellaneous manufactured articles | O27: 기타 제조품 | P27: 20
A28: * | B28: الأصناف الأخرى | C28: 0.15143909 | D28: 120.14744 | E28: 103.06341 | F28: 102.78049 | G28: =((F28/E28)-1)*100 -> -0.27451053 | H28: =((F28-D28)/D28)*100 -> -14.454693 | I28: 83.971454 | J28: 92.62334 | K28: 92.925924 | L28: =((K28/J28)-1)*100 -> 0.32668279 | M28: =((K28-I28)/I28)*100 -> 10.663707 | N28: Other Classifcations | O28: 기타 분류 | P28: *
B29: الرقم القياسي العام للواردات غير المعدنية | C29: 0.98954939 | D29: 110.01059 | E29: 104.42386 | F29: 104.16943 | G29: -0.24364352 | H29: -5.3096301 | I29: 95.597588 | J29: 98.021689 | K29: 98.616227 | L29: 0.60653701 | M29: 3.1576518 | N29: Import Price Index for Non-Minral Products | O29: 비광물 제품 수입 가격 지수
A30: المنتجات المعدنية Mineral Prodcuats 광물 제품
A31: 5 | B31: الرقم القياسي العام للواردات المعدنية | C31: 0.010450612 | D31: 105.15347 | E31: 105.64468 | F31: 105.16943 | G31: =((F31/E31)-1)*100 -> -0.44985933 | H31: =((F31-D31)/D31)*100 -> 0.015176018 | I31: 92.768649 | J31: 93.253448 | K31: 93.384239 | L31: =((K31/J31)-1)*100 -> 0.14025242 | M31: =((K31-I31)/I31)*100 -> 0.66357445 | N31: Import Price Index for Minral Products | O31: 광물 제품 수입 가격 지수 | P31: 5
B32: الرقم القياسي العام للواردات | C32: 1 | D32: 109.95983 | E32: 104.43661 | F32: 104.17988 | G32: -0.24582353 | H32: -5.256415 | I32: 95.568023 | J32: 97.971858 | K32: 98.561549 | L32: 0.60189874 | M32: 3.1323506 | N32: Import Price Index | O32: 수입물가지수
A33: (*) بيانات أولية | P33: (*) Preliminary data
P34: (*) 잠정치

Sheet 13
B2: الأرقام القياسية للتبادل التجاري ومعدلات التغير حسب أهم الأقسام الرئيسة | M2: 총 교역조건 비율
B3: Terms of trade indices by top main sections | D3: 2023=100 | M3: 순거래 교환 비율
B4: 주요 부문별 교역조건 지수
A5: رقم القسم | B5: وصف القسم | C5: معدل التبادل التجاري الصافي Net trade exchange ratio | H5: معدل التبادل التجاري الاجمالي Gross terms of trade ratio | N5: 부분 설명
C6: 순거래 교환 비율 | H6: 총 교역조건 비율
C7: أكتوبر Oct | D7: سبتمبر Sep | E7: أكتوبر Oct | F7: التغير على أساس: Change based on: | H7: أكتوبر Oct | I7: سبتمبر Sep | J7: أكتوبر Oct | K7: التغير على أساس: Change based on: | M7: Section description | O7: Sec. no
C8: 2024 | D8: 2025* | E8: 2025* | F8: شهري Monthly | G8: سنوي Yearly | H8: 2024 | I8: 2025* | J8: 2025* | K8: شهري Monthly | L8: سنوي Yearly
F9: 전월대비 백분율 변화 | G9: 전년동월대비 백분율 변화 | K9: 전월대비 백분율 변화 | L9: 전년동월대비 백분율 변화
A10: المنتجات غير المعدنية Non Mineral Prodcuats 비광물 제품
A11: 1 | B11: الحيوانات ومنتجاتها | C11: ='11'!D11/'12'!D11*100 -> 95.537011 | D11: ='11'!E11/'12'!E11*100 -> 94.074278 | E11: ='11'!F11/'12'!F11*100 -> 92.935203 | F11: =((E11/D11)-1)*100 -> -1.2108249 | G11: =((E11-C11)/C11)*100 -> -2.7233512 | H11: ='11'!I11/'12'!I11*100 -> 106.14227 | I11: ='11'!J11/'12'!J11*100 -> 106.26604 | J11: ='11'!K11/'12'!K11*100 -> 107.56851 | K11: =((J11/I11)-1)*100 -> 1.2256656 | L11: =((J11-H11)/H11)*100 -> 1.3437081 | M11: Animals and their products | N11: 동물 및 관련 제품 | O11: 1
A12: 2 | B12: منتجات نباتية | C12: ='11'!D12/'12'!D12*100 -> 103.7923 | D12: ='11'!E12/'12'!E12*100 -> 105.50926 | E12: ='11'!F12/'12'!F12*100 -> 104.84456 | F12: =((E12/D12)-1)*100 -> -0.62999905 | G12: =((E12-C12)/C12)*100 -> 1.0138095 | H12: ='11'!I12/'12'!I12*100 -> 101.69009 | I12: ='11'!J12/'12'!J12*100 -> 103.58628 | J12: ='11'!K12/'12'!K12*100 -> 105.14531 | K12: =((J12/I12)-1)*100 -> 1.5050614 | L12: =((J12-H12)/H12)*100 -> 3.3977985 | M12: Plant Products | N12: 식물성 제품 | O12: 2
A13: 3 | B13: دهون وزيوت وشموع حيوانية أو نباتية ومنتجاتها | C13: ='11'!D13/'12'!D13*100 -> 98.815055 | D13: ='11'!E13/'12'!E13*100 -> 94.47867 | E13: ='11'!F13/'12'!F13*100 -> 100.35484 | F13: =((E13/D13)-1)*100 -> 6.2195728 | G13: =((E13-C13)/C13)*100 -> 1.5582492 | H13: ='11'!I13/'12'!I13*100 -> 106.93403 | I13: ='11'!J13/'12'!J13*100 -> 108.49447 | J13: ='11'!K13/'12'!K13*100 -> 108.95114 | K13: =((J13/I13)-1)*100 -> 0.42091473 | L13: =((J13-H13)/H13)*100 -> 1.8863062 | M13: Animal and vegetable fats, oils, waxex and their products | N13: 동물성 및 식물성 지방, 오일, 왁스 및 관련 제품 | O13: 3
A14: 4 | B14: منتجات صناعة الأغذية، مشروبات وتبغ | C14: ='11'!D14/'12'!D14*100 -> 96.830656 | D14: ='11'!E14/'12'!E14*100 -> 96.872311 | E14: ='11'!F14/'12'!F14*100 -> 106.17278 | F14: =((E14/D14)-1)*100 -> 9.6007481 | G14: =((E14-C14)/C14)*100 -> 9.6478965 | H14: ='11'!I14/'12'!I14*100 -> 104.93069 | I14: ='11'!J14/'12'!J14*100 -> 98.395359 | J14: ='11'!K14/'12'!K14*100 -> 89.602861 | K14: =((J14/I14)-1)*100 -> -8.9358863 | L14: =((J14-H14)/H14)*100 -> -14.607572 | M14: Prepared foodstuffs, beverages and tobacco | N14: 조리 식품, 음료 및 담배 | O14: 4
A15: 6 | B15: منتجات الصناعات الكيماوية | C15: ='11'!D15/'12'!D15*100 -> 106.71347 | D15: ='11'!E15/'12'!E15*100 -> 81.776084 | E15: ='11'!F15/'12'!F15*100 -> 84.170425 | F15: =((E15/D15)-1)*100 -> 2.9279231 | G15: =((E15-C15)/C15)*100 -> -21.124833 | H15: ='11'!I15/'12'!I15*100 -> 91.323326 | I15: ='11'!J15/'12'!J15*100 -> 109.94049 | J15: ='11'!K15/'12'!K15*100 -> 102.77118 | K15: =((J15/I15)-1)*100 -> -6.5210871 | L15: =((J15-H15)/H15)*100 -> 12.535519 | M15: Products of the chemical industries | N15: 화학 공업 제품 | O15: 6
A16: 7 | B16: لدائن ومطاط ومصنوعاتها | C16: ='11'!D16/'12'!D16*100 -> 102.16549 | D16: ='11'!E16/'12'!E16*100 -> 104.24471 | E16: ='11'!F16/'12'!F16*100 -> 101.23764 | F16: =((E16/D16)-1)*100 -> -2.8846316 | G16: =((E16-C16)/C16)*100 -> -0.90818701 | H16: ='11'!I16/'12'!I16*100 -> 99.886878 | I16: ='11'!J16/'12'!J16*100 -> 99.588004 | J16: ='11'!K16/'12'!K16*100 -> 103.29115 | K16: =((J16/I16)-1)*100 -> 3.7184665 | L16: =((J16-H16)/H16)*100 -> 3.4081276 | M16: Plastics, rubber and their articles | N16: 플라스틱, 고무 및 관련 제품 | O16: 7
A17: 9 | B17: خشب وفلين ومواد ضفر ومصنوعاتها | C17: ='11'!D17/'12'!D17*100 -> 97.223168 | D17: ='11'!E17/'12'!E17*100 -> 95.062348 | E17: ='11'!F17/'12'!F17*100 -> 95.016444 | F17: =((E17/D17)-1)*100 -> -0.048289022 | G17: =((E17-C17)/C17)*100 -> -2.2697516 | H17: ='11'!I17/'12'!I17*100 -> 103.04924 | I17: ='11'!J17/'12'!J17*100 -> 101.96276 | J17: ='11'!K17/'12'!K17*100 -> 101.33472 | K17: =((J17/I17)-1)*100 -> -0.61595121 | L17: =((J17-H17)/H17)*100 -> -1.663786 | M17: Wood, cork, plaiting materials and their articles | N17: 목재, 코르크, 조물재 및 관련 제품 | O17: 9
A18: 10 | B18: ورق وورق مقوى ومصنوعاتهما | C18: ='11'!D18/'12'!D18*100 -> 99.990899 | D18: ='11'!E18/'12'!E18*100 -> 107.07387 | E18: ='11'!F18/'12'!F18*100 -> 107.07387 | F18: =((E18/D18)-1)*100 -> 0 | G18: =((E18-C18)/C18)*100 -> 7.0836173 | H18: ='11'!I18/'12'!I18*100 -> 107.17603 | I18: ='11'!J18/'12'!J18*100 -> 96.392408 | J18: ='11'!K18/'12'!K18*100 -> 96.392408 | K18: =((J18/I18)-1)*100 -> 0 | L18: =((J18-H18)/H18)*100 -> -10.061601 | M18: Paper, paperboard and their articles | N18: 종이, 판지 및 관련 제품 | O18: 10
A19: 11 | B19: مواد نسجية ومصنوعاتها | C19: ='11'!D19/'12'!D19*100 -> 112.05356 | D19: ='11'!E19/'12'!E19*100 -> 102.94125 | E19: ='11'!F19/'12'!F19*100 -> 109.24188 | F19: =((E19/D19)-1)*100 -> 6.120603 | G19: =((E19-C19)/C19)*100 -> -2.509231 | H19: ='11'!I19/'12'!I19*100 -> 96.338625 | I19: ='11'!J19/'12'!J19*100 -> 100.00972 | J19: ='11'!K19/'12'!K19*100 -> 94.775011 | K19: =((J19/I19)-1)*100 -> -5.2342006 | L19: =((J19-H19)/H19)*100 -> -1.6230395 | M19: Textiles and their articles | N19: 직물 및 관련 제품 | O19: 11
A20: 12 | B20: أحذية، أغطية رأس، مظلات وعصي | C20: ='11'!D20/'12'!D20*100 -> 100.07105 | D20: ='11'!E20/'12'!E20*100 -> 108.17192 | E20: ='11'!F20/'12'!F20*100 -> 120.51594 | F20: =((E20/D20)-1)*100 -> 11.411483 | G20: =((E20-C20)/C20)*100 -> 20.430383 | H20: ='11'!I20/'12'!I20*100 -> 91.836302 | I20: ='11'!J20/'12'!J20*100 -> 100.44119 | J20: ='11'!K20/'12'!K20*100 -> 88.049767 | K20: =((J20/I20)-1)*100 -> -12.336998 | L20: =((J20-H20)/H20)*100 -> -4.1231353 | M20: Footwear, headgear, umbrellas, sticks | N20: 신발, 모자, 우산 및 지팡이 | O20: 12
A21: 13 | B21: مصنوعات من حجر، جص، إسمنت، خزف، زجاج | C21: ='11'!D21/'12'!D21*100 -> 101.15258 | D21: ='11'!E21/'12'!E21*100 -> 94.777652 | E21: ='11'!F21/'12'!F21*100 -> 94.297136 | F21: =((E21/D21)-1)*100 -> -0.50699366 | G21: =((E21-C21)/C21)*100 -> -6.7773262 | H21: ='11'!I21/'12'!I21*100 -> 91.005435 | I21: ='11'!J21/'12'!J21*100 -> 91.162208 | J21: ='11'!K21/'12'!K21*100 -> 90.906539 | K21: =((J21/I21)-1)*100 -> -0.28045443 | L21: =((J21-H21)/H21)*100 -> -0.10867057 | M21: Articles of stone, plaster, cement, ceramic, glass | N21: 석재, 석고, 시멘트, 세라믹 및 유리 제품 | O21: 13
A22: 14 | B22: اللؤلؤ والأحجار الكريمة وما شابهها، المجوهرات المقلدة | C22: ='11'!D22/'12'!D22*100 -> 106.44656 | D22: ='11'!E22/'12'!E22*100 -> 112.13725 | E22: ='11'!F22/'12'!F22*100 -> 121.36506 | F22: 96.354759 | G22: =((F22/E22)-1)*100 -> -20.607499 | H22: ='11'!I22/'12'!I22*100 -> 92.384605 | I22: ='11'!J22/'12'!J22*100 -> 85.468498 | J22: ='11'!K22/'12'!K22*100 -> 79.658581 | K22: =((J22/I22)-1)*100 -> -6.7977287 | L22: =((J22-H22)/H22)*100 -> -13.775048 | M22: Pearls, Precious and Semi-Precious, False Jewelry | N22: 진주, 귀금속 및 준보석, 모조 장신구 | O22: 14
A23: 15 | B23: معادن عادية ومصنوعاتها | C23: ='11'!D23/'12'!D23*100 -> 104.42083 | D23: ='11'!E23/'12'!E23*100 -> 107.49912 | E23: ='11'!F23/'12'!F23*100 -> 107.6726 | F23: =((E23/D23)-1)*100 -> 0.16137472 | G23: =((E23-C23)/C23)*100 -> 3.1140959 | H23: ='11'!I23/'12'!I23*100 -> 96.246891 | I23: ='11'!J23/'12'!J23*100 -> 91.827377 | J23: ='11'!K23/'12'!K23*100 -> 92.962657 | K23: =((J23/I23)-1)*100 -> 1.2363191 | L23: =((J23-H23)/H23)*100 -> -3.4123021 | M23: Base metals and their articles | N23: 비금속 및 관련 제품 | O23: 15
A24: 16 | B24: آلات وأجهزة آلية ومعدات كهربائية وأجزاؤها | C24: ='11'!D24/'12'!D24*100 -> 99.08076 | D24: ='11'!E24/'12'!E24*100 -> 94.619159 | E24: ='11'!F24/'12'!F24*100 -> 92.020177 | F24: =((E24/D24)-1)*100 -> -2.7467815 | G24: =((E24-C24)/C24)*100 -> -7.1260891 | H24: ='11'!I24/'12'!I24*100 -> 88.537822 | I24: ='11'!J24/'12'!J24*100 -> 95.757001 | J24: ='11'!K24/'12'!K24*100 -> 100.10577 | K24: =((J24/I24)-1)*100 -> 4.5414667 | L24: =((J24-H24)/H24)*100 -> 13.065548 | M24: Machinery and mechanical appliances, electrical equipment, parts thereof | N24: 기계 및 기계 기구, 전기 장비 및 관련 제품 | O24: 16
A25: 17 | B25: عربات، طائرات، بواخر، ومعدات نقل مماثلة | C25: ='11'!D25/'12'!D25*100 -> 96.505697 | D25: ='11'!E25/'12'!E25*100 -> 101.74345 | E25: ='11'!F25/'12'!F25*100 -> 96.869852 | F25: =((E25/D25)-1)*100 -> -4.7900819 | G25: =((E25-C25)/C25)*100 -> 0.37734021 | H25: ='11'!I25/'12'!I25*100 -> 106.07683 | I25: ='11'!J25/'12'!J25*100 -> 97.557087 | J25: ='11'!K25/'12'!K25*100 -> 96.980268 | K25: =((J25/I25)-1)*100 -> -0.59126264 | L25: =((J25-H25)/H25)*100 -> -8.5754425 | M25: Vehicles, alrcraft, vessels and associated transport equipment | N25: 차량, 선박 및 관련 운송 장비 | O25: 17
A26: 18 | B26: أدوات وأجهزة للبصريات أو للتصوير أو للقياس أو للفحص أو للطب، الساعات والأدوات الموسيقية | C26: ='11'!D26/'12'!D26*100 -> 62.392785 | D26: ='11'!E26/'12'!E26*100 -> 105.03738 | E26: ='11'!F26/'12'!F26*100 -> 104.38258 | F26: =((E26/D26)-1)*100 -> -0.62339427 | G26: =((E26-C26)/C26)*100 -> 67.299118 | H26: ='11'!I26/'12'!I26*100 -> 161.66336 | I26: ='11'!J26/'12'!J26*100 -> 105.24303 | J26: ='11'!K26/'12'!K26*100 -> 106.44386 | K26: =((J26/I26)-1)*100 -> 1.1410106 | L26: =((J26-H26)/H26)*100 -> -34.157088 | M26: Optical, photographic, measuring, checking, medical instruments and apparatus; clocks and musical Instruments | N26: 광학, 사진, 계측, 검사, 의료기기 및 장치; 시계 및 악기 | O26: 18
A27: 20 | B27: أصناف مصنوعات متنوعة | C27: ='11'!D27/'12'!D27*100 -> 98.984339 | D27: ='11'!E27/'12'!E27*100 -> 98.63247 | E27: ='11'!F27/'12'!F27*100 -> 100.80622 | F27: =((E27/D27)-1)*100 -> 2.2038916 | G27: =((E27-C27)/C27)*100 -> 1.8405784 | H27: ='11'!I27/'12'!I27*100 -> 103.55062 | I27: ='11'!J27/'12'!J27*100 -> 109.48369 | J27: ='11'!K27/'12'!K27*100 -> 98.563124 | K27: =((J27/I27)-1)*100 -> -9.9746081 | L27: =((J27-H27)/H27)*100 -> -4.8164791 | M27: Miscellaneous manufactured articles | N27: 기타 제조품 | O27: 20
A28: * | B28: الأصناف الأخرى | C28: ='11'!D28/'12'!D28*100 -> 81.819939 | D28: ='11'!E28/'12'!E28*100 -> 84.076922 | E28: ='11'!F28/'12'!F28*100 -> 87.026929 | F28: =((E28/D28)-1)*100 -> 3.5087004 | G28: =((E28-C28)/C28)*100 -> 6.3639622 | H28: ='11'!I28/'12'!I28*100 -> 128.42672 | I28: ='11'!J28/'12'!J28*100 -> 78.849914 | J28: ='11'!K28/'12'!K28*100 -> 78.462238 | K28: =((J28/I28)-1)*100 -> -0.49166379 | L28: =((J28-H28)/H28)*100 -> -38.905053 | M28: Other Classifcations | N28: 기타 분류 | O28: *
B29: الرقم القياسي للتبادل التجاري للمنتجات غير المعدنية | C29: ='11'!D29/'12'!D29*100 -> 94.637108 | D29: ='11'!E29/'12'!E29*100 -> 97.8313 | E29: ='11'!F29/'12'!F29*100 -> 99.139933 | F29: =((E29/D29)-1)*100 -> 1.3376425 | G29: =((E29-C29)/C29)*100 -> 4.7579908 | H29: ='11'!I29/'12'!I29*100 -> 104.64282 | I29: ='11'!J29/'12'!J29*100 -> 102.57046 | J29: ='11'!K29/'12'!K29*100 -> 100.72048 | K29: =((J29/I29)-1)*100 -> -1.803615 | L29: =((J29-H29)/H29)*100 -> -3.7483093 | M29: Terms of Trade Index for Non-Mineral Products | N29: 비광물 제품 교역조건 지수
A30: المنتجات المعدنية Mineral Prodcuats 광물 제품
A31: 5 | B31: الرقم القياسي للتبادل التجاري للمنتجات المعدنية | C31: ='11'!D31/'12'!D31*100 -> 98.84906 | D31: ='11'!E31/'12'!E31*100 -> 98.726272 | E31: ='11'!F31/'12'!F31*100 -> 99.775943 | F31: =((E31/D31)-1)*100 -> 1.0632139 | G31: =((E31-C31)/C31)*100 -> 0.93767569 | H31: ='11'!I31/'12'!I31*100 -> 112.29664 | I31: ='11'!J31/'12'!J31*100 -> 111.42402 | J31: ='11'!K31/'12'!K31*100 -> 112.36778 | K31: =((J31/I31)-1)*100 -> 0.84699749 | L31: =((J31-H31)/H31)*100 -> 0.063347906 | M31: Terms of Trade Index for Mineral Products | N31: 광물 제품 교역조건 지수 | O31: 5
B32: الرقم القياسي للتبادل التجاري | C32: ='11'!D32/'12'!D32*100 -> 94.565578 | D32: ='11'!E32/'12'!E32*100 -> 99.367979 | E32: ='11'!F32/'12'!F32*100 -> 100.33452 | F32: =((E32/D32)-1)*100 -> 0.97268655 | G32: =((E32-C32)/C32)*100 -> 6.1004654 | H32: ='11'!I32/'12'!I32*100 -> 107.94945 | I32: ='11'!J32/'12'!J32*100 -> 105.21896 | J32: ='11'!K32/'12'!K32*100 -> 105.07614 | K32: =((J32/I32)-1)*100 -> -0.13573725 | L32: =((J32-H32)/H32)*100 -> -2.6617235 | M32: Terms of Trade Index | N32: 교역조건지수
A33: (*) بيانات أولية | O33: (*) Preliminary data
O34: (*) 잠정치

Sheet 14.1
B2: السلاسل الزمنية للأرقام القياسية لأسعار الصادرات حسب الأقسام الرئيسة
B3: Time Series of Export Price Indices by Main Sections | I3: 2023=100
B4: 주요 부문별 수출 평균 가격 지수 시계열
A5: السنة Year | B5: الشهر | C5: Month | D5: الرقم القياسي لأسعار الصادرات حسب الأقسام الرئيسة | E5: المنتجات غير المعدنية Non Minral Prodcuats | F5: 1 | G5: 2 | H5: 3 | I5: 4 | J5: 6 | K5: 7 | L5: 9 | M5: 10 | N5: 11 | O5: 12 | P5: 13 | Q5: 14 | R5: 15 | S5: 16 | T5: 17 | U5: 18 | V5: 20 | W5: * | Z5: 5
F6: حيوانات حية ومنتجات حيوانية | G6: منتجات نباتية | H6: دهون وشحوم وزيوت وشموع نباتية وحيوانية والدهون المحضرة للأكل | I6: مواد غذائية محضرة والمشروبات والخل والتبغ وأبدال تبغ مصنعة | J6: منتجات الصناعات الكيماوية وما يتصل بها | K6: لدائن ومطاط ومصنوعاتهما | L6: الخشب ومصنوعاته، الفحم الخشبي، الفلين | M6: ورق ومصنوعاته ومواد مستعملة في صناعته | N6: الأنسجة ومصنوعاتها | O6: الأحذية وأغطية الرأس، مظلات، عصي، سياط، زهور صناعية، مصنوعات من الشعر البشري | P6: مصنوعات من حجر وجبس أو اسمنت والميكا وخزف وفخار الزجاج ومصنوعاته | Q6: اللؤلؤ والأحجار الكريمة وما شابهها، المجوهرات المقلدة | R6: المعادن العادية ومصنوعاتها | S6: الآلات والأجهزة والمعدات الكهربائية وأجزاؤها | T6: معدات النقل وأجزاؤها | U6: الأدوات البصرية والسينمائية والمعدات الطبية والمنبهات والساعات، الآلات الموسيقية، وأجزاؤها | V6: سلع ومنتجات مختلفة | W6: الأصناف الأخرى | X6: الرقم القياسي لأسعار الصادرات غير المعدنية | Z6: Mineral products.
F7: Live Animals; Animal Products | G7: Plant Products | H7: Animal and Vegetable fats; oils; waxex and Their Products; | I7: Prepared Foodstuffs; Beverages and Vinegar; Tobacco | J7: Products of The Chemical and Allied Industries | K7: Plastics and Articles Thereof; Rubber and Articles Thereof | L7: Wood and Articles of Wood Charcoal; Cork and Articles of Cork. | M7: Paper-making Material; paper and Articles Thereof | N7: Textiles and Textile Articles | O7: Footwear, Headgear, Umbrellas, Whips, Artificial Flowers, Articles of Human Hair | P7: Articles of Stone, of Plaster, Cement, Asbestos, Mica, Ceramic Products, Glassware | Q7: Pearls, Precious and Semi-Precious, False Jewelry | R7: Base Metals and Articles of Base Metals | S7: Machinery and Mechanical Appliances; Electrical Equipment; Parts Thereof | T7: Transport Equipment and Parts Thereof | U7: Optical, Photographic, Cinematographic, Clocks and Wstches parts Thereof | V7: Miscellaneous Manufactured Articles | W7: Other Classifcation | X7: Export Price Index for Non-Mineral Products | Z7: المنتجات المعدنية
F8: 살아있는 동물; 동물성 제품 | G8: 식물성 제품 | H8: 동물성 및 식물성 지방, 오일, 왁스 및 그 제품 | I8: 가공식품; 음료 및 식초; 담배 | J8: 화학 및 관련 산업 제품 | K8: 플라스틱 및 그 제품; 고무 및 그 제품 | L8: 목재 및 목탄 제품; 코르크 및 코르크 제품. | M8: 제지 재료; 종이 및 그 제품 | N8: 직물 및 직물 제품 | O8: 신발, 모자, 우산, 채찍, 인조 꽃, 인모 제품 | P8: 석재, 석고, 시멘트, 석면, 운모, 도자기 제품, 유리 제품 | Q8: 진주, 귀금속 및 준보석, 모조 장신구 | R8: 비철금속 및 비철금속 제품 | S8: 기계 및 기계 장치; 전기 장비; 그 부품 | T8: 운송 장비 및 그 부품 | U8: 광학, 사진, 영화 촬영 장비, 시계 및 시계 부품 | V8: 기타 제조품 | W8: 기타 분류 | X8: 비광물 제품 수출 가격 지수 | Z8: 광물 제품.
A9: 2023 | B9: يناير | C9: January | D9: 103.24597 | F9: 101.45687 | G9: 103.35856 | H9: 99.837027 | I9: 100.61568 | J9: 101.17353 | K9: 100.31609 | L9: 101.16511 | M9: 97.415845 | N9: 103.00103 | O9: 102.91768 | P9: 99.37658 | Q9: 101.27468 | R9: 94.384286 | S9: 108.12061 | T9: 99.281281 | U9: 96.239411 | V9: 99.317047 | W9: 102.69393 | X9: 100.67344 | Z9: 104.07707
A10: 2023 | B10: فبراير | C10: February | D10: 100.57355 | F10: 101.16222 | G10: 103.35856 | H10: 99.34811 | I10: 101.10175 | J10: 101.17353 | K10: 100.31609 | L10: 101.16511 | M10: 97.211833 | N10: 102.43091 | O10: 103.92668 | P10: 102.40944 | Q10: 100.57486 | R10: 102.03979 | S10: 99.261763 | T10: 102.02548 | U10: 96.239411 | V10: 95.983602 | W10: 102.69393 | X10: 101.31258 | Z10: 100.3348
A11: 2023 | B11: مارس | C11: March | D11: 100.19218 | F11: 101.16222 | G11: 103.35856 | H11: 99.054759 | I11: 101.10175 | J11: 101.17353 | K11: 100.21627 | L11: 97.370173 | M11: 97.211833 | N11: 102.43091 | O11: 102.21138 | P11: 98.770008 | Q11: 101.27468 | R11: 102.03979 | S11: 99.261763 | T11: 102.02548 | U11: 96.239411 | V11: 95.983602 | W11: 102.69393 | X11: 101.04582 | Z11: 99.916406
A12: 2023 | B12: أبريل | C12: April | D12: 99.494933 | F12: 101.064 | G12: 99.379304 | H12: 99.054759 | I12: 100.22683 | J12: 101.17353 | K12: 99.916819 | L12: 97.370173 | M12: 97.517851 | N12: 102.33589 | O12: 102.21138 | P12: 102.40944 | Q12: 94.476381 | R12: 102.03979 | S12: 99.261763 | T12: 102.02548 | U12: 102.03468 | V12: 95.983602 | W12: 102.69393 | X12: 100.72304 | Z12: 99.098176
A13: 2023 | B13: مايو | C13: May | D13: 100.19791 | F13: 99.492552 | G13: 103.35856 | H13: 99.34811 | I13: 101.10175 | J13: 97.478152 | K13: 100.01674 | L13: 97.370173 | M13: 97.517851 | N13: 96.254652 | O13: 96.661902 | P13: 99.983151 | Q13: 94.476381 | R13: 99.11861 | S13: 99.261763 | T13: 99.281281 | U13: 102.03468 | V13: 99.317047 | W13: 100.67342 | X13: 99.673796 | Z13: 100.36724
A14: 2023 | B14: يونيو | C14: June | D14: 100.08636 | F14: 99.492552 | G14: 97.134597 | H14: 98.859192 | I14: 100.22683 | J14: 100.97378 | K14: 99.817002 | L14: 100.96538 | M14: 103.12819 | N14: 100.05543 | O14: 96.661902 | P14: 99.983151 | Q14: 101.07473 | R14: 99.924452 | S14: 99.261763 | T14: 99.085266 | U14: 101.74966 | V14: 103.92504 | W14: 94.375528 | X14: 99.853608 | Z14: 100.16155
A15: 2023 | B15: يوليو | C15: July | D15: 99.043485 | F15: 99.492552 | G15: 97.134597 | H15: 101.7927 | I15: 100.22683 | J15: 100.57428 | K15: 99.916819 | L15: 100.76565 | M15: 99.863992 | N15: 100.05543 | O15: 96.661902 | P15: 99.983151 | Q15: 100.87478 | R15: 99.924452 | S15: 99.261763 | T15: 102.02548 | U15: 102.03468 | V15: 103.92504 | W15: 94.282133 | X15: 99.77618 | Z15: 98.806778
A16: 2023 | B16: أغسطس | C16: August | D16: 99.129959 | F16: 99.099689 | G16: 96.31834 | H16: 98.663625 | I16: 98.08814 | J16: 100.57428 | K16: 99.916819 | L16: 100.76565 | M16: 99.863992 | N16: 100.05543 | O16: 96.661902 | P16: 102.00505 | Q16: 100.87478 | R16: 99.924452 | S16: 99.261763 | T16: 98.889252 | U16: 102.03468 | V16: 103.92504 | W16: 101.24439 | X16: 99.457002 | Z16: 99.024304
A17: 2023 | B17: سبتمبر | C17: September | D17: 99.38441 | F17: 99.492552 | G17: 97.134597 | H17: 98.663625 | I17: 103.04601 | J17: 100.57428 | K17: 100.01664 | L17: 100.76565 | M17: 102.92418 | N17: 100.05543 | O17: 96.661902 | P17: 98.770008 | Q17: 100.87478 | R17: 99.924452 | S17: 99.261763 | T17: 98.889252 | U17: 102.03468 | V17: 105.91367 | W17: 100.27589 | X17: 100.5669 | Z17: 99.002389
A18: 2023 | B18: أكتوبر | C18: October | D18: 100.02981 | F18: 99.492552 | G18: 97.134597 | H18: 101.7927 | I18: 98.08814 | J18: 100.77403 | K18: 99.916819 | L18: 100.76565 | M18: 102.92418 | N18: 95.874574 | O18: 101.80779 | P18: 98.770008 | Q18: 101.67458 | R18: 99.924452 | S18: 99.261763 | T18: 98.889252 | U18: 101.74966 | V18: 100.81782 | W18: 100.27589 | X18: 99.39852 | Z18: 100.23376
A19: 2023 | B19: نوفمبر | C19: November | D19: 99.348867 | F19: 99.099689 | G19: 102.95043 | H19: 101.7927 | I19: 98.08814 | J19: 97.478152 | K19: 99.817002 | L19: 100.76565 | M19: 102.92418 | N19: 101.57574 | O19: 101.80779 | P19: 98.770008 | Q19: 101.67458 | R19: 99.11861 | S19: 99.261763 | T19: 98.889252 | U19: 101.74966 | V19: 98.924877 | W19: 101.24439 | X19: 98.92441 | Z19: 99.485993
A20: 2023 | B20: ديسمبر | C20: December | D20: 99.252102 | F20: 99.492552 | G20: 99.379304 | H20: 101.7927 | I20: 98.08814 | J20: 96.878901 | K20: 100.01664 | L20: 100.76565 | M20: 101.49609 | N20: 95.874574 | O20: 101.80779 | P20: 98.770008 | Q20: 100.87478 | R20: 101.63687 | S20: 99.261763 | T20: 98.693238 | U20: 95.859394 | V20: 95.983602 | W20: 93.484509 | X20: 98.510933 | Z20: 99.491547
... A32: 2024 | B32: ديسمبر | C32: December | D32: 103.98078 | F32: 98.706826 | G32: 103.76669 | H32: 98.237801 | I32: 107.24271 | J32: 99.278901 | K32: 106.69739 | L32: 100.36549 | M32: 105.98436 | N32: 109.49941 | O32: 103.42824 | P32: 101.57338 | Q32: 107.41894 | R32: 106.05691 | S32: 103.53322 | T32: 105.44446 | U32: 92.771752 | V32: 103.0532 | W32: 100.39907 | X32: 103.15194 | Z32: 104.24854
A33: 2025* | B33: يناير | C33: January | D33: 103.95173 | F33: 98.804968 | G33: 103.63081 | H33: 101.7927 | I33: 107.24271 | J33: 99.065169 | K33: 106.32357 | L33: 102.46468 | M33: 105.88235 | N33: 105.85619 | O33: 107.43673 | P33: 101.57338 | Q33: 113.0129 | R33: 102.01803 | S33: 102.60897 | T33: 105.65414 | U33: 89.385988 | V33: 100.82886 | W33: 99.25851 | X33: 102.78712 | Z33: 104.32798
A34: 2025* | B34: فبراير | C34: February | D34: 102.47156 | F34: 98.85415 | G34: 103.83501 | H34: 101.7927 | I34: 107.24271 | J34: 98.744569 | K34: 105.46914 | L34: 100.46537 | M34: 105.88235 | N34: 104.63536 | O34: 107.64972 | P34: 101.57338 | Q34: 101.86215 | R34: 101.84387 | S34: 102.2886 | T34: 105.52299 | U34: 96.251271 | V34: 101.78292 | W34: 93.320316 | X34: 102.3413 | Z34: 102.51364
A35: 2025* | B35: مارس | C35: March | D35: 102.57526 | F35: 98.903331 | G35: 102.66087 | H35: 101.7927 | I35: 106.72262 | J35: 98.42397 | K35: 104.98852 | L35: 100.51535 | M35: 105.57633 | N35: 107.12789 | O35: 108.15378 | P35: 101.57338 | Q35: 117.7148 | R35: 108.7581 | S35: 102.59776 | T35: 106.15251 | U35: 96.468671 | V35: 101.83313 | W35: 93.320316 | X35: 102.71856 | Z35: 102.52897
A36: 2025* | B36: أبريل | C36: April | D36: 102.46359 | F36: 98.60861 | G36: 105.31504 | H36: 101.84264 | I36: 105.46638 | J36: 98.527829 | K36: 105.14833 | L36: 102.41423 | M36: 105.57633 | N36: 107.16225 | O36: 109.06125 | P36: 100.99668 | Q36: 108.63261 | R36: 110.83809 | S36: 112.34768 | T36: 106.99207 | U36: 101.88767 | V36: 100.93746 | W36: 99.35123 | X36: 103.0612 | Z36: 102.27053
A37: 2025* | B37: مايو | C37: May | D37: 102.03257 | F37: 98.805042 | G37: 102.81407 | H37: 98.565281 | I37: 104.21734 | J37: 103.07444 | K37: 106.37782 | L37: 100.6657 | M37: 105.57633 | N37: 104.77069 | O37: 108.82658 | P37: 100.979 | Q37: 108.78666 | R37: 103.76671 | S37: 104.76694 | T37: 106.30959 | U37: 101.93737 | V37: 101.84115 | W37: 103.02019 | X37: 103.14094 | Z37: 101.6745
A38: 2025* | B38: يونيو | C38: June | D38: 102.39231 | F38: 99.099689 | G38: 101.71035 | H38: 98.712029 | I38: 103.77497 | J38: 102.53955 | K38: 105.09487 | L38: 99.416742 | M38: 105.57633 | N38: 105.58484 | O38: 108.96915 | P38: 101.93317 | Q38: 108.33829 | R38: 103.51205 | S38: 104.88467 | T38: 105.70586 | U38: 100.37653 | V38: 102.71974 | W38: 97.04422 | X38: 102.61084 | Z38: 102.32171
A39: 2025* | B39: يوليو | C39: July | D39: 102.01096 | F39: 99.328946 | G39: 99.599765 | H39: 102.02472 | I39: 102.87059 | J39: 97.710877 | K39: 104.88154 | L39: 99.301638 | M39: 105.37232 | N39: 108.41492 | O39: 123.27581 | P39: 100.37392 | Q39: 121.65533 | R39: 99.866289 | S39: 105.98145 | T39: 106.24846 | U39: 94.54983 | V39: 102.86898 | W39: 89.446707 | X39: 100.66711 | Z39: 102.44511
A40: 2025* | B40: أغسطس | C40: August | D40: 102.20311 | F40: 99.132449 | G40: 99.599765 | H40: 100.55463 | I40: 102.87059 | J40: 97.710877 | K40: 105.46747 | L40: 102.29566 | M40: 105.37232 | N40: 108.41492 | O40: 109.28788 | P40: 101.94569 | Q40: 122.36467 | R40: 101.36361 | S40: 107.579 | T40: 106.8514 | U40: 100.86097 | V40: 102.86898 | W40: 93.024938 | X40: 101.0729 | Z40: 102.56824
A41: 2025* | B41: سبتمبر | C41: September | D41: 103.77655 | F41: 98.706826 | G41: 106.21138 | H41: 98.174707 | I41: 106.54083 | J41: 97.889638 | K41: 104.3477 | L41: 99.567244 | M41: 105.57633 | N41: 108.68604 | O41: 105.62482 | P41: 102.39124 | Q41: 108.12097 | R41: 103.64895 | S41: 107.01325 | T41: 106.23097 | U41: 105.22445 | V41: 102.90885 | W41: 86.652545 | X41: 102.15922 | Z41: 104.29906
A42: 2025* | B42: أكتوبر | C42: October | D42: 104.52839 | F42: 98.412179 | G42: 106.37208 | H42: 104.23729 | I42: 106.6429 | J42: 100.59476 | K42: 105.7117 | L42: 99.567244 | M42: 105.57633 | N42: 108.17769 | O42: 117.64399 | P42: 103.40725 | Q42: 116.94101 | R42: 103.74767 | S42: 107.0394 | T42: 101.13852 | U42: 105.46433 | V42: 103.37705 | W42: 89.446707 | X42: 103.27351 | Z42: 104.93379
A43: (*) بيانات أولية | Z43: (*) Preliminary data
Z44: (*) 잠정치

Sheet 14.2
B2: السلاسل الزمنية للأرقام القياسية لكميات الصادرات حسب الأقسام الرئيسة
B3: Time Series of Export Quantity Indices by Main Sections | I3: 2023=100
B4: 주요 부문별 수출 평균 수량 지수 시계열
A5: السنة Year | B5: الشهر | C5: Month | D5: الرقم القياسي لكميات الصادرات حسب الأقسام الرئيسية | E5: المنتجات غير المعدنية Non Minral Prodcuats | F5: 1 | G5: 2 | H5: 3 | I5: 4 | J5: 6 | K5: 7 | L5: 9 | M5: 10 | N5: 11 | O5: 12 | P5: 13 | Q5: 14 | R5: 15 | S5: 16 | T5: 17 | U5: 18 | V5: 20 | W5: * | Z5: 5
F6: حيوانات حية ومنتجات حيوانية | G6: منتجات نباتية | H6: دهون وشحوم وزيوت وشموع نباتية وحيوانية والدهون المحضرة للأكل | I6: مواد غذائية محضرة والمشروبات والخل والتبغ وأبدال تبغ مصنعة | J6: منتجات الصناعات الكيماوية وما يتصل بها | K6: لدائن ومطاط ومصنوعاتهما | L6: الخشب ومصنوعاته، الفحم الخشبي، الفلين | M6: ورق ومصنوعاته ومواد مستعملة في صناعته | N6: الأنسجة ومصنوعاتها | O6: الأحذية وأغطية الرأس، مظلات، عصي، سياط، زهور صناعية، مصنوعات من الشعر البشري | P6: مصنوعات من حجر وجبس أو اسمنت والميكا وخزف وفخار الزجاج ومصنوعاته | Q6: اللؤلؤ والأحجار الكريمة وما شابهها، المجوهرات المقلدة | R6: المعادن العادية ومصنوعاتها | S6: الآلات والأجهزة والمعدات الكهربائية وأجزاؤها | T6: معدات النقل وأجزاؤها | U6: الأدوات البصرية والسينمائية والمعدات الطبية والمنبهات والساعات، الآلات الموسيقية، وأجزاؤها | V6: سلع ومنتجات مختلفة | W6: الأصناف الأخرى | X6: الرقم القياسي لكميات الصادرات غير المعدنية | Z6: Mineral products.
F7: Live Animals; Animal Products | G7: Plant Products | H7: Animal and Vegetable fats; oils; waxex and Their Products; | I7: Prepared Foodstuffs; Beverages and Vinegar; Tobacco | J7: Products of The Chemical and Allied Industries | K7: Plastics and Articles Thereof; Rubber and Articles Thereof | L7: Wood and Articles of Wood Charcoal; Cork and Articles of Cork. | M7: Paper-making Material; paper and Articles Thereof | N7: Textiles and Textile Articles | O7: Footwear, Headgear, Umbrellas, Whips, Artificial Flowers, Articles of Human Hair | P7: Articles of Stone, of Plaster, Cement, Asbestos, Mica, Ceramic Products, Glassware | Q7: Pearls, Precious and Semi-Precious, False Jewelry | R7: Base Metals and Articles of Base Metals | S7: Machinery and Mechanical Appliances; Electrical Equipment; Parts Thereof | T7: Transport Equipment and Parts Thereof | U7: Optical, Photographic, Cinematographic, Clocks and Wstches parts Thereof | V7: Miscellaneous Manufactured Articles | W7: Other Classifcation | X7: Quantity Index of Non-Mineral Exports | Z7: المنتجات المعدنية
F8: 살아있는 동물; 동물성 제품 | G8: 식물성 제품 | H8: 동물성 및 식물성 지방, 오일, 왁스 및 그 제품 | I8: 가공식품; 음료 및 식초; 담배 | J8: 화학 및 관련 산업 제품 | K8: 플라스틱 및 그 제품; 고무 및 그 제품 | L8: 목재 및 목탄 제품; 코르크 및 코르크 제품. | M8: 제지 재료; 종이 및 그 제품 | N8: 직물 및 직물 제품 | O8: 신발, 모자, 우산, 채찍, 인조 꽃, 인모 제품 | P8: 석재, 석고, 시멘트, 석면, 운모, 도자기 제품, 유리 제품 | Q8: 진주, 귀금속 및 준보석, 모조 장신구 | R8: 비철금속 및 비철금속 제품 | S8: 기계 및 기계 장치; 전기 장비; 그 부품 | T8: 운송 장비 및 그 부품 | U8: 광학, 사진, 영화 촬영 장비, 시계 및 시계 부품 | V8: 기타 제조품 | W8: 기타 분류 | X8: 비광물 수출량 지수
A9: 2023 | B9: يناير | C9: January | D9: 97.015176 | F9: 101.30075 | G9: 103.23089 | H9: 103.2571 | I9: 102.96648 | J9: 101.96472 | K9: 99.609173 | L9: 101.16727 | M9: 100.6121 | N9: 94.571788 | O9: 101.70222 | P9: 101.91751 | Q9: 100.36051 | R9: 106.96667 | S9: 94.384286 | T9: 107.01411 | U9: 98.934649 | V9: 96.250846 | W9: 97.68128 | X9: 102.02303 | Z9: 95.397321
A10: 2023 | B10: فبراير | C10: February | D10: 99.389514 | F10: 97.867938 | G10: 103.53782 | H10: 99.840628 | I10: 99.036609 | J10: 101.37018 | K10: 99.805447 | L10: 99.987475 | M10: 100.6121 | N10: 100.94654 | O10: 101.52095 | P10: 100.00121 | Q10: 101.51373 | R10: 95.968487 | S10: 102.45291 | T10: 99.017996 | U10: 100.9258 | V10: 96.618216 | W10: 98.197027 | X10: 99.8012 | Z10: 99.256513
A11: 2023 | B11: مارس | C11: March | D11: 100.19742 | F11: 97.867938 | G11: 102.92578 | H11: 102.44803 | I11: 103.4639 | J11: 101.37018 | K11: 100.10062 | L11: 99.987475 | M11: 100.65273 | N11: 94.373732 | O11: 101.52095 | P11: 101.21808 | Q11: 100.54432 | R11: 106.96667 | S11: 102.45291 | T11: 99.017996 | U11: 100.46663 | V11: 95.977147 | W11: 98.373482 | X11: 101.82334 | Z11: 99.672143
A12: 2023 | B12: أبريل | C12: April | D12: 100.21056 | F12: 98.51503 | G12: 99.551667 | H12: 102.44803 | I12: 102.56854 | J12: 101.37018 | K12: 100.39735 | L12: 99.987475 | M12: 100.65273 | N12: 99.000274 | O12: 102.19808 | P12: 101.21808 | Q12: 101.51373 | R12: 103.09245 | S12: 103.18397 | T12: 99.017996 | U12: 100.46663 | V12: 101.75662 | W12: 98.197027 | X12: 101.21696 | Z12: 99.885435
A13: 2023 | B13: مايو | C13: May | D13: 101.11164 | F13: 100.01987 | G13: 103.53782 | H13: 103.45521 | I13: 99.036609 | J13: 97.667614 | K13: 100.39735 | L13: 98.627718 | M13: 100.65273 | N13: 99.000274 | O13: 96.125032 | P13: 97.138539 | Q13: 100.08127 | R13: 103.09245 | S13: 99.5199 | T13: 98.63045 | U13: 97.764358 | V13: 101.75662 | W13: 99.049286 | X13: 99.49998 | Z13: 101.63231
A14: 2023 | B14: يونيو | C14: June | D14: 101.28565 | F14: 99.339462 | G14: 97.303067 | H14: 97.147641 | I14: 98.179562 | J14: 101.17004 | K14: 100.29705 | L14: 99.111842 | M14: 101.79847 | N14: 104.6959 | O14: 100.7829 | P14: 97.138539 | Q14: 100.08127 | R14: 108.22797 | S14: 99.623173 | T14: 99.31066 | U14: 98.017277 | V14: 105.4713 | W14: 106.12289 | X14: 100.18898 | Z14: 101.63995
A15: 2023 | B15: يوليو | C15: July | D15: 99.938149 | F15: 100.70966 | G15: 96.727876 | H15: 99.845972 | I15: 98.179562 | J15: 100.18559 | K15: 100.39735 | L15: 98.915776 | M15: 101.59709 | N15: 101.38208 | O15: 100.7829 | P15: 97.138539 | Q15: 100.08127 | R15: 96.254675 | S15: 99.623173 | T15: 99.017996 | U15: 100.46663 | V15: 105.76673 | W15: 106.22801 | X15: 99.189493 | Z15: 100.18001
A16: 2023 | B16: أغسطس | C16: August | D16: 99.891768 | F16: 100.31199 | G16: 95.915037 | H16: 96.77674 | I16: 101.76443 | J16: 100.18559 | K16: 99.701816 | L16: 98.915776 | M16: 101.59709 | N16: 101.38208 | O16: 100.7829 | P16: 97.138539 | Q16: 101.50747 | R16: 96.170241 | S16: 99.623173 | T16: 99.017996 | U16: 105.43721 | V16: 105.76673 | W16: 98.92305 | X16: 99.680721 | Z16: 99.959949
A17: 2023 | B17: سبتمبر | C17: September | D17: 100.24948 | F17: 99.339462 | G17: 97.303067 | H17: 95.892934 | I17: 107.49059 | J17: 100.18559 | K17: 99.90122 | L17: 99.454693 | M17: 102.15061 | N17: 101.84939 | O17: 100.7829 | P17: 97.138539 | Q17: 98.288204 | R17: 96.254675 | S17: 99.623173 | T17: 99.017996 | U17: 106.01166 | V17: 106.34298 | W17: 98.595505 | X17: 101.07717 | Z17: 99.982076
A18: 2023 | B18: أكتوبر | C18: October | D18: 100.78872 | F18: 101.81305 | G18: 97.303067 | H18: 99.845972 | I18: 96.084557 | J18: 100.38457 | K18: 99.801518 | L18: 99.999514 | M18: 94.088543 | N18: 102.40733 | O18: 96.571649 | P18: 103.32882 | Q18: 98.288204 | R18: 96.93274 | S18: 99.623173 | T18: 99.017996 | U18: 97.378319 | V18: 97.144614 | W18: 98.385554 | X18: 99.002426 | Z18: 101.3658
A19: 2023 | B19: نوفمبر | C19: November | D19: 100.10502 | F19: 101.41103 | G19: 103.12899 | H19: 99.845972 | I19: 96.084557 | J19: 97.101425 | K19: 99.701816 | L19: 99.999514 | M19: 93.917161 | N19: 102.40733 | O19: 101.43895 | P19: 103.32882 | Q19: 98.866937 | R19: 96.93274 | S19: 99.5199 | T19: 100.39873 | U19: 97.378319 | V19: 97.144614 | W19: 98.326552 | X19: 98.543632 | Z19: 100.60944
A20: 2023 | B20: ديسمبر | C20: December | D20: 100.0979 | F20: 101.81305 | G20: 99.551667 | H20: 99.845972 | I20: 96.084557 | J20: 97.067199 | K20: 99.90122 | L20: 104.1223 | M20: 102.7102 | N20: 98.437247 | O20: 95.745466 | P20: 103.32882 | Q20: 98.866937 | R20: 96.170241 | S20: 100.42208 | T20: 101.5109 | U20: 97.629474 | V20: 91.52093 | W20: 103.53804 | X20: 98.53188 | Z20: 100.60383
... A32: 2024 | B32: ديسمبر | C32: December | D32: 102.48849 | F32: 101.009 | G32: 104.46432 | H32: 96.35906 | I32: 99.287892 | J32: 92.425434 | K32: 99.602114 | L32: 108.17549 | M32: 94.839825 | N32: 102.69055 | O32: 101.42678 | P32: 97.138539 | Q32: 97.411427 | R32: 101.16724 | S32: 98.81976 | T32: 102.0559 | U32: 102.79282 | V32: 94.183895 | W32: 102.92757 | X32: 98.209246 | Z32: 103.87096
A33: 2025* | B33: يناير | C33: January | D33: 102.89798 | F33: 101.51387 | G33: 104.53577 | H33: 100.03036 | I33: 99.287892 | J33: 93.628624 | K33: 99.548554 | L33: 106.97787 | M33: 96.823447 | N33: 102.59172 | O33: 98.052153 | P33: 101.40328 | Q33: 97.509525 | R33: 120.05766 | S33: 94.628516 | T33: 95.660732 | U33: 99.589576 | V33: 90.746594 | W33: 104.19605 | X33: 100.28031 | Z33: 103.74365
A34: 2025* | B34: فبراير | C34: February | D34: 104.2152 | F34: 101.97229 | G34: 104.5331 | H34: 100.03036 | I34: 99.287892 | J34: 95.527578 | K34: 99.043338 | L34: 99.89446 | M34: 102.40413 | N34: 102.59172 | O34: 97.19641 | P34: 102.21211 | Q34: 97.509525 | R34: 100.54326 | S34: 95.614921 | T34: 96.117403 | U34: 102.86937 | V34: 97.716378 | W34: 114.14302 | X34: 99.687516 | Z34: 105.67794
A35: 2025* | B35: مارس | C35: March | D35: 104.25632 | F35: 101.61493 | G35: 103.35107 | H35: 100.03036 | I35: 98.806379 | J35: 95.988415 | K35: 98.592001 | L35: 105.7954 | M35: 102.45508 | N35: 103.09517 | O35: 99.794976 | P35: 102.69071 | Q35: 97.509525 | R35: 116.19066 | S35: 103.84134 | T35: 97.080741 | U35: 102.44625 | V35: 97.10086 | W35: 78.820613 | X35: 99.894174 | Z35: 105.66557
A36: 2025* | B36: أبريل | C36: April | D36: 104.27006 | F36: 101.71901 | G36: 103.9442 | H36: 101.01214 | I36: 98.104779 | J36: 96.089705 | K36: 98.448199 | L36: 100.47582 | M36: 96.775775 | N36: 103.09517 | O36: 99.826982 | P36: 102.07666 | Q36: 96.421839 | R36: 106.19314 | S36: 104.05904 | T36: 106.20049 | U36: 98.91482 | V36: 95.459439 | W36: 74.519583 | X36: 98.808351 | Z36: 106.03455
A37: 2025* | B37: مايو | C37: May | D37: 104.59107 | F37: 101.51395 | G37: 100.57617 | H37: 96.858819 | I37: 97.403234 | J37: 100.52381 | K37: 99.3038 | L37: 111.4191 | M37: 102.55725 | N37: 102.29521 | O37: 97.599124 | P37: 100.5233 | Q37: 97.085581 | R37: 98.566902 | S37: 95.819135 | T37: 99.03454 | U37: 98.283862 | V37: 89.915203 | W37: 70.55279 | X37: 98.505663 | Z37: 106.55705
A38: 2025* | B38: يونيو | C38: June | D38: 103.98369 | F38: 101.41103 | G38: 97.73984 | H38: 97.907061 | I38: 96.989787 | J38: 100.00215 | K38: 98.106166 | L38: 109.99576 | M38: 101.23444 | N38: 102.29521 | O38: 98.078383 | P38: 101.9654 | Q38: 99.254277 | R38: 97.952422 | S38: 95.560177 | T38: 98.459363 | U38: 97.502894 | V38: 88.460574 | W38: 73.060298 | X38: 98.115156 | Z38: 105.8796
A39: 2025* | B39: يوليو | C39: July | D39: 103.97342 | F39: 101.54449 | G39: 95.809108 | H39: 100.25837 | I39: 96.144547 | J39: 95.292968 | K39: 97.907014 | L39: 105.33176 | M39: 100.61665 | N39: 102.89595 | O39: 100.42224 | P39: 116.84503 | Q39: 97.736004 | R39: 109.99282 | S39: 94.355481 | T39: 98.804838 | U39: 98.003395 | V39: 83.325577 | W39: 76.034868 | X39: 98.674163 | Z39: 105.68541
A40: 2025* | B40: أغسطس | C40: August | D40: 103.70711 | F40: 101.44455 | G40: 95.809108 | H40: 99.734634 | I40: 96.144547 | J40: 95.292968 | K40: 98.308123 | L40: 105.33176 | M40: 102.33316 | N40: 102.89595 | O40: 100.42224 | P40: 100.85158 | Q40: 99.520605 | R40: 110.63416 | S40: 98.094453 | T40: 100.29421 | U40: 98.784773 | V40: 88.965751 | W40: 74.076683 | X40: 97.672418 | Z40: 105.65671
A41: 2025* | B41: سبتمبر | C41: September | D41: 103.08497 | F41: 100.18436 | G41: 97.876961 | H41: 97.624068 | I41: 98.805678 | J41: 106.3382 | K41: 103.01566 | L41: 99.61271 | M41: 100.6008 | N41: 99.331129 | O41: 106.86908 | P41: 100.04446 | Q41: 94.731233 | R41: 100.37127 | S41: 100.23377 | T41: 100.84414 | U41: 107.74165 | V41: 103.41727 | W41: 73.033424 | X41: 100.54129 | Z41: 103.90674
